Workbook

Sheet Info
B2: Auswertungsrechner | M2: Version 7.11
B4: VIA Vermietete Immobilie als Altersvorsorge GmbH Rathausplatz 22 22926 Ahrensburg Telefon: 04102 6648537 E-Mail: office@vermietete-immobilie-als-altersvorsorge.de Internet: via.immo © Copyright 2025 - Alle Rechte vorbehalten

Sheet Eingabe Käuferdaten
B2: Käuferdaten eingeben | C2: Die grauen Felder bitte ausfüllen
C4: Person 1 | D4: Person 2 | F4: Menü
B5: Vorname & Nachname | F5: Einkommens & Vermögensbilanz
F6: Rentenlücke
B7: Einnahmen monatlich | F7: Maximale Finanzierungshöhe
B8: Aktuelle Einnahmen netto | C8: 0 | F8: Beispielberechnung
B9: Aktuelle Mieteinnahmen kalt | C9: 0 | F9: Bilanz
F10: Bilanz Diagramm
B11: Ausgaben monatlich | F11: Vergleich mit Sparplan
B12: Miete oder Eigenheimfinanzierung (mindestens 350 €, auch bei Mietfreiheit) | C12: 0 | F12: Eingabe Immodaten
B13: Kreditraten (Konsumkredite, Autokredite, Leasing, Ratenfinanzierung etc.) | C13: 0 | F13: Ergebnistabelle
B14: Unterhaltszahlung an Kinder oder geschiedenen Ehepartner | C14: 0
B15: Private Krankenversicherung (Eigenanteil) | C15: 0 | F15: Erweiterte Berechnungen
B16: Bestehende Immobilienfinanzierungen | C16: 0 | F16: Kurzberechnung Jahr 1
F17: Steuerbetrachtung
B18: Vermögen gesamt
B19: Bank, Depot, Rückkaufswert, Aktien, Gold, Immobilien etc. | C19: 0 | F19: Admin | I19: =C25+D25 -> 0 | J19: =I19-I19-I19 -> 0
F20: Steuertabelle
B21: Restschulden gesamt | F21: Inflationstabelle
B22: Konsumkredite, Autokredite, Immobilienfinanzierung etc. | C22: 0 | F22: Einstellungen (Pauschalen & Zins)
B24: Maximale Investition monatlich
B25: Für dieses Vorhaben (Mindestens 300 €) | C25: 0
B27: Maximal einzusetzendes Eigenkapital
B28: Für dieses Vorhaben | C28: 0
B30: Rentensituation
B31: Gewünschte Rentenhöhe laut Kunde zu Rentenbeginn mtl. | C31: 0
B32: Zu erwartende gesetzliche Rente zu Rentenbeginn mtl. | C32: 0
B33: Zu erwartende Betriebsrente zu Rentenbeginn mtl. | C33: 0
B34: Zu erwartende Riester Rente zu Rentenbeginn mtl. | C34: 0
B35: Zu erwartende sonstige Vorsorgen zu Rentenbeginn mtl. | C35: 0
B36: Jahre bis Rentenbeginn | C36: 0
B38: Inflation
B39: Unterstellte Inflation jährlich in Prozent | C39: 4 | D39: 4
B41: Zinssatz
B42: Unterstellter Finanzierungszinssatz in % | C42: 4
B44: Steuersatz
B45: Unterstellter Steuersatz auf Renteneinkünfte in % | C45: 0.2 | D45: 0.2
B47: Personenanzahl
B48: Im Haushalt lebende Erwachsene Personen | C48: 1
B49: Im Haushalt lebende Kinder | C49: 0
B50: Im Haushalt befindliche Autos | C50: 0
B52: Alter
B53: Dein Alter liegt zwischen X-Y Jahre | C53: 31-35
B56: zurück | D56: weiter

Sheet Eingabe Immodaten
B2: Immobiliendaten | E2: Die grauen Felder ausfüllen!
B4: Objekt | G4: Darlehen 2
B5: Kaufpreis | C5: 250122 | G5: Finanzierungssumme 2 | H5: 0
B6: davon Grundstücksanteil | C6: =C5*D6 -> 50024.4 | D6: 0.2 | G6: Zinsbindung 2 (Jahre) | H6: 10
B7: davon Sanierungskosten nach § 7h oder § 7i EStG | C7: 0 | G7: Zinssatz 2 (Prozent) | H7: 2.53
B8: Kaufnebenkosten | C8: =C5*D8 -> 18759.15 | D8: 0.075 | G8: Tilgungssatz 2 (Prozent) | H8: 3
B9: Renovierungskosten (sofort absetzbar) | C9: 0 | G9: Kreditrate pro Jahr 2 | H9: =H5*(H7+H8)/100 -> 0
B10: Gesamtkosten | C10: =C5+C8+C9 -> 268881.15 | G10: Geschätzter Anschlusszinssatz 2 (Prozent) | H10: 2.53
B11: Mieteinnahmen pro Jahr | C11: =D11*12 -> 11400 | D11: 950 | E11: mtl. | G11: Anschlussrate pro Jahr 2 | H11: =H5*(H8+H10)/100 -> 0
B12: Instandhaltungskosten pro Jahr | C12: =D12*12 -> 612.12 | D12: 51.01 | E12: mtl.
B13: Verwaltungskosten pro Jahr | C13: =D13*12 -> 720 | D13: 60 | E13: mtl. | G13: Steuern
B14: Jahresreinertrag | C14: =C11-C12-C13 -> 10067.88 | G14: Bemessung für Abschreibung (anteilige Gebäudekosten) | H14: =C5+C8-(C6+C7)*(1+C8/C5) -> 215104.92 | J14: Hilfsrechnung wegen doppelter Abfrage:
B15: Geschätzte Mietsteigerung pro Jahr (Prozent) | C15: 3 | G15: Abschreibung in % (Baujahr bis 1924 = 2,5%, nach 1924 = 2,0%) | H15: 3.5 | J15: Eingabe | K15: nachsehen in Spalte ledig oder verheiratet
B16: Geschätzte Kostensteigerung pro Jahr (Prozent) | C16: 1 | G16: Bemessung für Sonderabschreibung (Sanierung) | H16: =C7*C10/C5 -> 0 | J16: ledig | K16: 2
B17: Ankaufsfaktor (Kaufpreis/Miete-Verhältnis) | C17: =(C5+C9)/C11 -> 21.940526 | G17: Familienstand | H17: ledig | J17: verheiratet | K17: 3
B18: Anfängliche Brutto-Mietrendite (Prozent) | C18: =1/C17*100 -> 4.5577758 | G18: Zu versteuerndes Einkommen | H18: 60000 | J18: Nachsehen in Spalte | K18: =VLOOKUP(H17,J16:K17,2,FALSE) -> 2
B19: Anfängliche Netto-Mietrendite (Prozent) | C19: =C14/C10*100 -> 3.7443607 | G19: Grenzsteuersatz | H19: =K19 -> 0.39 | J19: Ergebnis Grenzsteuersatz | K19: =VLOOKUP(H18,Steuertabelle!A:C,K18,FALSE) -> 0.39
B21: Finanzierung | G21: Gewinnberechnung
B22: Eigenkapital | C22: 18759 | G22: Geschätzter Verkaufsfaktor (Kaufpreis/Miete-Verhältnis) | H22: 22.22
B23: Darlehen gesamt | C23: =(C10-C22)/(1-C29/100) -> 250122.15 | G23: Möglicher Verkaufspreis | H23: =SUM(Ergebnistabelle!AP7:AP56) -> 1078134.4 | J23: Annuität | K23: =SUM(Ergebnistabelle!AU7:AU56) -> 1.0436e-07
B24: =IF(C24>0,"Achtung! Finanzierungslücke!","Grün = Keine Finanzierungslücke - Rot = Überfinanzierung") -> Achtung! Finanzierungslücke! | C24: =C23-C27-H5 -> 0.15 | G24: Möglicher Gewinn nach Ablösung Darlehen | H24: =H23-SUM(Ergebnistabelle!AS7:AS56) -> 1078134.4 | J24: Jahresreinertrag | K24: =SUM(Ergebnistabelle!AT7:AT56) -> 46351.746
G25: =IF(H25>0,"Überschuss aus mtl. Zahlungen inkl. Eigenkapital","Summe aller Zahlungen inkl. Eigenkapital") -> Überschuss aus mtl. Zahlungen inkl. Eigenkapital | H25: =SUM(Ergebnistabelle!AQ7:AQ56) -> 441405.96 | J25: Gebundenes Kapital | K25: =C10-C27+K23 -> 18759.15
B26: Darlehen 1 | G26: Möglicher steuerfreier Gewinn | H26: =SUM(Ergebnistabelle!AR7:AR56) -> 1551884.4 | J26: Eigenkapitalrendite | K26: =K24/K25 -> 2.4708873
B27: Finanzierungssumme 1 | C27: 250122 | G27: Eigenkapitalrendite | H27: =K26 -> 2.4708873
B28: Zinsbindung 1 (Jahre) | C28: 10 | G28: Anlagehorizont (Maximal 50 Jahre) | H28: 50
B29: Disagio (Prozent) | C29: 0
B30: Zinssatz 1 (Prozent) | C30: 4.3
B31: Tilgungssatz 1 (Prozent) | C31: 2
B32: Kreditrate pro Jahr 1 | C32: =C27*(C30+C31)/100 -> 15757.686
B33: Geschätzter Anschlusszinssatz 1 (Prozent) | C33: 4.36
B34: Anschlussrate pro Jahr 1 | C34: =C27*(C31+C33)/100 -> 15907.759
F36: Menü

Sheet Einkommens & Vermögensbilanz
B2: Einkommens- & Vermögensbilanz
C4: Einnahmen | E4: Ausgaben | F4: Summe
C5: ='Eingabe Käuferdaten'!C8+'Eingabe Käuferdaten'!D8+'Eingabe Käuferdaten'!C9+'Eingabe Käuferdaten'!D9 -> 0 | E5: ='Eingabe Käuferdaten'!C12+'Eingabe Käuferdaten'!D12+'Eingabe Käuferdaten'!C13+'Eingabe Käuferdaten'!D13+'Eingabe Käuferdaten'!C14+'Eingabe Käuferdaten'!D14+'Eingabe Käuferdaten'!C16+'Eingabe Käuferdaten'!D16+'Eingabe Käuferdaten'!C15+'Eingabe Käuferdaten'!D15 -> 0
B7: =IF(F7<0,"Monatliche Unterdeckung","Monatlicher Überschuss") -> Monatlicher Überschuss | F7: =C5-E5 -> 0
B9: Maximale monatliche Zuzahlung | E9: ='Eingabe Käuferdaten'!C25+'Eingabe Käuferdaten'!D25 -> 0
B11: =IF(F11<0,"Negatives Ergebnis nach Investment","Positives Ergebnis nach Investment") -> Positives Ergebnis nach Investment | F11: =F7-E9 -> 0
C13: Vermögen | E13: Verbindlichkeiten
C14: ='Eingabe Käuferdaten'!C19+'Eingabe Käuferdaten'!D19 -> 0 | E14: ='Eingabe Käuferdaten'!C22+'Eingabe Käuferdaten'!D22 -> 0
B16: =IF(F16<0,"Negatives Vermögen","Positives Vermögen") -> Positives Vermögen | F16: =C14-E14 -> 0
B18: Maximal einzusetzendes Eigenkapital | E18: ='Eingabe Käuferdaten'!C28+'Eingabe Käuferdaten'!D28 -> 0
B20: =IF(F20<0,"Negatives Ergebnis nach Eigenkapitaleinsatz","Positives Ergebnis nach Eigenkapitaleinsatz") -> Positives Ergebnis nach Eigenkapitaleinsatz | F20: =F16-E18 -> 0
J26: Vermögen/Verbindlichkeiten
K28: Person 1
K29: Vermögen | L29: Überschuss / Verbindlichkeiten
J30: Vermögen | K30: =C14 -> 0
J31: Verbindlichkeiten | L31: =E14 -> 0
J32: Überschuss | L32: =F16 -> 0
J35: Einnahmen / Ausgaben
K37: Einnahmen | L37: Überschuss / Ausgaben
J38: Einnahmen | K38: =C5 -> 0
J39: Ausgaben | L39: =E5 -> 0
J40: Überschuss | L40: =F7 -> 0
B41: zurück | C41: Menü | F41: weiter

Sheet Rentenlücke
K1: Inflationssatz | L1: Zinsspalte
B2: ="Rentenlückenrechner für"&" "&'Eingabe Käuferdaten'!C5 -> Rentenlückenrechner für | E2: ="Rentenlückenrechner für"&" "&'Eingabe Käuferdaten'!D5 -> Rentenlückenrechner für | K2: 1 | L2: 2
C3: monatlich | F3: monatlich | K3: 1.5 | L3: 3
B4: Aktuelles Nettoeinkommen | C4: ='Eingabe Käuferdaten'!C8 -> 0 | E4: Aktuelles Nettoeinkommen | F4: ='Eingabe Käuferdaten'!D8 -> 0 | K4: 2 | L4: 4
B5: Gewünschte Rentenhöhe zu Rentenbeginn mtl. | C5: ='Eingabe Käuferdaten'!C31 -> 0 | E5: Gewünschte Rentenhöhe zu Rentenbeginn mtl. | F5: ='Eingabe Käuferdaten'!D31 -> 0 | K5: 2.5 | L5: 5
K6: 3 | L6: 6
B7: Zu erwartende gesetzliche Rente | C7: ='Eingabe Käuferdaten'!C32 -> 0 | E7: Zu erwartende gesetzliche Rente | F7: ='Eingabe Käuferdaten'!D32 -> 0 | K7: 3.5 | L7: 7
B8: Zu erwartende Betriebsrente zu Rentenbeginn mtl. | C8: ='Eingabe Käuferdaten'!C33 -> 0 | E8: Zu erwartende Betriebsrente zu Rentenbeginn mtl. | F8: ='Eingabe Käuferdaten'!D33 -> 0 | K8: 4 | L8: 8
B9: Zu erwartende Riester Rente zu Rentenbeginn mtl. | C9: ='Eingabe Käuferdaten'!C34 -> 0 | E9: Zu erwartende Riester Rente zu Rentenbeginn mtl. | F9: ='Eingabe Käuferdaten'!D34 -> 0 | K9: 5 | L9: 9
B10: Zu erwartende sonstige Vorsorgen zu Rentenbeginn mtl. | C10: ='Eingabe Käuferdaten'!C35 -> 0 | E10: Zu erwartende sonstige Vorsorgen zu Rentenbeginn mtl. | F10: ='Eingabe Käuferdaten'!D35 -> 0 | K10: 6 | L10: 10
B11: Zwischensumme Rente | C11: =SUM(C7:C10) -> 0 | E11: Zwischensumme Rente | F11: =SUM(F7:F10) -> 0 | K11: 7 | L11: 11
K12: 8 | L12: 12
B13: Jahre bis Rentenbeginn | C13: ='Eingabe Käuferdaten'!C36 -> 0 | E13: Jahre bis Rentenbeginn | F13: ='Eingabe Käuferdaten'!D36 -> 0 | K13: 9 | L13: 13
B14: Unterstellte Inflation jährlich in Prozent | C14: ='Eingabe Käuferdaten'!C39 -> 4 | E14: Unterstellte Inflation jährlich in Prozent | F14: ='Eingabe Käuferdaten'!D39 -> 4 | H14: Zinsspalte | I14: =VLOOKUP(C14,K2:L14,2,FALSE) -> 8 | K14: 10 | L14: 14
B15: Faktor Inflation laut Inflationstabelle | C15: =VLOOKUP(C13,Inflationstabelle!B9:O58,I14,FALSE) -> #N/A | E15: Faktor Inflation laut Inflationstabelle | F15: =VLOOKUP(F13,Inflationstabelle!B9:O58,I15,FALSE) -> #N/A | H15: Zinsspalte | I15: =VLOOKUP(F14,K2:L14,2,FALSE) -> 8
B16: Inflationsbereinigte Rente gesetzlich | C16: =C7*C15 -> #N/A | E16: Inflationsbereinigte Rente gesetzlich | F16: =F7*F15 -> #N/A
B17: Inflationsbereinigte Rente privat | C17: =(C8+C9+C10)*C15 -> #N/A | E17: Inflationsbereinigte Rente privat | F17: =(F8+F9+F10)*F15 -> #N/A
B19: Beitrag Kranken- und Pflegeversicherung in % | C19: =Einstellungen!O2+Einstellungen!Q2 -> 0.1035 | E19: Beitrag Kranken- und Pflegeversicherung in % | F19: =Einstellungen!O2+Einstellungen!Q2 -> 0.1035
B20: Beitrag Kranken- und Pflegeversicherung Summe | C20: =(C7+C8)*C15*C19 -> #N/A | E20: Beitrag Kranken- und Pflegeversicherung Summe | F20: =(F7+F8)*F15*F19 -> #N/A
B21: Unterstellter Steuersatz auf gesetzliche Renteneinkünfte in % | C21: ='Eingabe Käuferdaten'!C45 -> 0.2 | E21: Unterstellter Steuersatz auf gesetzliche Renteneinkünfte in % | F21: ='Eingabe Käuferdaten'!D45 -> 0.2
B22: Steuern auf gesetzliche Rente | C22: =C16*C21 -> #N/A | E22: Steuern auf gesetzliche Rente | F22: =F16*F21 -> #N/A
B24: Rente netto aus heutiger Sicht | C24: =C16+C17-C20-C22 -> #N/A | E24: Rente netto aus heutiger Sicht | F24: =F16+F17-F20-F22 -> #N/A
B26: Aktuelle Mieteinnahmen kalt | C26: ='Eingabe Käuferdaten'!C9 -> 0 | E26: Aktuelle Mieteinnahmen kalt | F26: ='Eingabe Käuferdaten'!D9 -> 0
B28: Rentenlücke pro Monat | C28: =C24+C26-C5 -> #N/A | E28: Rentenlücke pro Monat | F28: =F24+F26-F5 -> #N/A
B30: zurück | F30: Zur Zusammenfassung
F31: weiter
J54: Diagramm Einnahmen später im Verhältnis zu heute
K56: Person 1
K57: Wunsch | L57: Realität
J58: Wunschrente | K58: =C5 -> 0
J59: Zu erwartende Kaufkraft | L59: =C24 -> #N/A
J60: Mieteinnahmen | L60: =C26 -> 0
B61: zurück | D61: Menü | F61: weiter | J61: Einnahmen gesamt | L61: =L59+L60 -> #N/A
J62: Rentenlücke | L62: =ABS(C28) -> #N/A
B63: ="Rentenlücke von"&" "&'Eingabe Käuferdaten'!C5 -> Rentenlücke von | D63: ="Rentenlücke von"&" "&'Eingabe Käuferdaten'!D5 -> Rentenlücke von
K64: Person 2
K65: Wunsch | L65: Realität
J66: Wunschrente | K66: =F5 -> 0
J67: Zu erwartende Kaufkraft | L67: =F24 -> #N/A
J68: Mieteinnahmen | L68: =F26 -> 0
J69: Einnahmen gesamt | L69: =L67+L68 -> #N/A
J70: Rentenlücke | L70: =ABS(F28) -> #N/A
K72: Gesamt
K73: Wunsch | L73: Realität
J74: Wunschrente | K74: =K58+K66 -> 0
J75: Zu erwartende Kaufkraft | L75: =L61+L69 -> #N/A
J76: Rentenlücke | L76: =L62+L70 -> #N/A

Sheet Max Volumen
B2: Quickcheck der maximalen Finanzierungshöhe
B4: Das Ergebnis ist ein Annäherungswert und dient der bestmöglichen Einschätzung.
B6: Nettoeinkommen | C6: ='Einkommens & Vermögensbilanz'!C5 -> 0
B7: Mieteinnahmen kalt aus zu finanzierenden Immobilien (Ansatz 80%) | C7: ='Eingabe Immodaten'!D11 -> 950
B8: Einnahmen gesamt | D8: =C6+(C7*0.8) -> 760
B10: Ausgaben gesamt | D10: ='Eingabe Käuferdaten'!C12+'Eingabe Käuferdaten'!D12+'Eingabe Käuferdaten'!C13+'Eingabe Käuferdaten'!D13+'Eingabe Käuferdaten'!C14+'Eingabe Käuferdaten'!D14+'Eingabe Käuferdaten'!C16+'Eingabe Käuferdaten'!D16+'Eingabe Käuferdaten'!C15+'Eingabe Käuferdaten'!D15 -> 0
B12: Im Haushalt lebende volljährige Personen | C12: ='Eingabe Käuferdaten'!C48 -> 1 | E12: LHK | F12: =VLOOKUP(C14,Einstellungen!G2:H4,2,FALSE) -> 0
B13: Im Haushalt lebende unterhaltsberechtigte Kinder | C13: ='Eingabe Käuferdaten'!C49 -> 0 | E13: LHK | F13: =VLOOKUP(C12,Einstellungen!A2:B3,2,FALSE) -> 1450
B14: Im Haushalt befindliche Autos | C14: ='Eingabe Käuferdaten'!C50 -> 0 | E14: LHK | F14: =VLOOKUP(C13,Einstellungen!D2:E7,2,FALSE) -> 0
B15: Lebenshaltungskostenpauschalen gesamt | D15: =F12+F13+F14 -> 1450
B17: Eigenkapital welches eingesetzt werden soll | C17: ='Einkommens & Vermögensbilanz'!E18 -> 0
B19: =IF(D19<0,"Unterdeckung!","Überschuss monatlich") -> Unterdeckung! | D19: =D8-D10-D15 -> -690
B21: Alterskategorie | C21: ='Eingabe Käuferdaten'!C53 -> 31-35 | E21: Tilgung | F21: =VLOOKUP(C21,Einstellungen!J2:K8,2,FALSE) -> 2.5
B23: =IF(C23<50000,"Es ist leider keine Finanzierung möglich!","Höhe Ihrer maximalen Investition") -> Es ist leider keine Finanzierung möglich! | C23: =(D19*12)/('Eingabe Käuferdaten'!C42+F21)%+C17 -> -127384.62
B25: zurück | C25: Menü | D25: weiter

Sheet Beispielberechnung
C4: Unverbindliche Beispielberechnung
C7: Kaufpreis | J7: ='Eingabe Immodaten'!C5 -> 250122
C9: Kaufnebenkosten | J9: ='Eingabe Immodaten'!C8 -> 18759.15
C11: Eigenkapital | J11: ='Eingabe Immodaten'!C22 -> 18759
C13: Finanzierungsumme | J13: ='Eingabe Immodaten'!C23 -> 250122.15
C15: Rendite | J15: =(D24*12)/J7 -> 0.045577758
C17: AfA in % | J17: ='Eingabe Immodaten'!H15 -> 3.5
C21: Einnahmen monatlich | H21: Aufwendungen monatlich
C24: Miete | D24: ='Eingabe Immodaten'!D11 -> 950 | H24: Zins | I24: ='Eingabe Immodaten'!C30/100 -> 0.043 | J24: =(Ergebnistabelle!P7+Ergebnistabelle!S7)/12 -> 896.2705
C26: =IF(D26<0,"Steuerentlastung","Steuerzahlung") -> Steuerentlastung | D26: =(Ergebnistabelle!AF7/12) -> -267.02124 | H26: Tilgung | I26: ='Eingabe Immodaten'!C31/100 -> 0.02 | J26: =(Ergebnistabelle!Q7+Ergebnistabelle!T7)/12 -> 416.87
H28: Haus- und Mietverwaltung | J28: ='Eingabe Immodaten'!D13 -> 60
H30: Instandhaltungsrücklage | J30: ='Eingabe Immodaten'!D12 -> 51.01
C33: Einnahmen | D33: =D24-D26 -> 1217.0212 | H33: Aufwendungen | J33: =SUM(J24:J30) -> 1424.1505
C37: Eigenaufwand zu Beginn:
C38: =J33-D33 -> 207.12926
B58: zurück | G58: Menü | K58: weiter Bilanz
K59: oder
K60: weiter Bilanz Diagramm

Sheet Bilanz
B2: Bilanz Vermietete Immobilie | E2: Kaufpreis: | F2: ='Eingabe Immodaten'!C5 -> 250122 | H2: Ergebnisjahr auswählen: | I2: 10
B4: Einnahmen monatlich | E4: Ausgaben monatlich | L4: Ausgaben gesamt | M4: =F12 -> 1434.5505
L5: Miete | M5: =C6 -> 1239.5345
B6: Miete | C6: =_xlfn.XLOOKUP(I2,Ergebnistabelle!B7:B56,Ergebnistabelle!D7:D56)/12 -> 1239.5345 | E6: Zinsen | F6: {=_xlfn.XLOOKUP(I2,Ergebnistabelle!B7:B56,Ergebnistabelle!P7:P56+Ergebnistabelle!S7:S56)/12} -> 704.22165 | L6: =B8 -> Steuerentlastung | M6: =ABS(C8) -> 83.259726
L7: Ausgaben | M7: =F12 -> 1434.5505
B8: =IF(C8<0,"Steuerentlastung","Steuerzahlung") -> Steuerentlastung | C8: =_xlfn.XLOOKUP(I2,Ergebnistabelle!B7:B56,Ergebnistabelle!AF7:AF56)/12 -> -83.259726 | E8: Tilgung | F8: {=_xlfn.XLOOKUP(I2,Ergebnistabelle!B7:B56,Ergebnistabelle!Q7:Q56+Ergebnistabelle!T7:T56)/12} -> 608.91885 | L8: =B15 -> Monatliche Zuzahlung | M8: =ABS(F15) -> 111.75625
E10: Verwaltung & Rücklage | F10: =_xlfn.XLOOKUP(I2,Ergebnistabelle!B7:B56,Ergebnistabelle!F7:F56)/12 -> 121.41
B12: Summe Einnahmen | C12: =C6-C8 -> 1322.7943 | E12: Summe Ausgaben | F12: =F6+F8+F10 -> 1434.5505
B15: =IF(F15<0,"Monatliche Zuzahlung","Monatlicher Überschuss") -> Monatliche Zuzahlung | F15: =C12-F12 -> -111.75625
B20: Entwicklung des Investments
B22: Möglicher Immobilienwert | F22: =_xlfn.XLOOKUP(I2,Ergebnistabelle!B7:B56,Ergebnistabelle!AN7:AN56) -> 340424.77
L23: Investition | M23: Möglicher steuerfreier Gewinn
B24: Restschuld | F24: =_xlfn.XLOOKUP(I2,Ergebnistabelle!B7:B56,Ergebnistabelle!W7:W56) -> 189219.95 | L24: =F28+F30 -> -38052.57 | M24: =F26 -> 151204.82
B26: =IF(I2<10,"Möglicher Gewinn bei Verkauf","Möglicher steuerfreier Gewinn bei Verkauf") -> Möglicher steuerfreier Gewinn bei Verkauf | F26: =F22-F24 -> 151204.82 | L26: =IF(L24>0,"Gewinn höher als Investition",(F32/L24)/I2*-1) -> 0.29735772
L27: =L26*I2 -> 2.9735772 | M27: Gesamtrendite
B28: Abzüglich eingesetztes Eigenkapital | F28: =('Eingabe Immodaten'!C22)*-1 -> -18759 | L28: =(1+L27)^(365/(365*I2))-1 -> 0.14793729 | M28: Jahresrendite = (1 + Gesamtrendite) hoch (365 / Haltedauer in Tagen) – 1
M29: Jehresrendite berechnen: | N29: https://www.finanzen.net/ratgeber/rendite-berechnen
B30: =IF(F30>0,"Zuzüglich Vermögens aus mtl. Überschüssen","Abzüglich Investition aus mtl. Unterdeckungen") -> Abzüglich Investition aus mtl. Unterdeckungen | F30: {=_xlfn.XLOOKUP(I2,Ergebnistabelle!B7:B56,Ergebnistabelle!AM7:AM56-F28)} -> -19293.57 | L30: =IF(L24>0,"Gewinn höher als Investition",L28) -> 0.14793729
L31: =IF(L30<0,"",L30) -> 0.14793729
B32: =IF(I2<10,"Möglicher Gewinn nach Abzug der Investition","Möglicher steuerfreier Gewinn nach Abzug der Investition") -> Möglicher steuerfreier Gewinn nach Abzug der Investition | F32: =F26+F28+F30 -> 113152.25 | L32: =IF(L30<0,"","Rendite pro Jahr*:") -> Rendite pro Jahr*:
L33: =IF(L30<0,"","*Möglicher Gewinn im Verhältnis zur Investition aus mtl. Unterdeckungen und Eigenkapital im ausgewählten Ergebnisjahr. (Jahresrendite = (1 + Gesamtrendite) hoch (365 / Haltedauer in Tagen) – 1)") -> *Möglicher Gewinn im Verhältnis zur Investition aus mtl. Unterdeckungen und Eigenkapital im ausgewählten Ergebnisjahr. (Jahresrendite = (1 + Gesamtrendite) hoch (365 / Haltedauer in Tagen) – 1)
B34: =L32 -> Rendite pro Jahr*: | F34: =L31 -> 0.14793729
D36: zurück | F36: Menü | J36: Diagramme
J37: Vergleich mit einem Sparplan
B39: =L33 -> *Möglicher Gewinn im Verhältnis zur Investition aus mtl. Unterdeckungen und Eigenkapital im ausgewählten Ergebnisjahr. (Jahresrendite = (1 + Gesamtrendite) hoch (365 / Haltedauer in Tagen) – 1)

Sheet Bilanz Diagramm
K4: Steuerlast | L4: =_xlfn.XLOOKUP(I6,Ergebnistabelle!B7:B56,Ergebnistabelle!AF7:AF56)/12 -> -83.259726 | M4: =IF(L4<0,"Steuerentlastung","Steuerzahlung") -> Steuerentlastung
K5: Zinsen | L5: {=_xlfn.XLOOKUP(I6,Ergebnistabelle!B7:B56,Ergebnistabelle!P7:P56+Ergebnistabelle!S7:S56)/12} -> 704.22165
H6: Ergebnisjahr auswählen: | I6: 10 | K6: Tilgung | L6: {=_xlfn.XLOOKUP(I6,Ergebnistabelle!B7:B56,Ergebnistabelle!Q7:Q56+Ergebnistabelle!T7:T56)/12} -> 608.91885
F7: Immobilienwert | K7: Verwaltung | L7: =_xlfn.XLOOKUP(I6,Ergebnistabelle!B7:B56,Ergebnistabelle!F7:F56)/12 -> 121.41
D8: Objektwertsteigerung: | E8: ='Eingabe Immodaten'!C15/100 -> 0.03 | F8: =_xlfn.XLOOKUP(I6,Ergebnistabelle!B7:B56,Ergebnistabelle!AN7:AN56) -> 340424.77 | H8: Unverbindliche Schätzung | K8: Ausgaben gesamt | L8: =L5+L6+L7 -> 1434.5505
H9: Mieteinnahmen mtl. zu Beginn | I9: ='Eingabe Immodaten'!D11 -> 950 | K9: Einnahmen gesamt | L9: =I11-L4 -> 1322.7943
H10: Mieteinnahmen mtl. erhöht um | I10: =I11-I9 -> 289.53452
H11: ="Mieteinnahmen mtl. Jahr "&I6 -> Mieteinnahmen mtl. Jahr 10 | I11: =_xlfn.XLOOKUP(I6,Ergebnistabelle!B7:B56,Ergebnistabelle!D7:D56)/12 -> 1239.5345
K12: Miete | L12: =I11 -> 1239.5345
H13: Eigenaufwand mtl. zu Beginn | I13: =Ergebnistabelle!AL7 -> -207.12926 | K13: =M4 -> Steuerentlastung | L13: =ABS(L4) -> 83.259726
H14: Eigenaufwand mtl. reduziert um | I14: =I13-I15 -> -95.373007 | K14: Ausgaben | L14: =L8 -> 1434.5505
H15: =IF(I15>0,"Überschuss mtl. Jahr ","Eigenaufwand mtl. Jahr ")&I6 -> Eigenaufwand mtl. Jahr 10 | I15: =_xlfn.XLOOKUP(I6,Ergebnistabelle!B7:B56,Ergebnistabelle!AL7:AL56) -> -111.75625 | K15: =K16 -> Monatliche Zuzahlung | L15: =ABS(L16) -> 111.75625
D16: Laufzeit: | E16: =I6 & L21 -> 10 Jahre | H16: =L32 -> Rendite pro Jahr*: | I16: =L31 -> 0.14793729 | K16: =IF(L16<0,"Monatliche Zuzahlung","Monatlicher Überschuss") -> Monatliche Zuzahlung | L16: =(L9-L8) -> -111.75625
B17: Kaufpreis | F17: =IF(I6<10,"Gewinn","Steuerfreier Gewinn") -> Steuerfreier Gewinn
B18: ='Eingabe Immodaten'!C5 -> 250122 | F18: =F8-F28 -> 151204.82
D19: =IF(E19>0,"Vermögen aus mtl. Überschüssen:","Investition gesamt:") -> Investition gesamt: | E19: =_xlfn.XLOOKUP(I6,Ergebnistabelle!B7:B56,Ergebnistabelle!AM7:AM56) -> -38052.57
L21: =IF(I6<2," Jahr"," Jahre") -> Jahre
L23: Investment | M23: Möglicher steuerfreier Gewinn
L24: =E19 -> -38052.57 | M24: =F18 -> 151204.82
L26: =IF(L24>0,"Gewinn höher als Investition",((F18+E19)/L24)/I6*-1) -> 0.29735772
D27: Tilgung: | E27: ='Eingabe Immodaten'!C31/100 -> 0.02 | F27: Restschuld | G27: Tilgung 1 | L27: =L26*I6 -> 2.9735772 | M27: Gesamtrendite
F28: =_xlfn.XLOOKUP(I6,Ergebnistabelle!B7:B56,Ergebnistabelle!W7:W56) -> 189219.95 | L28: =(1+L27)^(365/(365*I6))-1 -> 0.14793729 | M28: Jahresrendite = (1 + Gesamtrendite) hoch (365 / Haltedauer in Tagen) – 1
M29: Jehresrendite berechnen: | N29: https://www.finanzen.net/ratgeber/rendite-berechnen
L30: =IF(L24>0,"Gewinn höher als Investition",L28) -> 0.14793729
L31: =IF(L30<0,"",L30) -> 0.14793729
L32: =IF(L30<0,"","Rendite pro Jahr*:") -> Rendite pro Jahr*:
B33: zurück | D33: Menü | I33: Vergleich mit einem Sparplan
B35: =IF(L26<0,"","*Möglicher Gewinn im Verhältnis zur Investition aus mtl. Unterdeckungen und Eigenkapital im ausgewählten Ergebnisjahr. (Jahresrendite = (1 + Gesamtrendite) hoch (365 / Haltedauer in Tagen) – 1)") -> *Möglicher Gewinn im Verhältnis zur Investition aus mtl. Unterdeckungen und Eigenkapital im ausgewählten Ergebnisjahr. (Jahresrendite = (1 + Gesamtrendite) hoch (365 / Haltedauer in Tagen) – 1)

Sheet Vergleich Sparplan
B2: Vergleich mit einem Sparplan | G2: Guthabenentwicklung
C3: Die grauen Felder ausfüllen
B4: Eingabe | G4: Jahr | H4: Guthaben am Anfang | I4: Monatsrate | J4: Einzahlungen | K4: Guthaben | L4: Zinsen | M4: Guthaben inkl. Zinsen | N4: Steuern | O4: Guthaben nach Steuern | Q4: Hilfsfeld Monatsrate
B5: Zinssatz des Sparplans | C5: 0.05 | D5: p.a. | G5: 1 | H5: =C10 -> 18759 | I5: =IF(Q5>0,Q5,"0") -> 207.12926 | J5: =I5*C$12 -> 2485.5511 | K5: =H5+J5 -> 21244.551 | L5: =IF(G5="","",K5*C$5) -> 1062.2276 | M5: =IF(G5="","",K5+L5) -> 22306.779 | N5: =IF(L5<$C$8,0,((L5-$C$8)*$C$9)) -> 16.412518 | O5: =IFERROR(IF(G5="","",M5-N5),"") -> 22290.366 | Q5: =IF(G5="","",-Ergebnistabelle!AL7) -> 207.12926
B6: Ansparzeit | C6: 50 | D6: Jahre | G6: =IF(G5>=$C$6,NA(),G5+1) -> 2 | H6: =IF(G6="","",O5) -> 22290.366 | I6: =IF(Q6>0,Q6,"0") -> 197.41233 | J6: =I6*C$12 -> 2368.948 | K6: =H6+J6 -> 24659.314 | L6: =IF(G6="","",K6*C$5) -> 1232.9657 | M6: =IF(G6="","",K6+L6) -> 25892.28 | N6: =IF(L6<$C$8,0,((L6-$C$8)*$C$9)) -> 61.444705 | O6: =IFERROR(IF(G6="","",M6-N6),"") -> 25830.835 | Q6: =IF(G6="","",-Ergebnistabelle!AL8) -> 197.41233
B7: Familienstand | C7: Ledig | G7: =IF(G6>=$C$6,NA(),G6+1) -> 3 | H7: =IF(G7="","",O6) -> 25830.835 | I7: =IF(Q7>0,Q7,"0") -> 187.48123 | J7: =I7*C$12 -> 2249.7748 | K7: =H7+J7 -> 28080.61 | L7: =IF(G7="","",K7*C$5) -> 1404.0305 | M7: =IF(G7="","",K7+L7) -> 29484.64 | N7: =IF(L7<$C$8,0,((L7-$C$8)*$C$9)) -> 106.56304 | O7: =IFERROR(IF(G7="","",M7-N7),"") -> 29378.077 | Q7: =IF(G7="","",-Ergebnistabelle!AL9) -> 187.48123
B8: Steuerfreibetrag pro Jahr | C8: =E8 -> 1000 | D8: EUR | E8: =IF(C7="ledig",Einstellungen!U2,IF(C7="verheiratet",Einstellungen!W2,"")) -> 1000 | G8: =IF(G7>=$C$6,NA(),G7+1) -> 4 | H8: =IF(G8="","",O7) -> 29378.077 | I8: =IF(Q8>0,Q8,"0") -> 177.33331 | J8: =I8*C$12 -> 2127.9997 | K8: =H8+J8 -> 31506.077 | L8: =IF(G8="","",K8*C$5) -> 1575.3039 | M8: =IF(G8="","",K8+L8) -> 33081.381 | N8: =IF(L8<$C$8,0,((L8-$C$8)*$C$9)) -> 151.73639 | O8: =IFERROR(IF(G8="","",M8-N8),"") -> 32929.645 | Q8: =IF(G8="","",-Ergebnistabelle!AL10) -> 177.33331
B9: Steuersatz Kapitalerträge | C9: =Einstellungen!S2 -> 0.26375 | G9: =IF(G8>=$C$6,NA(),G8+1) -> 5 | H9: =IF(G9="","",O8) -> 32929.645 | I9: =IF(Q9>0,Q9,"0") -> 166.966 | J9: =I9*C$12 -> 2003.592 | K9: =H9+J9 -> 34933.237 | L9: =IF(G9="","",K9*C$5) -> 1746.6618 | M9: =IF(G9="","",K9+L9) -> 36679.898 | N9: =IF(L9<$C$8,0,((L9-$C$8)*$C$9)) -> 196.93206 | O9: =IFERROR(IF(G9="","",M9-N9),"") -> 36482.966 | Q9: =IF(G9="","",-Ergebnistabelle!AL11) -> 166.966
B10: Anfangskapital | C10: ='Eingabe Immodaten'!C22 -> 18759 | D10: EUR | G10: =IF(G9>=$C$6,NA(),G9+1) -> 6 | H10: =IF(G10="","",O9) -> 36482.966 | I10: =IF(Q10>0,Q10,"0") -> 156.37684 | J10: =I10*C$12 -> 1876.5221 | K10: =H10+J10 -> 38359.488 | L10: =IF(G10="","",K10*C$5) -> 1917.9744 | M10: =IF(G10="","",K10+L10) -> 40277.463 | N10: =IF(L10<$C$8,0,((L10-$C$8)*$C$9)) -> 242.11575 | O10: =IFERROR(IF(G10="","",M10-N10),"") -> 40035.347 | Q10: =IF(G10="","",-Ergebnistabelle!AL12) -> 156.37684
B11: Sparrate monatlich | C11: Wie bei der Immobilie | D11: EUR | G11: =IF(G10>=$C$6,NA(),G10+1) -> 7 | H11: =IF(G11="","",O10) -> 40035.347 | I11: =IF(Q11>0,Q11,"0") -> 145.56346 | J11: =I11*C$12 -> 1746.7615 | K11: =H11+J11 -> 41782.109 | L11: =IF(G11="","",K11*C$5) -> 2089.1054 | M11: =IF(G11="","",K11+L11) -> 43871.214 | N11: =IF(L11<$C$8,0,((L11-$C$8)*$C$9)) -> 287.25156 | O11: =IFERROR(IF(G11="","",M11-N11),"") -> 43583.962 | Q11: =IF(G11="","",-Ergebnistabelle!AL13) -> 145.56346
B12: Anzahl Raten pro Jahr | C12: 12 | G12: =IF(G11>=$C$6,NA(),G11+1) -> 8 | H12: =IF(G12="","",O11) -> 43583.962 | I12: =IF(Q12>0,Q12,"0") -> 134.52362 | J12: =I12*C$12 -> 1614.2834 | K12: =H12+J12 -> 45198.246 | L12: =IF(G12="","",K12*C$5) -> 2259.9123 | M12: =IF(G12="","",K12+L12) -> 47458.158 | N12: =IF(L12<$C$8,0,((L12-$C$8)*$C$9)) -> 332.30187 | O12: =IFERROR(IF(G12="","",M12-N12),"") -> 47125.856 | Q12: =IF(G12="","",-Ergebnistabelle!AL14) -> 134.52362
B13: Ergebnis | G13: =IF(G12>=$C$6,NA(),G12+1) -> 9 | H13: =IF(G13="","",O12) -> 47125.856 | I13: =IF(Q13>0,Q13,"0") -> 123.25521 | J13: =I13*C$12 -> 1479.0625 | K13: =H13+J13 -> 48604.919 | L13: =IF(G13="","",K13*C$5) -> 2430.2459 | M13: =IF(G13="","",K13+L13) -> 51035.165 | N13: =IF(L13<$C$8,0,((L13-$C$8)*$C$9)) -> 377.22737 | O13: =IFERROR(IF(G13="","",M13-N13),"") -> 50657.937 | Q13: =IF(G13="","",-Ergebnistabelle!AL15) -> 123.25521
B14: Einzahlungen | C14: =Tabelle10[[#Totals],[Einzahlungen]] -> 44502.82 | D14: EUR | G14: =IF(G13>=$C$6,NA(),G13+1) -> 10 | H14: =IF(G14="","",O13) -> 50657.937 | I14: =IF(Q14>0,Q14,"0") -> 111.75625 | J14: =I14*C$12 -> 1341.075 | K14: =H14+J14 -> 51999.012 | L14: =IF(G14="","",K14*C$5) -> 2599.9506 | M14: =IF(G14="","",K14+L14) -> 54598.963 | N14: =IF(L14<$C$8,0,((L14-$C$8)*$C$9)) -> 421.98698 | O14: =IFERROR(IF(G14="","",M14-N14),"") -> 54176.976 | Q14: =IF(G14="","",-Ergebnistabelle!AL16) -> 111.75625
B15: Zinsen | C15: =Tabelle10[[#Totals],[Zinsen]] -> 299661.21 | D15: EUR | G15: =IF(G14>=$C$6,NA(),G14+1) -> 11 | H15: =IF(G15="","",O14) -> 54176.976 | I15: =IF(Q15>0,Q15,"0") -> 108.84125 | J15: =I15*C$12 -> 1306.095 | K15: =H15+J15 -> 55483.071 | L15: =IF(G15="","",K15*C$5) -> 2774.1536 | M15: =IF(G15="","",K15+L15) -> 58257.225 | N15: =IF(L15<$C$8,0,((L15-$C$8)*$C$9)) -> 467.933 | O15: =IFERROR(IF(G15="","",M15-N15),"") -> 57789.292 | Q15: =IF(G15="","",-Ergebnistabelle!AL17) -> 108.84125
B16: Guthaben am Ende vor Steuern | C16: =C14+C15 -> 344164.03 | D16: EUR | G16: =IF(G15>=$C$6,NA(),G15+1) -> 12 | H16: =IF(G16="","",O15) -> 57789.292 | I16: =IF(Q16>0,Q16,"0") -> 97.076331 | J16: =I16*C$12 -> 1164.916 | K16: =H16+J16 -> 58954.208 | L16: =IF(G16="","",K16*C$5) -> 2947.7104 | M16: =IF(G16="","",K16+L16) -> 61901.918 | N16: =IF(L16<$C$8,0,((L16-$C$8)*$C$9)) -> 513.70861 | O16: =IFERROR(IF(G16="","",M16-N16),"") -> 61388.209 | Q16: =IF(G16="","",-Ergebnistabelle!AL18) -> 97.076331
B17: Steuern | C17: =Tabelle10[[#Totals],[Steuern]] -> 65848.145 | D17: EUR | G17: =IF(G16>=$C$6,NA(),G16+1) -> 13 | H17: =IF(G17="","",O16) -> 61388.209 | I17: =IF(Q17>0,Q17,"0") -> 85.091078 | J17: =I17*C$12 -> 1021.0929 | K17: =H17+J17 -> 62409.302 | L17: =IF(G17="","",K17*C$5) -> 3120.4651 | M17: =IF(G17="","",K17+L17) -> 65529.767 | N17: =IF(L17<$C$8,0,((L17-$C$8)*$C$9)) -> 559.27267 | O17: =IFERROR(IF(G17="","",M17-N17),"") -> 64970.495 | Q17: =IF(G17="","",-Ergebnistabelle!AL19) -> 85.091078
B18: Guthaben am Ende nach Steuern | C18: =C16-C17 -> 278315.89 | D18: EUR | G18: =IF(G17>=$C$6,NA(),G17+1) -> 14 | H18: =IF(G18="","",O17) -> 64970.495 | I18: =IF(Q18>0,Q18,"0") -> 72.885166 | J18: =I18*C$12 -> 874.62199 | K18: =H18+J18 -> 65845.117 | L18: =IF(G18="","",K18*C$5) -> 3292.2558 | M18: =IF(G18="","",K18+L18) -> 69137.372 | N18: =IF(L18<$C$8,0,((L18-$C$8)*$C$9)) -> 604.58248 | O18: =IFERROR(IF(G18="","",M18-N18),"") -> 68532.79 | Q18: =IF(G18="","",-Ergebnistabelle!AL20) -> 72.885166
G19: =IF(G18>=$C$6,NA(),G18+1) -> 15 | H19: =IF(G19="","",O18) -> 68532.79 | I19: =IF(Q19>0,Q19,"0") -> 60.458539 | J19: =I19*C$12 -> 725.50247 | K19: =H19+J19 -> 69258.292 | L19: =IF(G19="","",K19*C$5) -> 3462.9146 | M19: =IF(G19="","",K19+L19) -> 72721.207 | N19: =IF(L19<$C$8,0,((L19-$C$8)*$C$9)) -> 649.59373 | O19: =IFERROR(IF(G19="","",M19-N19),"") -> 72071.613 | Q19: =IF(G19="","",-Ergebnistabelle!AL21) -> 60.458539
G20: =IF(G19>=$C$6,NA(),G19+1) -> 16 | H20: =IF(G20="","",O19) -> 72071.613 | I20: =IF(Q20>0,Q20,"0") -> 47.811431 | J20: =I20*C$12 -> 573.73718 | K20: =H20+J20 -> 72645.351 | L20: =IF(G20="","",K20*C$5) -> 3632.2675 | M20: =IF(G20="","",K20+L20) -> 76277.618 | N20: =IF(L20<$C$8,0,((L20-$C$8)*$C$9)) -> 694.26056 | O20: =IFERROR(IF(G20="","",M20-N20),"") -> 75583.358 | Q20: =IF(G20="","",-Ergebnistabelle!AL22) -> 47.811431
G21: =IF(G20>=$C$6,NA(),G20+1) -> 17 | H21: =IF(G21="","",O20) -> 75583.358 | I21: =IF(Q21>0,Q21,"0") -> 34.944387 | J21: =I21*C$12 -> 419.33264 | K21: =H21+J21 -> 76002.69 | L21: =IF(G21="","",K21*C$5) -> 3800.1345 | M21: =IF(G21="","",K21+L21) -> 79802.825 | N21: =IF(L21<$C$8,0,((L21-$C$8)*$C$9)) -> 738.53548 | O21: =IFERROR(IF(G21="","",M21-N21),"") -> 79064.289 | Q21: =IF(G21="","",-Ergebnistabelle!AL23) -> 34.944387
G22: =IF(G21>=$C$6,NA(),G21+1) -> 18 | H22: =IF(G22="","",O21) -> 79064.289 | I22: =IF(Q22>0,Q22,"0") -> 21.858284 | J22: =I22*C$12 -> 262.2994 | K22: =H22+J22 -> 79326.589 | L22: =IF(G22="","",K22*C$5) -> 3966.3294 | M22: =IF(G22="","",K22+L22) -> 83292.918 | N22: =IF(L22<$C$8,0,((L22-$C$8)*$C$9)) -> 782.36939 | O22: =IFERROR(IF(G22="","",M22-N22),"") -> 82510.549 | Q22: =IF(G22="","",-Ergebnistabelle!AL24) -> 21.858284
G23: =IF(G22>=$C$6,NA(),G22+1) -> 19 | H23: =IF(G23="","",O22) -> 82510.549 | I23: =IF(Q23>0,Q23,"0") -> 8.5543574 | J23: =I23*C$12 -> 102.65229 | K23: =H23+J23 -> 82613.201 | L23: =IF(G23="","",K23*C$5) -> 4130.66 | M23: =IF(G23="","",K23+L23) -> 86743.861 | N23: =IF(L23<$C$8,0,((L23-$C$8)*$C$9)) -> 825.71159 | O23: =IFERROR(IF(G23="","",M23-N23),"") -> 85918.149 | Q23: =IF(G23="","",-Ergebnistabelle!AL25) -> 8.5543574
G24: =IF(G23>=$C$6,NA(),G23+1) -> 20 | H24: =IF(G24="","",O23) -> 85918.149 | I24: =IF(Q24>0,Q24,"0") -> 0 | J24: =I24*C$12 -> 0 | K24: =H24+J24 -> 85918.149 | L24: =IF(G24="","",K24*C$5) -> 4295.9075 | M24: =IF(G24="","",K24+L24) -> 90214.057 | N24: =IF(L24<$C$8,0,((L24-$C$8)*$C$9)) -> 869.29559 | O24: =IFERROR(IF(G24="","",M24-N24),"") -> 89344.761 | Q24: =IF(G24="","",-Ergebnistabelle!AL26) -> -4.9657733
G25: =IF(G24>=$C$6,NA(),G24+1) -> 21 | H25: =IF(G25="","",O24) -> 89344.761 | I25: =IF(Q25>0,Q25,"0") -> 0 | J25: =I25*C$12 -> 0 | K25: =H25+J25 -> 89344.761 | L25: =IF(G25="","",K25*C$5) -> 4467.2381 | M25: =IF(G25="","",K25+L25) -> 93811.999 | N25: =IF(L25<$C$8,0,((L25-$C$8)*$C$9)) -> 914.48404 | O25: =IFERROR(IF(G25="","",M25-N25),"") -> 92897.515 | Q25: =IF(G25="","",-Ergebnistabelle!AL27) -> -18.700081
G26: =IF(G25>=$C$6,NA(),G25+1) -> 22 | H26: =IF(G26="","",O25) -> 92897.515 | I26: =IF(Q26>0,Q26,"0") -> 0 | J26: =I26*C$12 -> 0 | K26: =H26+J26 -> 92897.515 | L26: =IF(G26="","",K26*C$5) -> 4644.8758 | M26: =IF(G26="","",K26+L26) -> 97542.391 | N26: =IF(L26<$C$8,0,((L26-$C$8)*$C$9)) -> 961.33598 | O26: =IFERROR(IF(G26="","",M26-N26),"") -> 96581.055 | Q26: =IF(G26="","",-Ergebnistabelle!AL28) -> -32.6461
G27: =IF(G26>=$C$6,NA(),G26+1) -> 23 | H27: =IF(G27="","",O26) -> 96581.055 | I27: =IF(Q27>0,Q27,"0") -> 0 | J27: =I27*C$12 -> 0 | K27: =H27+J27 -> 96581.055 | L27: =IF(G27="","",K27*C$5) -> 4829.0528 | M27: =IF(G27="","",K27+L27) -> 101410.11 | N27: =IF(L27<$C$8,0,((L27-$C$8)*$C$9)) -> 1009.9127 | O27: =IFERROR(IF(G27="","",M27-N27),"") -> 100400.2 | Q27: =IF(G27="","",-Ergebnistabelle!AL29) -> -46.800898
G28: =IF(G27>=$C$6,NA(),G27+1) -> 24 | H28: =IF(G28="","",O27) -> 100400.2 | I28: =IF(Q28>0,Q28,"0") -> 0 | J28: =I28*C$12 -> 0 | K28: =H28+J28 -> 100400.2 | L28: =IF(G28="","",K28*C$5) -> 5020.0098 | M28: =IF(G28="","",K28+L28) -> 105420.2 | N28: =IF(L28<$C$8,0,((L28-$C$8)*$C$9)) -> 1060.2776 | O28: =IFERROR(IF(G28="","",M28-N28),"") -> 104359.93 | Q28: =IF(G28="","",-Ergebnistabelle!AL30) -> -61.161044
G29: =IF(G28>=$C$6,NA(),G28+1) -> 25 | H29: =IF(G29="","",O28) -> 104359.93 | I29: =IF(Q29>0,Q29,"0") -> 0 | J29: =I29*C$12 -> 0 | K29: =H29+J29 -> 104359.93 | L29: =IF(G29="","",K29*C$5) -> 5217.9964 | M29: =IF(G29="","",K29+L29) -> 109577.92 | N29: =IF(L29<$C$8,0,((L29-$C$8)*$C$9)) -> 1112.4965 | O29: =IFERROR(IF(G29="","",M29-N29),"") -> 108465.43 | Q29: =IF(G29="","",-Ergebnistabelle!AL31) -> -75.722578
G30: =IF(G29>=$C$6,NA(),G29+1) -> 26 | H30: =IF(G30="","",O29) -> 108465.43 | I30: =IF(Q30>0,Q30,"0") -> 0 | J30: =I30*C$12 -> 0 | K30: =H30+J30 -> 108465.43 | L30: =IF(G30="","",K30*C$5) -> 5423.2714 | M30: =IF(G30="","",K30+L30) -> 113888.7 | N30: =IF(L30<$C$8,0,((L30-$C$8)*$C$9)) -> 1166.6378 | O30: =IFERROR(IF(G30="","",M30-N30),"") -> 112722.06 | Q30: =IF(G30="","",-Ergebnistabelle!AL32) -> -90.480972
... G36: =IF(G35>=$C$6,NA(),G35+1) -> 32 | H36: =IF(G36="","",O35) -> 136474.29 | I36: =IF(Q36>0,Q36,"0") -> 0 | J36: =I36*C$12 -> 0 | K36: =H36+J36 -> 136474.29 | L36: =IF(G36="","",K36*C$5) -> 6823.7145 | M36: =IF(G36="","",K36+L36) -> 143298 | N36: =IF(L36<$C$8,0,((L36-$C$8)*$C$9)) -> 1536.0047 | O36: =IFERROR(IF(G36="","",M36-N36),"") -> 141762 | Q36: =IF(G36="","",-Ergebnistabelle!AL38) -> -1356.6128
C37: Menü | G37: =IF(G36>=$C$6,NA(),G36+1) -> 33 | H37: =IF(G37="","",O36) -> 141762 | I37: =IF(Q37>0,Q37,"0") -> 0 | J37: =I37*C$12 -> 0 | K37: =H37+J37 -> 141762 | L37: =IF(G37="","",K37*C$5) -> 7088.0999 | M37: =IF(G37="","",K37+L37) -> 148850.1 | N37: =IF(L37<$C$8,0,((L37-$C$8)*$C$9)) -> 1605.7364 | O37: =IFERROR(IF(G37="","",M37-N37),"") -> 147244.36 | Q37: =IF(G37="","",-Ergebnistabelle!AL39) -> -1399.1548
G38: =IF(G37>=$C$6,NA(),G37+1) -> 34 | H38: =IF(G38="","",O37) -> 147244.36 | I38: =IF(Q38>0,Q38,"0") -> 0 | J38: =I38*C$12 -> 0 | K38: =H38+J38 -> 147244.36 | L38: =IF(G38="","",K38*C$5) -> 7362.2181 | M38: =IF(G38="","",K38+L38) -> 154606.58 | N38: =IF(L38<$C$8,0,((L38-$C$8)*$C$9)) -> 1678.035 | O38: =IFERROR(IF(G38="","",M38-N38),"") -> 152928.55 | Q38: =IF(G38="","",-Ergebnistabelle!AL40) -> -1442.9916
G39: =IF(G38>=$C$6,NA(),G38+1) -> 35 | H39: =IF(G39="","",O38) -> 152928.55 | I39: =IF(Q39>0,Q39,"0") -> 0 | J39: =I39*C$12 -> 0 | K39: =H39+J39 -> 152928.55 | L39: =IF(G39="","",K39*C$5) -> 7646.4273 | M39: =IF(G39="","",K39+L39) -> 160574.97 | N39: =IF(L39<$C$8,0,((L39-$C$8)*$C$9)) -> 1752.9952 | O39: =IFERROR(IF(G39="","",M39-N39),"") -> 158821.98 | Q39: =IF(G39="","",-Ergebnistabelle!AL41) -> -1488.1621
B40: =-C14 -> -44502.82 | G40: =IF(G39>=$C$6,NA(),G39+1) -> 36 | H40: =IF(G40="","",O39) -> 158821.98 | I40: =IF(Q40>0,Q40,"0") -> 0 | J40: =I40*C$12 -> 0 | K40: =H40+J40 -> 158821.98 | L40: =IF(G40="","",K40*C$5) -> 7941.0989 | M40: =IF(G40="","",K40+L40) -> 166763.08 | N40: =IF(L40<$C$8,0,((L40-$C$8)*$C$9)) -> 1830.7148 | O40: =IFERROR(IF(G40="","",M40-N40),"") -> 164932.36 | Q40: =IF(G40="","",-Ergebnistabelle!AL42) -> -1534.7065
G41: =IF(G40>=$C$6,NA(),G40+1) -> 37 | H41: =IF(G41="","",O40) -> 164932.36 | I41: =IF(Q41>0,Q41,"0") -> 0 | J41: =I41*C$12 -> 0 | K41: =H41+J41 -> 164932.36 | L41: =IF(G41="","",K41*C$5) -> 8246.6181 | M41: =IF(G41="","",K41+L41) -> 173178.98 | N41: =IF(L41<$C$8,0,((L41-$C$8)*$C$9)) -> 1911.2955 | O41: =IFERROR(IF(G41="","",M41-N41),"") -> 171267.68 | Q41: =IF(G41="","",-Ergebnistabelle!AL43) -> -1582.6662
G42: =IF(G41>=$C$6,NA(),G41+1) -> 38 | H42: =IF(G42="","",O41) -> 171267.68 | I42: =IF(Q42>0,Q42,"0") -> 0 | J42: =I42*C$12 -> 0 | K42: =H42+J42 -> 171267.68 | L42: =IF(G42="","",K42*C$5) -> 8563.3842 | M42: =IF(G42="","",K42+L42) -> 179831.07 | N42: =IF(L42<$C$8,0,((L42-$C$8)*$C$9)) -> 1994.8426 | O42: =IFERROR(IF(G42="","",M42-N42),"") -> 177836.23 | Q42: =IF(G42="","",-Ergebnistabelle!AL44) -> -1632.0839
G43: =IF(G42>=$C$6,NA(),G42+1) -> 39 | H43: =IF(G43="","",O42) -> 177836.23 | I43: =IF(Q43>0,Q43,"0") -> 0 | J43: =I43*C$12 -> 0 | K43: =H43+J43 -> 177836.23 | L43: =IF(G43="","",K43*C$5) -> 8891.8113 | M43: =IF(G43="","",K43+L43) -> 186728.04 | N43: =IF(L43<$C$8,0,((L43-$C$8)*$C$9)) -> 2081.4652 | O43: =IFERROR(IF(G43="","",M43-N43),"") -> 184646.57 | Q43: =IF(G43="","",-Ergebnistabelle!AL45) -> -1683.0035
G44: =IF(G43>=$C$6,NA(),G43+1) -> 40 | H44: =IF(G44="","",O43) -> 184646.57 | I44: =IF(Q44>0,Q44,"0") -> 0 | J44: =I44*C$12 -> 0 | K44: =H44+J44 -> 184646.57 | L44: =IF(G44="","",K44*C$5) -> 9232.3286 | M44: =IF(G44="","",K44+L44) -> 193878.9 | N44: =IF(L44<$C$8,0,((L44-$C$8)*$C$9)) -> 2171.2767 | O44: =IFERROR(IF(G44="","",M44-N44),"") -> 191707.62 | Q44: =IF(G44="","",-Ergebnistabelle!AL46) -> -1735.4703
G45: =IF(G44>=$C$6,NA(),G44+1) -> 41 | H45: =IF(G45="","",O44) -> 191707.62 | I45: =IF(Q45>0,Q45,"0") -> 0 | J45: =I45*C$12 -> 0 | K45: =H45+J45 -> 191707.62 | L45: =IF(G45="","",K45*C$5) -> 9585.3812 | M45: =IF(G45="","",K45+L45) -> 201293 | N45: =IF(L45<$C$8,0,((L45-$C$8)*$C$9)) -> 2264.3943 | O45: =IFERROR(IF(G45="","",M45-N45),"") -> 199028.61 | Q45: =IF(G45="","",-Ergebnistabelle!AL47) -> -1789.5309
G46: =IF(G45>=$C$6,NA(),G45+1) -> 42 | H46: =IF(G46="","",O45) -> 199028.61 | I46: =IF(Q46>0,Q46,"0") -> 0 | J46: =I46*C$12 -> 0 | K46: =H46+J46 -> 199028.61 | L46: =IF(G46="","",K46*C$5) -> 9951.4305 | M46: =IF(G46="","",K46+L46) -> 208980.04 | N46: =IF(L46<$C$8,0,((L46-$C$8)*$C$9)) -> 2360.9398 | O46: =IFERROR(IF(G46="","",M46-N46),"") -> 206619.1 | Q46: =IF(G46="","",-Ergebnistabelle!AL48) -> -1845.2332
G47: =IF(G46>=$C$6,NA(),G46+1) -> 43 | H47: =IF(G47="","",O46) -> 206619.1 | I47: =IF(Q47>0,Q47,"0") -> 0 | J47: =I47*C$12 -> 0 | K47: =H47+J47 -> 206619.1 | L47: =IF(G47="","",K47*C$5) -> 10330.955 | M47: =IF(G47="","",K47+L47) -> 216950.06 | N47: =IF(L47<$C$8,0,((L47-$C$8)*$C$9)) -> 2461.0394 | O47: =IFERROR(IF(G47="","",M47-N47),"") -> 214489.02 | Q47: =IF(G47="","",-Ergebnistabelle!AL49) -> -1902.6267
G48: =IF(G47>=$C$6,NA(),G47+1) -> 44 | H48: =IF(G48="","",O47) -> 214489.02 | I48: =IF(Q48>0,Q48,"0") -> 0 | J48: =I48*C$12 -> 0 | K48: =H48+J48 -> 214489.02 | L48: =IF(G48="","",K48*C$5) -> 10724.451 | M48: =IF(G48="","",K48+L48) -> 225213.47 | N48: =IF(L48<$C$8,0,((L48-$C$8)*$C$9)) -> 2564.8239 | O48: =IFERROR(IF(G48="","",M48-N48),"") -> 222648.64 | Q48: =IF(G48="","",-Ergebnistabelle!AL50) -> -1961.7625
G49: =IF(G48>=$C$6,NA(),G48+1) -> 45 | H49: =IF(G49="","",O48) -> 222648.64 | I49: =IF(Q49>0,Q49,"0") -> 0 | J49: =I49*C$12 -> 0 | K49: =H49+J49 -> 222648.64 | L49: =IF(G49="","",K49*C$5) -> 11132.432 | M49: =IF(G49="","",K49+L49) -> 233781.08 | N49: =IF(L49<$C$8,0,((L49-$C$8)*$C$9)) -> 2672.429 | O49: =IFERROR(IF(G49="","",M49-N49),"") -> 231108.65 | Q49: =IF(G49="","",-Ergebnistabelle!AL51) -> -2022.6928
G50: =IF(G49>=$C$6,NA(),G49+1) -> 46 | H50: =IF(G50="","",O49) -> 231108.65 | I50: =IF(Q50>0,Q50,"0") -> 0 | J50: =I50*C$12 -> 0 | K50: =H50+J50 -> 231108.65 | L50: =IF(G50="","",K50*C$5) -> 11555.432 | M50: =IF(G50="","",K50+L50) -> 242664.08 | N50: =IF(L50<$C$8,0,((L50-$C$8)*$C$9)) -> 2783.9953 | O50: =IFERROR(IF(G50="","",M50-N50),"") -> 239880.08 | Q50: =IF(G50="","",-Ergebnistabelle!AL52) -> -2085.4719
G51: =IF(G50>=$C$6,NA(),G50+1) -> 47 | H51: =IF(G51="","",O50) -> 239880.08 | I51: =IF(Q51>0,Q51,"0") -> 0 | J51: =I51*C$12 -> 0 | K51: =H51+J51 -> 239880.08 | L51: =IF(G51="","",K51*C$5) -> 11994.004 | M51: =IF(G51="","",K51+L51) -> 251874.09 | N51: =IF(L51<$C$8,0,((L51-$C$8)*$C$9)) -> 2899.6686 | O51: =IFERROR(IF(G51="","",M51-N51),"") -> 248974.42 | Q51: =IF(G51="","",-Ergebnistabelle!AL53) -> -2150.1553
G52: =IF(G51>=$C$6,NA(),G51+1) -> 48 | H52: =IF(G52="","",O51) -> 248974.42 | I52: =IF(Q52>0,Q52,"0") -> 0 | J52: =I52*C$12 -> 0 | K52: =H52+J52 -> 248974.42 | L52: =IF(G52="","",K52*C$5) -> 12448.721 | M52: =IF(G52="","",K52+L52) -> 261423.14 | N52: =IF(L52<$C$8,0,((L52-$C$8)*$C$9)) -> 3019.6002 | O52: =IFERROR(IF(G52="","",M52-N52),"") -> 258403.54 | Q52: =IF(G52="","",-Ergebnistabelle!AL54) -> -2216.8004
... G54: =IF(G53>=$C$6,NA(),G53+1) -> 50 | H54: =IF(G54="","",O53) -> 268179.77 | I54: =IF(Q54>0,Q54,"0") -> 0 | J54: =I54*C$12 -> 0 | K54: =H54+J54 -> 268179.77 | L54: =IF(G54="","",K54*C$5) -> 13408.989 | M54: =IF(G54="","",K54+L54) -> 281588.76 | N54: =IF(L54<$C$8,0,((L54-$C$8)*$C$9)) -> 3272.8707 | O54: =IFERROR(IF(G54="","",M54-N54),"") -> 278315.89 | Q54: =IF(G54="","",-Ergebnistabelle!AL56) -> -2356.2138
J55: =SUMIF(J5:J54,">0")+H5 -> 44502.82 | L55: =SUMIF(L5:L54,">0") -> 299661.21 | N55: =SUMIF(N5:N54,">0") -> 65848.145 | Q55: =IF(G55="","",-Ergebnistabelle!AL57)

Sheet Diagramme

Sheet Ergebnistabelle
B2: ="Investitionsplan vermietete Immobilie Prognoserechnung für eine Anlagedauer von maximal "&'Eingabe Immodaten'!$H$28&" Jahren" -> Investitionsplan vermietete Immobilie Prognoserechnung für eine Anlagedauer von maximal 50 Jahren
B4: Jahr | C4: Mieteinnah-men pro Monat | D4: Mieteinnah-men pro Jahr | E4: Mietein-nahmen kumuliert | F4: Nicht um-legbare Kosten pro Jahr | G4: Jahresrein-ertrag | H4: Hilfsfeld Rate 1 | I4: Hilfsfeld Rate 2 | J4: Kreditrate 1 (Euro) pro Jahr | K4: Kreditrate 2 (Euro) pro Jahr | L4: Kreditrate pro Jahr | M4: Sonder-tilgung Darlehen 1 (Freie Eingabe) | N4: Sonder-tilgung Darlehen 2 (Freie Eingabe) | O4: Zinssatz 1 | P4: Zins 1 | Q4: Tilgung 1 | R4: Zinssatz 2 | S4: Zins 2 | T4: Tilgung 2 | U4: Restschuld Darlehen 1 | V4: Restschuld Darlehen 2 | W4: Restschuld gesamt | X4: Bemessung für Afa | Y4: Afasatz Gebäude | Z4: Afa nicht über 100% | AA4: Afa Gebäude | AB4: Bemessung Afa Sanierung | AC4: Afa-Satz Sanierung | AD4: Afa Sanierung | AE4: Werbungs-kosten (Sofortabzug) | AF4: Steuer-wirkung | AG4: Überschuss/ Unterdeckung pro Jahr | AH4: Verkaufspreis | AI4: Restschuld fällig | AJ4: Liquidität | AK4: Überschuss/ Unterdeckung (Euro) pro Jahr | AL4: Überschuss/ Unterdeckung pro Monat | AM4: Überschuss/ Unterdeckung kumuliert über die Laufzeit | AN4: Möglicher Verkaufspreis laut angegebenen Faktor | AO4: Möglicher Überschuss nach Verkauf und Tilgung Darlehen | AP4: Verkaufspreis | AQ4: Überschuss kumuliert | AR4: Möglicher Gewinn nach abl. Darlehen | AS4: Restschuld | AT4: Jahresreinertrag | AU4: Annuität
B5: Spalte1 | C5: Spalte2 | D5: Spalte3 | E5: Spalte310 | F5: Spalte4 | G5: Spalte5 | H5: Spalte6 | I5: Spalte7 | J5: Spalte8 | K5: Spalte9 | L5: Spalte10 | M5: Spalte11 | N5: Spalte12 | O5: Spalte13 | P5: Spalte14 | Q5: Spalte15 | R5: Spalte16 | S5: Spalte17 | T5: Spalte18 | U5: Spalte19 | V5: Spalte20 | W5: Spalte21 | X5: Spalte22 | Y5: Spalte23 | Z5: Spalte232 | AA5: Spalte24 | AB5: Spalte25 | AC5: Spalte26 | AD5: Spalte27 | AE5: Spalte28 | AF5: Spalte29 | AG5: Spalte30 | AH5: Spalte31 | AI5: Spalte32 | AJ5: Spalte33 | AK5: Spalte34 | AL5: Spalte35 | AM5: Spalte36 | AN5: Spalte37 | AO5: Spalte38 | AP5: Spalte39 | AQ5: Spalte40 | AR5: Spalte41 | AS5: Spalte42 | AT5: Spalte43 | AU5: Spalte432
B6: 0 | E6: =IF(B6=0,0,E5+D6) -> 0 | U6: ='Eingabe Immodaten'!C27 -> 250122 | V6: ='Eingabe Immodaten'!H5 -> 0 | W6: =U6+V6 -> 250122 | Z6: =Tabelle12[[#This Row],[Spalte23]] -> 0 | AJ6: =-'Eingabe Immodaten'!C10 -> -268881.15 | AK6: =-'Eingabe Immodaten'!C22 -> -18759 | AM6: ='Eingabe Immodaten'!C22 -> 18759 | AP6: =IF(B6='Eingabe Immodaten'!$H$28,Ergebnistabelle!D6*'Eingabe Immodaten'!$H$22,0) -> 0 | AQ6: =IF(B6='Eingabe Immodaten'!$H$28,Ergebnistabelle!AM6,0) -> 0 | AR6: =IF(B6='Eingabe Immodaten'!$H$28,Ergebnistabelle!AO6,0) -> 0 | AS6: =IF(B6='Eingabe Immodaten'!$H$28,Ergebnistabelle!W6,0) -> 0 | AT6: =IF(B6='Eingabe Immodaten'!$H$28,Ergebnistabelle!G6,0) -> 0 | AU6: =IF(B6='Eingabe Immodaten'!$H$28,Ergebnistabelle!L6,0) -> 0
B7: 1 | C7: =D7/12 -> 950 | D7: =IF(B7=0,0,'Eingabe Immodaten'!C11) -> 11400 | E7: =IF(B7=0,0,E6+D7) -> 11400 | F7: ='Eingabe Immodaten'!C12+'Eingabe Immodaten'!C13 -> 1332.12 | G7: =D7-F7 -> 10067.88 | H7: =IF(B7=0,0,IF(B7<='Eingabe Immodaten'!$C$28,'Eingabe Immodaten'!$C$32,'Eingabe Immodaten'!$C$34)) -> 15757.686 | I7: =IF(B7=0,0,IF(B7<='Eingabe Immodaten'!$H$6,'Eingabe Immodaten'!$H$9,'Eingabe Immodaten'!$H$11)) -> 0 | J7: =IF(H7>U6,U6*(1+O7/100),H7) -> 15757.686 | K7: =IF(I7>V6,V6*(1+R7/100),I7) -> 0 | L7: =J7+K7 -> 15757.686 | M7: 0 | O7: =IF(B7=0,0,IF(B7<='Eingabe Immodaten'!$C$28,'Eingabe Immodaten'!$C$30,'Eingabe Immodaten'!$C$33)) -> 4.3 | P7: =IF(B7=0,0,U6*O7/100) -> 10755.246 | Q7: =J7-P7 -> 5002.44 | R7: =IF(B7=0,0,IF(B7<='Eingabe Immodaten'!$H$6,'Eingabe Immodaten'!$H$7,'Eingabe Immodaten'!$H$10)) -> 2.53 | S7: =IF(B7=0,0,V6*R7/100) -> 0 | T7: =K7-S7 -> 0 | U7: =IF(B7=0,0,U6-Q7-M7+0.0000001) -> 245119.56 | V7: =IF(B7=0,0,V6-T7-N7+0.0000001) -> 1e-07 | W7: =IF(B7=0,0,U7+V7) -> 245119.56 | X7: =IF(B7=0,0,'Eingabe Immodaten'!$H$14) -> 215104.92 | Y7: =IF(B7=0,0,('Eingabe Immodaten'!$H$15)) -> 3.5 | Z7: =IF(B7=0,0,IF(Z6+1>99,0,Z6+Tabelle12[[#This Row],[Spalte23]])) -> 3.5 | AA7: =X7*Y7/100 -> 7528.6722 | AB7: =IF(B7=0,0,IF(B7<13,'Eingabe Immodaten'!$H$16,0)) -> 0 | AC7: =IF(B7=0,0,IF(B7<9,9,IF(B7<13,7,0))) -> 9 | AD7: =AB7*AC7/100 -> 0 | AE7: ='Eingabe Immodaten'!C9+IF(B7=0,0,IF(B7<='Eingabe Immodaten'!$C$28,IF('Eingabe Immodaten'!$C$29>5,'Eingabe Immodaten'!$C$29/100*'Eingabe Immodaten'!$C$23/'Eingabe Immodaten'!$C$28,'Eingabe Immodaten'!$C$29/100*'Eingabe Immodaten'!$C$23),0)) -> 0 | AF7: =(G7-P7-S7-AA7-AD7-AE7)*'Eingabe Immodaten'!$H$19 -> -3204.2549 | AG7: =IF(B7=0,0,G7-AF7-L7+AH7) -> -2485.5511 | AI7: =IF(B7='Eingabe Immodaten'!$H$28,U7,0) -> 0 | AJ7: =G7-AF7+AH7 -> 13272.135 | AK7: =IF(B7=0,0,AG7+AH7-AI7) -> -2485.5511 | AL7: =AG7/12 -> -207.12926 | AM7: =AG7-AM6 -> -21244.551 | AN7: =IF(B7=0,0,D8*'Eingabe Immodaten'!$H$22) -> 260907.24 | AO7: =IF(D7=0,0,AN7-W7+Tabelle12[[#This Row],[Spalte36]]) -> -5456.8711 | AP7: =IF(B7='Eingabe Immodaten'!$H$28,Ergebnistabelle!D7*'Eingabe Immodaten'!$H$22,0) -> 0 | AQ7: =IF(B7='Eingabe Immodaten'!$H$28,Ergebnistabelle!AM7,0) -> 0 | AR7: =IF(B7='Eingabe Immodaten'!$H$28,Ergebnistabelle!AO7,0) -> 0 | AS7: =IF(B7='Eingabe Immodaten'!$H$28,Ergebnistabelle!W7,0) -> 0 | AT7: =IF(B7='Eingabe Immodaten'!$H$28,Ergebnistabelle!G7,0) -> 0 | AU7: =IF(B7='Eingabe Immodaten'!$H$28,Ergebnistabelle!L7,0) -> 0
B8: =IF(B7=0,0,IF(B7+1>'Eingabe Immodaten'!$H$28,0,B7+1)) -> 2 | C8: =D8/12 -> 978.5 | D8: =IF(B8=0,0,D7*(1+'Eingabe Immodaten'!$C$15/100)) -> 11742 | E8: =IF(B8=0,0,E7+D8) -> 23142 | F8: =IF(B8=0,0,F7*(1+'Eingabe Immodaten'!$C$16/100)) -> 1345.4412 | G8: =D8-F8 -> 10396.559 | H8: =IF(B8=0,0,IF(B8<='Eingabe Immodaten'!$C$28,'Eingabe Immodaten'!$C$32,'Eingabe Immodaten'!$C$34)) -> 15757.686 | I8: =IF(B8=0,0,IF(B8<='Eingabe Immodaten'!$H$6,'Eingabe Immodaten'!$H$9,'Eingabe Immodaten'!$H$11)) -> 0 | J8: =IF(H8>U7,U7*(1+O8/100),H8) -> 15757.686 | K8: =IF(I8>V7,V7*(1+R8/100),I8) -> 0 | L8: =J8+K8 -> 15757.686 | N8: 0 | O8: =IF(B8=0,0,IF(B8<='Eingabe Immodaten'!$C$28,'Eingabe Immodaten'!$C$30,'Eingabe Immodaten'!$C$33)) -> 4.3 | P8: =IF(B8=0,0,U7*O8/100) -> 10540.141 | Q8: =J8-P8 -> 5217.5449 | R8: =IF(B8=0,0,IF(B8<='Eingabe Immodaten'!$H$6,'Eingabe Immodaten'!$H$7,'Eingabe Immodaten'!$H$10)) -> 2.53 | S8: =IF(B8=0,0,V7*R8/100) -> 2.53e-09 | T8: =K8-S8 -> -2.53e-09 | U8: =IF(B8=0,0,U7-Q8-M8+0.0000001) -> 239902.02 | V8: =IF(B8=0,0,V7-T8-N8+0.0000001) -> 2.0253e-07 | W8: =IF(B8=0,0,U8+V8) -> 239902.02 | X8: =IF(B8=0,0,'Eingabe Immodaten'!$H$14) -> 215104.92 | Y8: =IF(B8=0,0,IF(Z7=0,0,('Eingabe Immodaten'!$H$15))) -> 3.5 | Z8: =IF(B8=0,0,IF(Z7+1>99,0,Z7+Tabelle12[[#This Row],[Spalte23]])) -> 7 | AA8: =X8*Y8/100 -> 7528.6722 | AB8: =IF(B8=0,0,IF(B8<13,'Eingabe Immodaten'!$H$16,0)) -> 0 | AC8: =IF(B8=0,0,IF(B8<9,9,IF(B8<13,7,0))) -> 9 | AD8: =AB8*AC8/100 -> 0 | AE8: =IF(B8=0,0,IF(B8<='Eingabe Immodaten'!$C$28,IF('Eingabe Immodaten'!$C$29>5,'Eingabe Immodaten'!$C$29/100*'Eingabe Immodaten'!$C$23/'Eingabe Immodaten'!$C$28,0),0)) -> 0 | AF8: =(G8-P8-S8-AA8-AD8)*'Eingabe Immodaten'!$H$19 -> -2992.1792 | AG8: =IF(B8=0,0,G8-AF8-L8+AH8) -> -2368.948 | AI8: =IF(B8='Eingabe Immodaten'!$H$28,U8,0) -> 0 | AJ8: =G8-AF8+AH8 -> 13388.738 | AK8: =IF(B8=0,0,AG8+AH8-AI8) -> -2368.948 | AL8: =AG8/12 -> -197.41233 | AM8: =IF(B8=0,0,AM7+AG8) -> -23613.499 | AN8: =IF(B8=0,0,D8*(1+'Eingabe Immodaten'!$C$15/100))*'Eingabe Immodaten'!H22 -> 268734.46 | AO8: =IF(D8=0,0,AN8-W8+Tabelle12[[#This Row],[Spalte36]]) -> 5218.9431 | AP8: =IF(B8='Eingabe Immodaten'!$H$28,Ergebnistabelle!D8*'Eingabe Immodaten'!$H$22,0) -> 0 | AQ8: =IF(B8='Eingabe Immodaten'!$H$28,Ergebnistabelle!AM8,0) -> 0 | AR8: =IF(B8='Eingabe Immodaten'!$H$28,Ergebnistabelle!AO8,0) -> 0 | AS8: =IF(B8='Eingabe Immodaten'!$H$28,Ergebnistabelle!W8,0) -> 0 | AT8: =IF(B8='Eingabe Immodaten'!$H$28,Ergebnistabelle!G8,0) -> 0 | AU8: =IF(B8='Eingabe Immodaten'!$H$28,Ergebnistabelle!L8,0) -> 0
B9: =IF(B8=0,0,IF(B8+1>'Eingabe Immodaten'!$H$28,0,B8+1)) -> 3 | C9: =D9/12 -> 1007.855 | D9: =IF(B9=0,0,D8*(1+'Eingabe Immodaten'!$C$15/100)) -> 12094.26 | E9: =IF(B9=0,0,E8+D9) -> 35236.26 | F9: =IF(B9=0,0,F8*(1+'Eingabe Immodaten'!$C$16/100)) -> 1358.8956 | G9: =D9-F9 -> 10735.364 | H9: =IF(B9=0,0,IF(B9<='Eingabe Immodaten'!$C$28,'Eingabe Immodaten'!$C$32,'Eingabe Immodaten'!$C$34)) -> 15757.686 | I9: =IF(B9=0,0,IF(B9<='Eingabe Immodaten'!$H$6,'Eingabe Immodaten'!$H$9,'Eingabe Immodaten'!$H$11)) -> 0 | J9: =IF(H9>U8,U8*(1+O9/100),H9) -> 15757.686 | K9: =IF(I9>V8,V8*(1+R9/100),I9) -> 0 | L9: =J9+K9 -> 15757.686 | O9: =IF(B9=0,0,IF(B9<='Eingabe Immodaten'!$C$28,'Eingabe Immodaten'!$C$30,'Eingabe Immodaten'!$C$33)) -> 4.3 | P9: =IF(B9=0,0,U8*O9/100) -> 10315.787 | Q9: =J9-P9 -> 5441.8994 | R9: =IF(B9=0,0,IF(B9<='Eingabe Immodaten'!$H$6,'Eingabe Immodaten'!$H$7,'Eingabe Immodaten'!$H$10)) -> 2.53 | S9: =IF(B9=0,0,V8*R9/100) -> 5.124009e-09 | T9: =K9-S9 -> -5.124009e-09 | U9: =IF(B9=0,0,U8-Q9-M9+0.0000001) -> 234460.12 | V9: =IF(B9=0,0,V8-T9-N9+0.0000001) -> 3.0765401e-07 | W9: =IF(B9=0,0,U9+V9) -> 234460.12 | X9: =IF(B9=0,0,'Eingabe Immodaten'!$H$14) -> 215104.92 | Y9: =IF(B9=0,0,IF(Z8=0,0,('Eingabe Immodaten'!$H$15))) -> 3.5 | Z9: =IF(B9=0,0,IF(Z8+1>99,0,Z8+Tabelle12[[#This Row],[Spalte23]])) -> 10.5 | AA9: =X9*Y9/100 -> 7528.6722 | AB9: =IF(B9=0,0,IF(B9<13,'Eingabe Immodaten'!$H$16,0)) -> 0 | AC9: =IF(B9=0,0,IF(B9<9,9,IF(B9<13,7,0))) -> 9 | AD9: =AB9*AC9/100 -> 0 | AE9: =IF(B9=0,0,IF(B9<='Eingabe Immodaten'!$C$28,IF('Eingabe Immodaten'!$C$29>5,'Eingabe Immodaten'!$C$29/100*'Eingabe Immodaten'!$C$23/'Eingabe Immodaten'!$C$28,0),0)) -> 0 | AF9: =(G9-P9-S9-AA9-AD9)*'Eingabe Immodaten'!$H$19 -> -2772.5468 | AG9: =IF(B9=0,0,G9-AF9-L9+AH9) -> -2249.7748 | AI9: =IF(B9='Eingabe Immodaten'!$H$28,U9,0) -> 0 | AJ9: =G9-AF9+AH9 -> 13507.911 | AK9: =IF(B9=0,0,AG9+AH9-AI9) -> -2249.7748 | AL9: =AG9/12 -> -187.48123 | AM9: =IF(B9=0,0,AM8+AG9) -> -25863.274 | AN9: =IF(B9=0,0,D9*(1+'Eingabe Immodaten'!$C$15/100))*'Eingabe Immodaten'!H22 -> 276796.49 | AO9: =IF(D9=0,0,AN9-W9+Tabelle12[[#This Row],[Spalte36]]) -> 16473.101 | AP9: =IF(B9='Eingabe Immodaten'!$H$28,Ergebnistabelle!D9*'Eingabe Immodaten'!$H$22,0) -> 0 | AQ9: =IF(B9='Eingabe Immodaten'!$H$28,Ergebnistabelle!AM9,0) -> 0 | AR9: =IF(B9='Eingabe Immodaten'!$H$28,Ergebnistabelle!AO9,0) -> 0 | AS9: =IF(B9='Eingabe Immodaten'!$H$28,Ergebnistabelle!W9,0) -> 0 | AT9: =IF(B9='Eingabe Immodaten'!$H$28,Ergebnistabelle!G9,0) -> 0 | AU9: =IF(B9='Eingabe Immodaten'!$H$28,Ergebnistabelle!L9,0) -> 0
B10: =IF(B9=0,0,IF(B9+1>'Eingabe Immodaten'!$H$28,0,B9+1)) -> 4 | C10: =D10/12 -> 1038.0907 | D10: =IF(B10=0,0,D9*(1+'Eingabe Immodaten'!$C$15/100)) -> 12457.088 | E10: =IF(B10=0,0,E9+D10) -> 47693.348 | F10: =IF(B10=0,0,F9*(1+'Eingabe Immodaten'!$C$16/100)) -> 1372.4846 | G10: =D10-F10 -> 11084.603 | H10: =IF(B10=0,0,IF(B10<='Eingabe Immodaten'!$C$28,'Eingabe Immodaten'!$C$32,'Eingabe Immodaten'!$C$34)) -> 15757.686 | I10: =IF(B10=0,0,IF(B10<='Eingabe Immodaten'!$H$6,'Eingabe Immodaten'!$H$9,'Eingabe Immodaten'!$H$11)) -> 0 | J10: =IF(H10>U9,U9*(1+O10/100),H10) -> 15757.686 | K10: =IF(I10>V9,V9*(1+R10/100),I10) -> 0 | L10: =J10+K10 -> 15757.686 | O10: =IF(B10=0,0,IF(B10<='Eingabe Immodaten'!$C$28,'Eingabe Immodaten'!$C$30,'Eingabe Immodaten'!$C$33)) -> 4.3 | P10: =IF(B10=0,0,U9*O10/100) -> 10081.785 | Q10: =J10-P10 -> 5675.901 | R10: =IF(B10=0,0,IF(B10<='Eingabe Immodaten'!$H$6,'Eingabe Immodaten'!$H$7,'Eingabe Immodaten'!$H$10)) -> 2.53 | S10: =IF(B10=0,0,V9*R10/100) -> 7.7836464e-09 | T10: =K10-S10 -> -7.7836464e-09 | U10: =IF(B10=0,0,U9-Q10-M10+0.0000001) -> 228784.21 | V10: =IF(B10=0,0,V9-T10-N10+0.0000001) -> 4.1543766e-07 | W10: =IF(B10=0,0,U10+V10) -> 228784.21 | X10: =IF(B10=0,0,'Eingabe Immodaten'!$H$14) -> 215104.92 | Y10: =IF(B10=0,0,IF(Z9=0,0,('Eingabe Immodaten'!$H$15))) -> 3.5 | Z10: =IF(B10=0,0,IF(Z9+1>99,0,Z9+Tabelle12[[#This Row],[Spalte23]])) -> 14 | AA10: =X10*Y10/100 -> 7528.6722 | AB10: =IF(B10=0,0,IF(B10<13,'Eingabe Immodaten'!$H$16,0)) -> 0 | AC10: =IF(B10=0,0,IF(B10<9,9,IF(B10<13,7,0))) -> 9 | AD10: =AB10*AC10/100 -> 0 | AE10: =IF(B10=0,0,IF(B10<='Eingabe Immodaten'!$C$28,IF('Eingabe Immodaten'!$C$29>5,'Eingabe Immodaten'!$C$29/100*'Eingabe Immodaten'!$C$23/'Eingabe Immodaten'!$C$28,0),0)) -> 0 | AF10: =(G10-P10-S10-AA10-AD10)*'Eingabe Immodaten'!$H$19 -> -2545.083 | AG10: =IF(B10=0,0,G10-AF10-L10+AH10) -> -2127.9997 | AI10: =IF(B10='Eingabe Immodaten'!$H$28,U10,0) -> 0 | AJ10: =G10-AF10+AH10 -> 13629.686 | AK10: =IF(B10=0,0,AG10+AH10-AI10) -> -2127.9997 | AL10: =AG10/12 -> -177.33331 | AM10: =IF(B10=0,0,AM9+AG10) -> -27991.274 | AN10: =IF(B10=0,0,D10*(1+'Eingabe Immodaten'!$C$15/100))*'Eingabe Immodaten'!H22 -> 285100.39 | AO10: =IF(D10=0,0,AN10-W10+Tabelle12[[#This Row],[Spalte36]]) -> 28324.897 | AP10: =IF(B10='Eingabe Immodaten'!$H$28,Ergebnistabelle!D10*'Eingabe Immodaten'!$H$22,0) -> 0 | AQ10: =IF(B10='Eingabe Immodaten'!$H$28,Ergebnistabelle!AM10,0) -> 0 | AR10: =IF(B10='Eingabe Immodaten'!$H$28,Ergebnistabelle!AO10,0) -> 0 | AS10: =IF(B10='Eingabe Immodaten'!$H$28,Ergebnistabelle!W10,0) -> 0 | AT10: =IF(B10='Eingabe Immodaten'!$H$28,Ergebnistabelle!G10,0) -> 0 | AU10: =IF(B10='Eingabe Immodaten'!$H$28,Ergebnistabelle!L10,0) -> 0
B11: =IF(B10=0,0,IF(B10+1>'Eingabe Immodaten'!$H$28,0,B10+1)) -> 5 | C11: =D11/12 -> 1069.2334 | D11: =IF(B11=0,0,D10*(1+'Eingabe Immodaten'!$C$15/100)) -> 12830.8 | E11: =IF(B11=0,0,E10+D11) -> 60524.148 | F11: =IF(B11=0,0,F10*(1+'Eingabe Immodaten'!$C$16/100)) -> 1386.2094 | G11: =D11-F11 -> 11444.591 | H11: =IF(B11=0,0,IF(B11<='Eingabe Immodaten'!$C$28,'Eingabe Immodaten'!$C$32,'Eingabe Immodaten'!$C$34)) -> 15757.686 | I11: =IF(B11=0,0,IF(B11<='Eingabe Immodaten'!$H$6,'Eingabe Immodaten'!$H$9,'Eingabe Immodaten'!$H$11)) -> 0 | J11: =IF(H11>U10,U10*(1+O11/100),H11) -> 15757.686 | K11: =IF(I11>V10,V10*(1+R11/100),I11) -> 0 | L11: =J11+K11 -> 15757.686 | O11: =IF(B11=0,0,IF(B11<='Eingabe Immodaten'!$C$28,'Eingabe Immodaten'!$C$30,'Eingabe Immodaten'!$C$33)) -> 4.3 | P11: =IF(B11=0,0,U10*O11/100) -> 9837.7212 | Q11: =J11-P11 -> 5919.9648 | R11: =IF(B11=0,0,IF(B11<='Eingabe Immodaten'!$H$6,'Eingabe Immodaten'!$H$7,'Eingabe Immodaten'!$H$10)) -> 2.53 | S11: =IF(B11=0,0,V10*R11/100) -> 1.0510573e-08 | T11: =K11-S11 -> -1.0510573e-08 | U11: =IF(B11=0,0,U10-Q11-M11+0.0000001) -> 222864.25 | V11: =IF(B11=0,0,V10-T11-N11+0.0000001) -> 5.2594823e-07 | W11: =IF(B11=0,0,U11+V11) -> 222864.25 | X11: =IF(B11=0,0,'Eingabe Immodaten'!$H$14) -> 215104.92 | Y11: =IF(B11=0,0,IF(Z10=0,0,('Eingabe Immodaten'!$H$15))) -> 3.5 | Z11: =IF(B11=0,0,IF(Z10+1>99,0,Z10+Tabelle12[[#This Row],[Spalte23]])) -> 17.5 | AA11: =X11*Y11/100 -> 7528.6722 | AB11: =IF(B11=0,0,IF(B11<13,'Eingabe Immodaten'!$H$16,0)) -> 0 | AC11: =IF(B11=0,0,IF(B11<9,9,IF(B11<13,7,0))) -> 9 | AD11: =AB11*AC11/100 -> 0 | AE11: =IF(B11=0,0,IF(B11<='Eingabe Immodaten'!$C$28,IF('Eingabe Immodaten'!$C$29>5,'Eingabe Immodaten'!$C$29/100*'Eingabe Immodaten'!$C$23/'Eingabe Immodaten'!$C$28,0),0)) -> 0 | AF11: =(G11-P11-S11-AA11-AD11)*'Eingabe Immodaten'!$H$19 -> -2309.5029 | AG11: =IF(B11=0,0,G11-AF11-L11+AH11) -> -2003.592 | AI11: =IF(B11='Eingabe Immodaten'!$H$28,U11,0) -> 0 | AJ11: =G11-AF11+AH11 -> 13754.094 | AK11: =IF(B11=0,0,AG11+AH11-AI11) -> -2003.592 | AL11: =AG11/12 -> -166.966 | AM11: =IF(B11=0,0,AM10+AG11) -> -29994.866 | AN11: =IF(B11=0,0,D11*(1+'Eingabe Immodaten'!$C$15/100))*'Eingabe Immodaten'!H22 -> 293653.4 | AO11: =IF(D11=0,0,AN11-W11+Tabelle12[[#This Row],[Spalte36]]) -> 40794.282 | AP11: =IF(B11='Eingabe Immodaten'!$H$28,Ergebnistabelle!D11*'Eingabe Immodaten'!$H$22,0) -> 0 | AQ11: =IF(B11='Eingabe Immodaten'!$H$28,Ergebnistabelle!AM11,0) -> 0 | AR11: =IF(B11='Eingabe Immodaten'!$H$28,Ergebnistabelle!AO11,0) -> 0 | AS11: =IF(B11='Eingabe Immodaten'!$H$28,Ergebnistabelle!W11,0) -> 0 | AT11: =IF(B11='Eingabe Immodaten'!$H$28,Ergebnistabelle!G11,0) -> 0 | AU11: =IF(B11='Eingabe Immodaten'!$H$28,Ergebnistabelle!L11,0) -> 0
B12: =IF(B11=0,0,IF(B11+1>'Eingabe Immodaten'!$H$28,0,B11+1)) -> 6 | C12: =D12/12 -> 1101.3104 | D12: =IF(B12=0,0,D11*(1+'Eingabe Immodaten'!$C$15/100)) -> 13215.724 | E12: =IF(B12=0,0,E11+D12) -> 73739.873 | F12: =IF(B12=0,0,F11*(1+'Eingabe Immodaten'!$C$16/100)) -> 1400.0715 | G12: =D12-F12 -> 11815.653 | H12: =IF(B12=0,0,IF(B12<='Eingabe Immodaten'!$C$28,'Eingabe Immodaten'!$C$32,'Eingabe Immodaten'!$C$34)) -> 15757.686 | I12: =IF(B12=0,0,IF(B12<='Eingabe Immodaten'!$H$6,'Eingabe Immodaten'!$H$9,'Eingabe Immodaten'!$H$11)) -> 0 | J12: =IF(H12>U11,U11*(1+O12/100),H12) -> 15757.686 | K12: =IF(I12>V11,V11*(1+R12/100),I12) -> 0 | L12: =J12+K12 -> 15757.686 | O12: =IF(B12=0,0,IF(B12<='Eingabe Immodaten'!$C$28,'Eingabe Immodaten'!$C$30,'Eingabe Immodaten'!$C$33)) -> 4.3 | P12: =IF(B12=0,0,U11*O12/100) -> 9583.1627 | Q12: =J12-P12 -> 6174.5233 | R12: =IF(B12=0,0,IF(B12<='Eingabe Immodaten'!$H$6,'Eingabe Immodaten'!$H$7,'Eingabe Immodaten'!$H$10)) -> 2.53 | S12: =IF(B12=0,0,V11*R12/100) -> 1.330649e-08 | T12: =K12-S12 -> -1.330649e-08 | U12: =IF(B12=0,0,U11-Q12-M12+0.0000001) -> 216689.73 | V12: =IF(B12=0,0,V11-T12-N12+0.0000001) -> 6.3925472e-07 | W12: =IF(B12=0,0,U12+V12) -> 216689.73 | X12: =IF(B12=0,0,'Eingabe Immodaten'!$H$14) -> 215104.92 | Y12: =IF(B12=0,0,IF(Z11=0,0,('Eingabe Immodaten'!$H$15))) -> 3.5 | Z12: =IF(B12=0,0,IF(Z11+1>99,0,Z11+Tabelle12[[#This Row],[Spalte23]])) -> 21 | AA12: =X12*Y12/100 -> 7528.6722 | AB12: =IF(B12=0,0,IF(B12<13,'Eingabe Immodaten'!$H$16,0)) -> 0 | AC12: =IF(B12=0,0,IF(B12<9,9,IF(B12<13,7,0))) -> 9 | AD12: =AB12*AC12/100 -> 0 | AE12: =IF(B12=0,0,IF(B12<='Eingabe Immodaten'!$C$28,IF('Eingabe Immodaten'!$C$29>5,'Eingabe Immodaten'!$C$29/100*'Eingabe Immodaten'!$C$23/'Eingabe Immodaten'!$C$28,0),0)) -> 0 | AF12: =(G12-P12-S12-AA12-AD12)*'Eingabe Immodaten'!$H$19 -> -2065.511 | AG12: =IF(B12=0,0,G12-AF12-L12+AH12) -> -1876.5221 | AI12: =IF(B12='Eingabe Immodaten'!$H$28,U12,0) -> 0 | AJ12: =G12-AF12+AH12 -> 13881.164 | AK12: =IF(B12=0,0,AG12+AH12-AI12) -> -1876.5221 | AL12: =AG12/12 -> -156.37684 | AM12: =IF(B12=0,0,AM11+AG12) -> -31871.388 | AN12: =IF(B12=0,0,D12*(1+'Eingabe Immodaten'!$C$15/100))*'Eingabe Immodaten'!H22 -> 302463 | AO12: =IF(D12=0,0,AN12-W12+Tabelle12[[#This Row],[Spalte36]]) -> 53901.885 | AP12: =IF(B12='Eingabe Immodaten'!$H$28,Ergebnistabelle!D12*'Eingabe Immodaten'!$H$22,0) -> 0 | AQ12: =IF(B12='Eingabe Immodaten'!$H$28,Ergebnistabelle!AM12,0) -> 0 | AR12: =IF(B12='Eingabe Immodaten'!$H$28,Ergebnistabelle!AO12,0) -> 0 | AS12: =IF(B12='Eingabe Immodaten'!$H$28,Ergebnistabelle!W12,0) -> 0 | AT12: =IF(B12='Eingabe Immodaten'!$H$28,Ergebnistabelle!G12,0) -> 0 | AU12: =IF(B12='Eingabe Immodaten'!$H$28,Ergebnistabelle!L12,0) -> 0
B13: =IF(B12=0,0,IF(B12+1>'Eingabe Immodaten'!$H$28,0,B12+1)) -> 7 | C13: =D13/12 -> 1134.3497 | D13: =IF(B13=0,0,D12*(1+'Eingabe Immodaten'!$C$15/100)) -> 13612.196 | E13: =IF(B13=0,0,E12+D13) -> 87352.069 | F13: =IF(B13=0,0,F12*(1+'Eingabe Immodaten'!$C$16/100)) -> 1414.0722 | G13: =D13-F13 -> 12198.124 | H13: =IF(B13=0,0,IF(B13<='Eingabe Immodaten'!$C$28,'Eingabe Immodaten'!$C$32,'Eingabe Immodaten'!$C$34)) -> 15757.686 | I13: =IF(B13=0,0,IF(B13<='Eingabe Immodaten'!$H$6,'Eingabe Immodaten'!$H$9,'Eingabe Immodaten'!$H$11)) -> 0 | J13: =IF(H13>U12,U12*(1+O13/100),H13) -> 15757.686 | K13: =IF(I13>V12,V12*(1+R13/100),I13) -> 0 | L13: =J13+K13 -> 15757.686 | O13: =IF(B13=0,0,IF(B13<='Eingabe Immodaten'!$C$28,'Eingabe Immodaten'!$C$30,'Eingabe Immodaten'!$C$33)) -> 4.3 | P13: =IF(B13=0,0,U12*O13/100) -> 9317.6582 | Q13: =J13-P13 -> 6440.0278 | R13: =IF(B13=0,0,IF(B13<='Eingabe Immodaten'!$H$6,'Eingabe Immodaten'!$H$7,'Eingabe Immodaten'!$H$10)) -> 2.53 | S13: =IF(B13=0,0,V12*R13/100) -> 1.6173144e-08 | T13: =K13-S13 -> -1.6173144e-08 | U13: =IF(B13=0,0,U12-Q13-M13+0.0000001) -> 210249.7 | V13: =IF(B13=0,0,V12-T13-N13+0.0000001) -> 7.5542786e-07 | W13: =IF(B13=0,0,U13+V13) -> 210249.7 | X13: =IF(B13=0,0,'Eingabe Immodaten'!$H$14) -> 215104.92 | Y13: =IF(B13=0,0,IF(Z12=0,0,('Eingabe Immodaten'!$H$15))) -> 3.5 | Z13: =IF(B13=0,0,IF(Z12+1>99,0,Z12+Tabelle12[[#This Row],[Spalte23]])) -> 24.5 | AA13: =X13*Y13/100 -> 7528.6722 | AB13: =IF(B13=0,0,IF(B13<13,'Eingabe Immodaten'!$H$16,0)) -> 0 | AC13: =IF(B13=0,0,IF(B13<9,9,IF(B13<13,7,0))) -> 9 | AD13: =AB13*AC13/100 -> 0 | AE13: =IF(B13=0,0,IF(B13<='Eingabe Immodaten'!$C$28,IF('Eingabe Immodaten'!$C$29>5,'Eingabe Immodaten'!$C$29/100*'Eingabe Immodaten'!$C$23/'Eingabe Immodaten'!$C$28,0),0)) -> 0 | AF13: =(G13-P13-S13-AA13-AD13)*'Eingabe Immodaten'!$H$19 -> -1812.8005 | AG13: =IF(B13=0,0,G13-AF13-L13+AH13) -> -1746.7615 | AI13: =IF(B13='Eingabe Immodaten'!$H$28,U13,0) -> 0 | AJ13: =G13-AF13+AH13 -> 14010.924 | AK13: =IF(B13=0,0,AG13+AH13-AI13) -> -1746.7615 | AL13: =AG13/12 -> -145.56346 | AM13: =IF(B13=0,0,AM12+AG13) -> -33618.149 | AN13: =IF(B13=0,0,D13*(1+'Eingabe Immodaten'!$C$15/100))*'Eingabe Immodaten'!H22 -> 311536.89 | AO13: =IF(D13=0,0,AN13-W13+Tabelle12[[#This Row],[Spalte36]]) -> 67669.041 | AP13: =IF(B13='Eingabe Immodaten'!$H$28,Ergebnistabelle!D13*'Eingabe Immodaten'!$H$22,0) -> 0 | AQ13: =IF(B13='Eingabe Immodaten'!$H$28,Ergebnistabelle!AM13,0) -> 0 | AR13: =IF(B13='Eingabe Immodaten'!$H$28,Ergebnistabelle!AO13,0) -> 0 | AS13: =IF(B13='Eingabe Immodaten'!$H$28,Ergebnistabelle!W13,0) -> 0 | AT13: =IF(B13='Eingabe Immodaten'!$H$28,Ergebnistabelle!G13,0) -> 0 | AU13: =IF(B13='Eingabe Immodaten'!$H$28,Ergebnistabelle!L13,0) -> 0
B14: =IF(B13=0,0,IF(B13+1>'Eingabe Immodaten'!$H$28,0,B13+1)) -> 8 | C14: =D14/12 -> 1168.3802 | D14: =IF(B14=0,0,D13*(1+'Eingabe Immodaten'!$C$15/100)) -> 14020.562 | E14: =IF(B14=0,0,E13+D14) -> 101372.63 | F14: =IF(B14=0,0,F13*(1+'Eingabe Immodaten'!$C$16/100)) -> 1428.2129 | G14: =D14-F14 -> 12592.349 | H14: =IF(B14=0,0,IF(B14<='Eingabe Immodaten'!$C$28,'Eingabe Immodaten'!$C$32,'Eingabe Immodaten'!$C$34)) -> 15757.686 | I14: =IF(B14=0,0,IF(B14<='Eingabe Immodaten'!$H$6,'Eingabe Immodaten'!$H$9,'Eingabe Immodaten'!$H$11)) -> 0 | J14: =IF(H14>U13,U13*(1+O14/100),H14) -> 15757.686 | K14: =IF(I14>V13,V13*(1+R14/100),I14) -> 0 | L14: =J14+K14 -> 15757.686 | O14: =IF(B14=0,0,IF(B14<='Eingabe Immodaten'!$C$28,'Eingabe Immodaten'!$C$30,'Eingabe Immodaten'!$C$33)) -> 4.3 | P14: =IF(B14=0,0,U13*O14/100) -> 9040.7371 | Q14: =J14-P14 -> 6716.9489 | R14: =IF(B14=0,0,IF(B14<='Eingabe Immodaten'!$H$6,'Eingabe Immodaten'!$H$7,'Eingabe Immodaten'!$H$10)) -> 2.53 | S14: =IF(B14=0,0,V13*R14/100) -> 1.9112325e-08 | T14: =K14-S14 -> -1.9112325e-08 | U14: =IF(B14=0,0,U13-Q14-M14+0.0000001) -> 203532.75 | V14: =IF(B14=0,0,V13-T14-N14+0.0000001) -> 8.7454019e-07 | W14: =IF(B14=0,0,U14+V14) -> 203532.75 | X14: =IF(B14=0,0,'Eingabe Immodaten'!$H$14) -> 215104.92 | Y14: =IF(B14=0,0,IF(Z13=0,0,('Eingabe Immodaten'!$H$15))) -> 3.5 | Z14: =IF(B14=0,0,IF(Z13+1>99,0,Z13+Tabelle12[[#This Row],[Spalte23]])) -> 28 | AA14: =X14*Y14/100 -> 7528.6722 | AB14: =IF(B14=0,0,IF(B14<13,'Eingabe Immodaten'!$H$16,0)) -> 0 | AC14: =IF(B14=0,0,IF(B14<9,9,IF(B14<13,7,0))) -> 9 | AD14: =AB14*AC14/100 -> 0 | AE14: =IF(B14=0,0,IF(B14<='Eingabe Immodaten'!$C$28,IF('Eingabe Immodaten'!$C$29>5,'Eingabe Immodaten'!$C$29/100*'Eingabe Immodaten'!$C$23/'Eingabe Immodaten'!$C$28,0),0)) -> 0 | AF14: =(G14-P14-S14-AA14-AD14)*'Eingabe Immodaten'!$H$19 -> -1551.0535 | AG14: =IF(B14=0,0,G14-AF14-L14+AH14) -> -1614.2834 | AI14: =IF(B14='Eingabe Immodaten'!$H$28,U14,0) -> 0 | AJ14: =G14-AF14+AH14 -> 14143.403 | AK14: =IF(B14=0,0,AG14+AH14-AI14) -> -1614.2834 | AL14: =AG14/12 -> -134.52362 | AM14: =IF(B14=0,0,AM13+AG14) -> -35232.433 | AN14: =IF(B14=0,0,D14*(1+'Eingabe Immodaten'!$C$15/100))*'Eingabe Immodaten'!H22 -> 320883 | AO14: =IF(D14=0,0,AN14-W14+Tabelle12[[#This Row],[Spalte36]]) -> 82117.813 | AP14: =IF(B14='Eingabe Immodaten'!$H$28,Ergebnistabelle!D14*'Eingabe Immodaten'!$H$22,0) -> 0 | AQ14: =IF(B14='Eingabe Immodaten'!$H$28,Ergebnistabelle!AM14,0) -> 0 | AR14: =IF(B14='Eingabe Immodaten'!$H$28,Ergebnistabelle!AO14,0) -> 0 | AS14: =IF(B14='Eingabe Immodaten'!$H$28,Ergebnistabelle!W14,0) -> 0 | AT14: =IF(B14='Eingabe Immodaten'!$H$28,Ergebnistabelle!G14,0) -> 0 | AU14: =IF(B14='Eingabe Immodaten'!$H$28,Ergebnistabelle!L14,0) -> 0
B15: =IF(B14=0,0,IF(B14+1>'Eingabe Immodaten'!$H$28,0,B14+1)) -> 9 | C15: =D15/12 -> 1203.4316 | D15: =IF(B15=0,0,D14*(1+'Eingabe Immodaten'!$C$15/100)) -> 14441.179 | E15: =IF(B15=0,0,E14+D15) -> 115813.81 | F15: =IF(B15=0,0,F14*(1+'Eingabe Immodaten'!$C$16/100)) -> 1442.4951 | G15: =D15-F15 -> 12998.684 | H15: =IF(B15=0,0,IF(B15<='Eingabe Immodaten'!$C$28,'Eingabe Immodaten'!$C$32,'Eingabe Immodaten'!$C$34)) -> 15757.686 | I15: =IF(B15=0,0,IF(B15<='Eingabe Immodaten'!$H$6,'Eingabe Immodaten'!$H$9,'Eingabe Immodaten'!$H$11)) -> 0 | J15: =IF(H15>U14,U14*(1+O15/100),H15) -> 15757.686 | K15: =IF(I15>V14,V14*(1+R15/100),I15) -> 0 | L15: =J15+K15 -> 15757.686 | O15: =IF(B15=0,0,IF(B15<='Eingabe Immodaten'!$C$28,'Eingabe Immodaten'!$C$30,'Eingabe Immodaten'!$C$33)) -> 4.3 | P15: =IF(B15=0,0,U14*O15/100) -> 8751.9082 | Q15: =J15-P15 -> 7005.7778 | R15: =IF(B15=0,0,IF(B15<='Eingabe Immodaten'!$H$6,'Eingabe Immodaten'!$H$7,'Eingabe Immodaten'!$H$10)) -> 2.53 | S15: =IF(B15=0,0,V14*R15/100) -> 2.2125867e-08 | T15: =K15-S15 -> -2.2125867e-08 | U15: =IF(B15=0,0,U14-Q15-M15+0.0000001) -> 196526.97 | V15: =IF(B15=0,0,V14-T15-N15+0.0000001) -> 9.9666605e-07 | W15: =IF(B15=0,0,U15+V15) -> 196526.97 | X15: =IF(B15=0,0,'Eingabe Immodaten'!$H$14) -> 215104.92 | Y15: =IF(B15=0,0,IF(Z14=0,0,('Eingabe Immodaten'!$H$15))) -> 3.5 | Z15: =IF(B15=0,0,IF(Z14+1>99,0,Z14+Tabelle12[[#This Row],[Spalte23]])) -> 31.5 | AA15: =X15*Y15/100 -> 7528.6722 | AB15: =IF(B15=0,0,IF(B15<13,'Eingabe Immodaten'!$H$16,0)) -> 0 | AC15: =IF(B15=0,0,IF(B15<9,9,IF(B15<13,7,0))) -> 7 | AD15: =AB15*AC15/100 -> 0 | AE15: =IF(B15=0,0,IF(B15<='Eingabe Immodaten'!$C$28,IF('Eingabe Immodaten'!$C$29>5,'Eingabe Immodaten'!$C$29/100*'Eingabe Immodaten'!$C$23/'Eingabe Immodaten'!$C$28,0),0)) -> 0 | AF15: =(G15-P15-S15-AA15-AD15)*'Eingabe Immodaten'!$H$19 -> -1279.9397 | AG15: =IF(B15=0,0,G15-AF15-L15+AH15) -> -1479.0625 | AI15: =IF(B15='Eingabe Immodaten'!$H$28,U15,0) -> 0 | AJ15: =G15-AF15+AH15 -> 14278.624 | AK15: =IF(B15=0,0,AG15+AH15-AI15) -> -1479.0625 | AL15: =AG15/12 -> -123.25521 | AM15: =IF(B15=0,0,AM14+AG15) -> -36711.495 | AN15: =IF(B15=0,0,D15*(1+'Eingabe Immodaten'!$C$15/100))*'Eingabe Immodaten'!H22 -> 330509.49 | AO15: =IF(D15=0,0,AN15-W15+Tabelle12[[#This Row],[Spalte36]]) -> 97271.018 | AP15: =IF(B15='Eingabe Immodaten'!$H$28,Ergebnistabelle!D15*'Eingabe Immodaten'!$H$22,0) -> 0 | AQ15: =IF(B15='Eingabe Immodaten'!$H$28,Ergebnistabelle!AM15,0) -> 0 | AR15: =IF(B15='Eingabe Immodaten'!$H$28,Ergebnistabelle!AO15,0) -> 0 | AS15: =IF(B15='Eingabe Immodaten'!$H$28,Ergebnistabelle!W15,0) -> 0 | AT15: =IF(B15='Eingabe Immodaten'!$H$28,Ergebnistabelle!G15,0) -> 0 | AU15: =IF(B15='Eingabe Immodaten'!$H$28,Ergebnistabelle!L15,0) -> 0
B16: =IF(B15=0,0,IF(B15+1>'Eingabe Immodaten'!$H$28,0,B15+1)) -> 10 | C16: =D16/12 -> 1239.5345 | D16: =IF(B16=0,0,D15*(1+'Eingabe Immodaten'!$C$15/100)) -> 14874.414 | E16: =IF(B16=0,0,E15+D16) -> 130688.22 | F16: =IF(B16=0,0,F15*(1+'Eingabe Immodaten'!$C$16/100)) -> 1456.92 | G16: =D16-F16 -> 13417.494 | H16: =IF(B16=0,0,IF(B16<='Eingabe Immodaten'!$C$28,'Eingabe Immodaten'!$C$32,'Eingabe Immodaten'!$C$34)) -> 15757.686 | I16: =IF(B16=0,0,IF(B16<='Eingabe Immodaten'!$H$6,'Eingabe Immodaten'!$H$9,'Eingabe Immodaten'!$H$11)) -> 0 | J16: =IF(H16>U15,U15*(1+O16/100),H16) -> 15757.686 | K16: =IF(I16>V15,V15*(1+R16/100),I16) -> 0 | L16: =J16+K16 -> 15757.686 | M16: 0 | O16: =IF(B16=0,0,IF(B16<='Eingabe Immodaten'!$C$28,'Eingabe Immodaten'!$C$30,'Eingabe Immodaten'!$C$33)) -> 4.3 | P16: =IF(B16=0,0,U15*O16/100) -> 8450.6598 | Q16: =J16-P16 -> 7307.0262 | R16: =IF(B16=0,0,IF(B16<='Eingabe Immodaten'!$H$6,'Eingabe Immodaten'!$H$7,'Eingabe Immodaten'!$H$10)) -> 2.53 | S16: =IF(B16=0,0,V15*R16/100) -> 2.5215651e-08 | T16: =K16-S16 -> -2.5215651e-08 | U16: =IF(B16=0,0,U15-Q16-M16+0.0000001) -> 189219.95 | V16: =IF(B16=0,0,V15-T16-N16+0.0000001) -> 1.1218817e-06 | W16: =IF(B16=0,0,U16+V16) -> 189219.95 | X16: =IF(B16=0,0,'Eingabe Immodaten'!$H$14) -> 215104.92 | Y16: =IF(B16=0,0,IF(Z15=0,0,('Eingabe Immodaten'!$H$15))) -> 3.5 | Z16: =IF(B16=0,0,IF(Z15+1>99,0,Z15+Tabelle12[[#This Row],[Spalte23]])) -> 35 | AA16: =X16*Y16/100 -> 7528.6722 | AB16: =IF(B16=0,0,IF(B16<13,'Eingabe Immodaten'!$H$16,0)) -> 0 | AC16: =IF(B16=0,0,IF(B16<9,9,IF(B16<13,7,0))) -> 7 | AD16: =AB16*AC16/100 -> 0 | AE16: =IF(B16=0,0,IF(B16<='Eingabe Immodaten'!$C$28,IF('Eingabe Immodaten'!$C$29>5,'Eingabe Immodaten'!$C$29/100*'Eingabe Immodaten'!$C$23/'Eingabe Immodaten'!$C$28,0),0)) -> 0 | AF16: =(G16-P16-S16-AA16-AD16)*'Eingabe Immodaten'!$H$19 -> -999.11672 | AG16: =IF(B16=0,0,G16-AF16-L16+AH16) -> -1341.075 | AI16: =IF(B16='Eingabe Immodaten'!$H$28,U16,0) -> 0 | AJ16: =G16-AF16+AH16 -> 14416.611 | AK16: =IF(B16=0,0,AG16+AH16-AI16) -> -1341.075 | AL16: =AG16/12 -> -111.75625 | AM16: =IF(B16=0,0,AM15+AG16) -> -38052.57 | AN16: =IF(B16=0,0,D16*(1+'Eingabe Immodaten'!$C$15/100))*'Eingabe Immodaten'!H22 -> 340424.77 | AO16: =IF(D16=0,0,AN16-W16+Tabelle12[[#This Row],[Spalte36]]) -> 113152.25 | AP16: =IF(B16='Eingabe Immodaten'!$H$28,Ergebnistabelle!D16*'Eingabe Immodaten'!$H$22,0) -> 0 | AQ16: =IF(B16='Eingabe Immodaten'!$H$28,Ergebnistabelle!AM16,0) -> 0 | AR16: =IF(B16='Eingabe Immodaten'!$H$28,Ergebnistabelle!AO16,0) -> 0 | AS16: =IF(B16='Eingabe Immodaten'!$H$28,Ergebnistabelle!W16,0) -> 0 | AT16: =IF(B16='Eingabe Immodaten'!$H$28,Ergebnistabelle!G16,0) -> 0 | AU16: =IF(B16='Eingabe Immodaten'!$H$28,Ergebnistabelle!L16,0) -> 0
B17: =IF(B16=0,0,IF(B16+1>'Eingabe Immodaten'!$H$28,0,B16+1)) -> 11 | C17: =D17/12 -> 1276.7206 | D17: =IF(B17=0,0,D16*(1+'Eingabe Immodaten'!$C$15/100)) -> 15320.647 | E17: =IF(B17=0,0,E16+D17) -> 146008.87 | F17: =IF(B17=0,0,F16*(1+'Eingabe Immodaten'!$C$16/100)) -> 1471.4892 | G17: =D17-F17 -> 13849.157 | H17: =IF(B17=0,0,IF(B17<='Eingabe Immodaten'!$C$28,'Eingabe Immodaten'!$C$32,'Eingabe Immodaten'!$C$34)) -> 15907.759 | I17: =IF(B17=0,0,IF(B17<='Eingabe Immodaten'!$H$6,'Eingabe Immodaten'!$H$9,'Eingabe Immodaten'!$H$11)) -> 0 | J17: =IF(H17>U16,U16*(1+O17/100),H17) -> 15907.759 | K17: =IF(I17>V16,V16*(1+R17/100),I17) -> 0 | L17: =J17+K17 -> 15907.759 | O17: =IF(B17=0,0,IF(B17<='Eingabe Immodaten'!$C$28,'Eingabe Immodaten'!$C$30,'Eingabe Immodaten'!$C$33)) -> 4.36 | P17: =IF(B17=0,0,U16*O17/100) -> 8249.9896 | Q17: =J17-P17 -> 7657.7696 | R17: =IF(B17=0,0,IF(B17<='Eingabe Immodaten'!$H$6,'Eingabe Immodaten'!$H$7,'Eingabe Immodaten'!$H$10)) -> 2.53 | S17: =IF(B17=0,0,V16*R17/100) -> 2.8383607e-08 | T17: =K17-S17 -> -2.8383607e-08 | U17: =IF(B17=0,0,U16-Q17-M17+0.0000001) -> 181562.18 | V17: =IF(B17=0,0,V16-T17-N17+0.0000001) -> 1.2502653e-06 | W17: =IF(B17=0,0,U17+V17) -> 181562.18 | X17: =IF(B17=0,0,'Eingabe Immodaten'!$H$14) -> 215104.92 | Y17: =IF(B17=0,0,IF(Z16=0,0,('Eingabe Immodaten'!$H$15))) -> 3.5 | Z17: =IF(B17=0,0,IF(Z16+1>99,0,Z16+Tabelle12[[#This Row],[Spalte23]])) -> 38.5 | AA17: =X17*Y17/100 -> 7528.6722 | AB17: =IF(B17=0,0,IF(B17<13,'Eingabe Immodaten'!$H$16,0)) -> 0 | AC17: =IF(B17=0,0,IF(B17<9,9,IF(B17<13,7,0))) -> 7 | AD17: =AB17*AC17/100 -> 0 | AE17: =IF(B17=0,0,IF(B17<='Eingabe Immodaten'!$C$28,IF('Eingabe Immodaten'!$C$29>5,'Eingabe Immodaten'!$C$29/100*'Eingabe Immodaten'!$C$23/'Eingabe Immodaten'!$C$28,0),0)) -> 0 | AF17: =(G17-P17-S17-AA17-AD17)*'Eingabe Immodaten'!$H$19 -> -752.5067 | AG17: =IF(B17=0,0,G17-AF17-L17+AH17) -> -1306.095 | AI17: =IF(B17='Eingabe Immodaten'!$H$28,U17,0) -> 0 | AJ17: =G17-AF17+AH17 -> 14601.664 | AK17: =IF(B17=0,0,AG17+AH17-AI17) -> -1306.095 | AL17: =AG17/12 -> -108.84125 | AM17: =IF(B17=0,0,AM16+AG17) -> -39358.665 | AN17: =IF(B17=0,0,D17*(1+'Eingabe Immodaten'!$C$15/100))*'Eingabe Immodaten'!H22 -> 350637.51 | AO17: =IF(D17=0,0,AN17-W17+Tabelle12[[#This Row],[Spalte36]]) -> 129716.67 | AP17: =IF(B17='Eingabe Immodaten'!$H$28,Ergebnistabelle!D17*'Eingabe Immodaten'!$H$22,0) -> 0 | AQ17: =IF(B17='Eingabe Immodaten'!$H$28,Ergebnistabelle!AM17,0) -> 0 | AR17: =IF(B17='Eingabe Immodaten'!$H$28,Ergebnistabelle!AO17,0) -> 0 | AS17: =IF(B17='Eingabe Immodaten'!$H$28,Ergebnistabelle!W17,0) -> 0 | AT17: =IF(B17='Eingabe Immodaten'!$H$28,Ergebnistabelle!G17,0) -> 0 | AU17: =IF(B17='Eingabe Immodaten'!$H$28,Ergebnistabelle!L17,0) -> 0
B18: =IF(B17=0,0,IF(B17+1>'Eingabe Immodaten'!$H$28,0,B17+1)) -> 12 | C18: =D18/12 -> 1315.0222 | D18: =IF(B18=0,0,D17*(1+'Eingabe Immodaten'!$C$15/100)) -> 15780.266 | E18: =IF(B18=0,0,E17+D18) -> 161789.14 | F18: =IF(B18=0,0,F17*(1+'Eingabe Immodaten'!$C$16/100)) -> 1486.2041 | G18: =D18-F18 -> 14294.062 | H18: =IF(B18=0,0,IF(B18<='Eingabe Immodaten'!$C$28,'Eingabe Immodaten'!$C$32,'Eingabe Immodaten'!$C$34)) -> 15907.759 | I18: =IF(B18=0,0,IF(B18<='Eingabe Immodaten'!$H$6,'Eingabe Immodaten'!$H$9,'Eingabe Immodaten'!$H$11)) -> 0 | J18: =IF(H18>U17,U17*(1+O18/100),H18) -> 15907.759 | K18: =IF(I18>V17,V17*(1+R18/100),I18) -> 0 | L18: =J18+K18 -> 15907.759 | O18: =IF(B18=0,0,IF(B18<='Eingabe Immodaten'!$C$28,'Eingabe Immodaten'!$C$30,'Eingabe Immodaten'!$C$33)) -> 4.36 | P18: =IF(B18=0,0,U17*O18/100) -> 7916.1109 | Q18: =J18-P18 -> 7991.6483 | R18: =IF(B18=0,0,IF(B18<='Eingabe Immodaten'!$H$6,'Eingabe Immodaten'!$H$7,'Eingabe Immodaten'!$H$10)) -> 2.53 | S18: =IF(B18=0,0,V17*R18/100) -> 3.1631712e-08 | T18: =K18-S18 -> -3.1631712e-08 | U18: =IF(B18=0,0,U17-Q18-M18+0.0000001) -> 173570.53 | V18: =IF(B18=0,0,V17-T18-N18+0.0000001) -> 1.381897e-06 | W18: =IF(B18=0,0,U18+V18) -> 173570.53 | X18: =IF(B18=0,0,'Eingabe Immodaten'!$H$14) -> 215104.92 | Y18: =IF(B18=0,0,IF(Z17=0,0,('Eingabe Immodaten'!$H$15))) -> 3.5 | Z18: =IF(B18=0,0,IF(Z17+1>99,0,Z17+Tabelle12[[#This Row],[Spalte23]])) -> 42 | AA18: =X18*Y18/100 -> 7528.6722 | AB18: =IF(B18=0,0,IF(B18<13,'Eingabe Immodaten'!$H$16,0)) -> 0 | AC18: =IF(B18=0,0,IF(B18<9,9,IF(B18<13,7,0))) -> 7 | AD18: =AB18*AC18/100 -> 0 | AE18: =IF(B18=0,0,IF(B18<='Eingabe Immodaten'!$C$28,IF('Eingabe Immodaten'!$C$29>5,'Eingabe Immodaten'!$C$29/100*'Eingabe Immodaten'!$C$23/'Eingabe Immodaten'!$C$28,0),0)) -> 0 | AF18: =(G18-P18-S18-AA18-AD18)*'Eingabe Immodaten'!$H$19 -> -448.78122 | AG18: =IF(B18=0,0,G18-AF18-L18+AH18) -> -1164.916 | AI18: =IF(B18='Eingabe Immodaten'!$H$28,U18,0) -> 0 | AJ18: =G18-AF18+AH18 -> 14742.843 | AK18: =IF(B18=0,0,AG18+AH18-AI18) -> -1164.916 | AL18: =AG18/12 -> -97.076331 | AM18: =IF(B18=0,0,AM17+AG18) -> -40523.581 | AN18: =IF(B18=0,0,D18*(1+'Eingabe Immodaten'!$C$15/100))*'Eingabe Immodaten'!H22 -> 361156.64 | AO18: =IF(D18=0,0,AN18-W18+Tabelle12[[#This Row],[Spalte36]]) -> 147062.53 | AP18: =IF(B18='Eingabe Immodaten'!$H$28,Ergebnistabelle!D18*'Eingabe Immodaten'!$H$22,0) -> 0 | AQ18: =IF(B18='Eingabe Immodaten'!$H$28,Ergebnistabelle!AM18,0) -> 0 | AR18: =IF(B18='Eingabe Immodaten'!$H$28,Ergebnistabelle!AO18,0) -> 0 | AS18: =IF(B18='Eingabe Immodaten'!$H$28,Ergebnistabelle!W18,0) -> 0 | AT18: =IF(B18='Eingabe Immodaten'!$H$28,Ergebnistabelle!G18,0) -> 0 | AU18: =IF(B18='Eingabe Immodaten'!$H$28,Ergebnistabelle!L18,0) -> 0
B19: =IF(B18=0,0,IF(B18+1>'Eingabe Immodaten'!$H$28,0,B18+1)) -> 13 | C19: =D19/12 -> 1354.4728 | D19: =IF(B19=0,0,D18*(1+'Eingabe Immodaten'!$C$15/100)) -> 16253.674 | E19: =IF(B19=0,0,E18+D19) -> 178042.81 | F19: =IF(B19=0,0,F18*(1+'Eingabe Immodaten'!$C$16/100)) -> 1501.0662 | G19: =D19-F19 -> 14752.608 | H19: =IF(B19=0,0,IF(B19<='Eingabe Immodaten'!$C$28,'Eingabe Immodaten'!$C$32,'Eingabe Immodaten'!$C$34)) -> 15907.759 | I19: =IF(B19=0,0,IF(B19<='Eingabe Immodaten'!$H$6,'Eingabe Immodaten'!$H$9,'Eingabe Immodaten'!$H$11)) -> 0 | J19: =IF(H19>U18,U18*(1+O19/100),H19) -> 15907.759 | K19: =IF(I19>V18,V18*(1+R19/100),I19) -> 0 | L19: =J19+K19 -> 15907.759 | O19: =IF(B19=0,0,IF(B19<='Eingabe Immodaten'!$C$28,'Eingabe Immodaten'!$C$30,'Eingabe Immodaten'!$C$33)) -> 4.36 | P19: =IF(B19=0,0,U18*O19/100) -> 7567.675 | Q19: =J19-P19 -> 8340.0842 | R19: =IF(B19=0,0,IF(B19<='Eingabe Immodaten'!$H$6,'Eingabe Immodaten'!$H$7,'Eingabe Immodaten'!$H$10)) -> 2.53 | S19: =IF(B19=0,0,V18*R19/100) -> 3.4961995e-08 | T19: =K19-S19 -> -3.4961995e-08 | U19: =IF(B19=0,0,U18-Q19-M19+0.0000001) -> 165230.44 | V19: =IF(B19=0,0,V18-T19-N19+0.0000001) -> 1.516859e-06 | W19: =IF(B19=0,0,U19+V19) -> 165230.44 | X19: =IF(B19=0,0,'Eingabe Immodaten'!$H$14) -> 215104.92 | Y19: =IF(B19=0,0,IF(Z18=0,0,('Eingabe Immodaten'!$H$15))) -> 3.5 | Z19: =IF(B19=0,0,IF(Z18+1>99,0,Z18+Tabelle12[[#This Row],[Spalte23]])) -> 45.5 | AA19: =X19*Y19/100 -> 7528.6722 | AB19: =IF(B19=0,0,IF(B19<13,'Eingabe Immodaten'!$H$16,0)) -> 0 | AC19: =IF(B19=0,0,IF(B19<9,9,IF(B19<13,7,0))) -> 0 | AD19: =AB19*AC19/100 -> 0 | AE19: =IF(B19=0,0,IF(B19<='Eingabe Immodaten'!$C$28,IF('Eingabe Immodaten'!$C$29>5,'Eingabe Immodaten'!$C$29/100*'Eingabe Immodaten'!$C$23/'Eingabe Immodaten'!$C$28,0),0)) -> 0 | AF19: =(G19-P19-S19-AA19-AD19)*'Eingabe Immodaten'!$H$19 -> -134.05832 | AG19: =IF(B19=0,0,G19-AF19-L19+AH19) -> -1021.0929 | AI19: =IF(B19='Eingabe Immodaten'!$H$28,U19,0) -> 0 | AJ19: =G19-AF19+AH19 -> 14886.666 | AK19: =IF(B19=0,0,AG19+AH19-AI19) -> -1021.0929 | AL19: =AG19/12 -> -85.091078 | AM19: =IF(B19=0,0,AM18+AG19) -> -41544.674 | AN19: =IF(B19=0,0,D19*(1+'Eingabe Immodaten'!$C$15/100))*'Eingabe Immodaten'!H22 -> 371991.34 | AO19: =IF(D19=0,0,AN19-W19+Tabelle12[[#This Row],[Spalte36]]) -> 165216.22 | AP19: =IF(B19='Eingabe Immodaten'!$H$28,Ergebnistabelle!D19*'Eingabe Immodaten'!$H$22,0) -> 0 | AQ19: =IF(B19='Eingabe Immodaten'!$H$28,Ergebnistabelle!AM19,0) -> 0 | AR19: =IF(B19='Eingabe Immodaten'!$H$28,Ergebnistabelle!AO19,0) -> 0 | AS19: =IF(B19='Eingabe Immodaten'!$H$28,Ergebnistabelle!W19,0) -> 0 | AT19: =IF(B19='Eingabe Immodaten'!$H$28,Ergebnistabelle!G19,0) -> 0 | AU19: =IF(B19='Eingabe Immodaten'!$H$28,Ergebnistabelle!L19,0) -> 0
B20: =IF(B19=0,0,IF(B19+1>'Eingabe Immodaten'!$H$28,0,B19+1)) -> 14 | C20: =D20/12 -> 1395.107 | D20: =IF(B20=0,0,D19*(1+'Eingabe Immodaten'!$C$15/100)) -> 16741.284 | E20: =IF(B20=0,0,E19+D20) -> 194784.1 | F20: =IF(B20=0,0,F19*(1+'Eingabe Immodaten'!$C$16/100)) -> 1516.0768 | G20: =D20-F20 -> 15225.208 | H20: =IF(B20=0,0,IF(B20<='Eingabe Immodaten'!$C$28,'Eingabe Immodaten'!$C$32,'Eingabe Immodaten'!$C$34)) -> 15907.759 | I20: =IF(B20=0,0,IF(B20<='Eingabe Immodaten'!$H$6,'Eingabe Immodaten'!$H$9,'Eingabe Immodaten'!$H$11)) -> 0 | J20: =IF(H20>U19,U19*(1+O20/100),H20) -> 15907.759 | K20: =IF(I20>V19,V19*(1+R20/100),I20) -> 0 | L20: =J20+K20 -> 15907.759 | M20: 0 | O20: =IF(B20=0,0,IF(B20<='Eingabe Immodaten'!$C$28,'Eingabe Immodaten'!$C$30,'Eingabe Immodaten'!$C$33)) -> 4.36 | P20: =IF(B20=0,0,U19*O20/100) -> 7204.0474 | Q20: =J20-P20 -> 8703.7118 | R20: =IF(B20=0,0,IF(B20<='Eingabe Immodaten'!$H$6,'Eingabe Immodaten'!$H$7,'Eingabe Immodaten'!$H$10)) -> 2.53 | S20: =IF(B20=0,0,V19*R20/100) -> 3.8376533e-08 | T20: =K20-S20 -> -3.8376533e-08 | U20: =IF(B20=0,0,U19-Q20-M20+0.0000001) -> 156526.73 | V20: =IF(B20=0,0,V19-T20-N20+0.0000001) -> 1.6552356e-06 | W20: =IF(B20=0,0,U20+V20) -> 156526.73 | X20: =IF(B20=0,0,'Eingabe Immodaten'!$H$14) -> 215104.92 | Y20: =IF(B20=0,0,IF(Z19=0,0,('Eingabe Immodaten'!$H$15))) -> 3.5 | Z20: =IF(B20=0,0,IF(Z19+1>99,0,Z19+Tabelle12[[#This Row],[Spalte23]])) -> 49 | AA20: =X20*Y20/100 -> 7528.6722 | AB20: =IF(B20=0,0,IF(B20<13,'Eingabe Immodaten'!$H$16,0)) -> 0 | AC20: =IF(B20=0,0,IF(B20<9,9,IF(B20<13,7,0))) -> 0 | AD20: =AB20*AC20/100 -> 0 | AE20: =IF(B20=0,0,IF(B20<='Eingabe Immodaten'!$C$28,IF('Eingabe Immodaten'!$C$29>5,'Eingabe Immodaten'!$C$29/100*'Eingabe Immodaten'!$C$23/'Eingabe Immodaten'!$C$28,0),0)) -> 0 | AF20: =(G20-P20-S20-AA20-AD20)*'Eingabe Immodaten'!$H$19 -> 192.0703 | AG20: =IF(B20=0,0,G20-AF20-L20+AH20) -> -874.62199 | AI20: =IF(B20='Eingabe Immodaten'!$H$28,U20,0) -> 0 | AJ20: =G20-AF20+AH20 -> 15033.137 | AK20: =IF(B20=0,0,AG20+AH20-AI20) -> -874.62199 | AL20: =AG20/12 -> -72.885166 | AM20: =IF(B20=0,0,AM19+AG20) -> -42419.296 | AN20: =IF(B20=0,0,D20*(1+'Eingabe Immodaten'!$C$15/100))*'Eingabe Immodaten'!H22 -> 383151.08 | AO20: =IF(D20=0,0,AN20-W20+Tabelle12[[#This Row],[Spalte36]]) -> 184205.05 | AP20: =IF(B20='Eingabe Immodaten'!$H$28,Ergebnistabelle!D20*'Eingabe Immodaten'!$H$22,0) -> 0 | AQ20: =IF(B20='Eingabe Immodaten'!$H$28,Ergebnistabelle!AM20,0) -> 0 | AR20: =IF(B20='Eingabe Immodaten'!$H$28,Ergebnistabelle!AO20,0) -> 0 | AS20: =IF(B20='Eingabe Immodaten'!$H$28,Ergebnistabelle!W20,0) -> 0 | AT20: =IF(B20='Eingabe Immodaten'!$H$28,Ergebnistabelle!G20,0) -> 0 | AU20: =IF(B20='Eingabe Immodaten'!$H$28,Ergebnistabelle!L20,0) -> 0
B21: =IF(B20=0,0,IF(B20+1>'Eingabe Immodaten'!$H$28,0,B20+1)) -> 15 | C21: =D21/12 -> 1436.9602 | D21: =IF(B21=0,0,D20*(1+'Eingabe Immodaten'!$C$15/100)) -> 17243.523 | E21: =IF(B21=0,0,E20+D21) -> 212027.62 | F21: =IF(B21=0,0,F20*(1+'Eingabe Immodaten'!$C$16/100)) -> 1531.2376 | G21: =D21-F21 -> 15712.285 | H21: =IF(B21=0,0,IF(B21<='Eingabe Immodaten'!$C$28,'Eingabe Immodaten'!$C$32,'Eingabe Immodaten'!$C$34)) -> 15907.759 | I21: =IF(B21=0,0,IF(B21<='Eingabe Immodaten'!$H$6,'Eingabe Immodaten'!$H$9,'Eingabe Immodaten'!$H$11)) -> 0 | J21: =IF(H21>U20,U20*(1+O21/100),H21) -> 15907.759 | K21: =IF(I21>V20,V20*(1+R21/100),I21) -> 0 | L21: =J21+K21 -> 15907.759 | O21: =IF(B21=0,0,IF(B21<='Eingabe Immodaten'!$C$28,'Eingabe Immodaten'!$C$30,'Eingabe Immodaten'!$C$33)) -> 4.36 | P21: =IF(B21=0,0,U20*O21/100) -> 6824.5655 | Q21: =J21-P21 -> 9083.1937 | R21: =IF(B21=0,0,IF(B21<='Eingabe Immodaten'!$H$6,'Eingabe Immodaten'!$H$7,'Eingabe Immodaten'!$H$10)) -> 2.53 | S21: =IF(B21=0,0,V20*R21/100) -> 4.1877459e-08 | T21: =K21-S21 -> -4.1877459e-08 | U21: =IF(B21=0,0,U20-Q21-M21+0.0000001) -> 147443.54 | V21: =IF(B21=0,0,V20-T21-N21+0.0000001) -> 1.797113e-06 | W21: =IF(B21=0,0,U21+V21) -> 147443.54 | X21: =IF(B21=0,0,'Eingabe Immodaten'!$H$14) -> 215104.92 | Y21: =IF(B21=0,0,IF(Z20=0,0,('Eingabe Immodaten'!$H$15))) -> 3.5 | Z21: =IF(B21=0,0,IF(Z20+1>99,0,Z20+Tabelle12[[#This Row],[Spalte23]])) -> 52.5 | AA21: =X21*Y21/100 -> 7528.6722 | AB21: =IF(B21=0,0,IF(B21<13,'Eingabe Immodaten'!$H$16,0)) -> 0 | AC21: =IF(B21=0,0,IF(B21<9,9,IF(B21<13,7,0))) -> 0 | AD21: =AB21*AC21/100 -> 0 | AE21: =IF(B21=0,0,IF(B21<='Eingabe Immodaten'!$C$28,IF('Eingabe Immodaten'!$C$29>5,'Eingabe Immodaten'!$C$29/100*'Eingabe Immodaten'!$C$23/'Eingabe Immodaten'!$C$28,0),0)) -> 0 | AF21: =(G21-P21-S21-AA21-AD21)*'Eingabe Immodaten'!$H$19 -> 530.02855 | AG21: =IF(B21=0,0,G21-AF21-L21+AH21) -> -725.50247 | AI21: =IF(B21='Eingabe Immodaten'!$H$28,U21,0) -> 0 | AJ21: =G21-AF21+AH21 -> 15182.257 | AK21: =IF(B21=0,0,AG21+AH21-AI21) -> -725.50247 | AL21: =AG21/12 -> -60.458539 | AM21: =IF(B21=0,0,AM20+AG21) -> -43144.798 | AN21: =IF(B21=0,0,D21*(1+'Eingabe Immodaten'!$C$15/100))*'Eingabe Immodaten'!H22 -> 394645.61 | AO21: =IF(D21=0,0,AN21-W21+Tabelle12[[#This Row],[Spalte36]]) -> 204057.27 | AP21: =IF(B21='Eingabe Immodaten'!$H$28,Ergebnistabelle!D21*'Eingabe Immodaten'!$H$22,0) -> 0 | AQ21: =IF(B21='Eingabe Immodaten'!$H$28,Ergebnistabelle!AM21,0) -> 0 | AR21: =IF(B21='Eingabe Immodaten'!$H$28,Ergebnistabelle!AO21,0) -> 0 | AS21: =IF(B21='Eingabe Immodaten'!$H$28,Ergebnistabelle!W21,0) -> 0 | AT21: =IF(B21='Eingabe Immodaten'!$H$28,Ergebnistabelle!G21,0) -> 0 | AU21: =IF(B21='Eingabe Immodaten'!$H$28,Ergebnistabelle!L21,0) -> 0
B22: =IF(B21=0,0,IF(B21+1>'Eingabe Immodaten'!$H$28,0,B21+1)) -> 16 | C22: =D22/12 -> 1480.069 | D22: =IF(B22=0,0,D21*(1+'Eingabe Immodaten'!$C$15/100)) -> 17760.829 | E22: =IF(B22=0,0,E21+D22) -> 229788.45 | F22: =IF(B22=0,0,F21*(1+'Eingabe Immodaten'!$C$16/100)) -> 1546.55 | G22: =D22-F22 -> 16214.279 | H22: =IF(B22=0,0,IF(B22<='Eingabe Immodaten'!$C$28,'Eingabe Immodaten'!$C$32,'Eingabe Immodaten'!$C$34)) -> 15907.759 | I22: =IF(B22=0,0,IF(B22<='Eingabe Immodaten'!$H$6,'Eingabe Immodaten'!$H$9,'Eingabe Immodaten'!$H$11)) -> 0 | J22: =IF(H22>U21,U21*(1+O22/100),H22) -> 15907.759 | K22: =IF(I22>V21,V21*(1+R22/100),I22) -> 0 | L22: =J22+K22 -> 15907.759 | O22: =IF(B22=0,0,IF(B22<='Eingabe Immodaten'!$C$28,'Eingabe Immodaten'!$C$30,'Eingabe Immodaten'!$C$33)) -> 4.36 | P22: =IF(B22=0,0,U21*O22/100) -> 6428.5383 | Q22: =J22-P22 -> 9479.2209 | R22: =IF(B22=0,0,IF(B22<='Eingabe Immodaten'!$H$6,'Eingabe Immodaten'!$H$7,'Eingabe Immodaten'!$H$10)) -> 2.53 | S22: =IF(B22=0,0,V21*R22/100) -> 4.5466959e-08 | T22: =K22-S22 -> -4.5466959e-08 | U22: =IF(B22=0,0,U21-Q22-M22+0.0000001) -> 137964.32 | V22: =IF(B22=0,0,V21-T22-N22+0.0000001) -> 1.94258e-06 | W22: =IF(B22=0,0,U22+V22) -> 137964.32 | X22: =IF(B22=0,0,'Eingabe Immodaten'!$H$14) -> 215104.92 | Y22: =IF(B22=0,0,IF(Z21=0,0,('Eingabe Immodaten'!$H$15))) -> 3.5 | Z22: =IF(B22=0,0,IF(Z21+1>99,0,Z21+Tabelle12[[#This Row],[Spalte23]])) -> 56 | AA22: =X22*Y22/100 -> 7528.6722 | AB22: =IF(B22=0,0,IF(B22<13,'Eingabe Immodaten'!$H$16,0)) -> 0 | AC22: =IF(B22=0,0,IF(B22<9,9,IF(B22<13,7,0))) -> 0 | AD22: =AB22*AC22/100 -> 0 | AE22: =IF(B22=0,0,IF(B22<='Eingabe Immodaten'!$C$28,IF('Eingabe Immodaten'!$C$29>5,'Eingabe Immodaten'!$C$29/100*'Eingabe Immodaten'!$C$23/'Eingabe Immodaten'!$C$28,0),0)) -> 0 | AF22: =(G22-P22-S22-AA22-AD22)*'Eingabe Immodaten'!$H$19 -> 880.25656 | AG22: =IF(B22=0,0,G22-AF22-L22+AH22) -> -573.73718 | AI22: =IF(B22='Eingabe Immodaten'!$H$28,U22,0) -> 0 | AJ22: =G22-AF22+AH22 -> 15334.022 | AK22: =IF(B22=0,0,AG22+AH22-AI22) -> -573.73718 | AL22: =AG22/12 -> -47.811431 | AM22: =IF(B22=0,0,AM21+AG22) -> -43718.536 | AN22: =IF(B22=0,0,D22*(1+'Eingabe Immodaten'!$C$15/100))*'Eingabe Immodaten'!H22 -> 406484.98 | AO22: =IF(D22=0,0,AN22-W22+Tabelle12[[#This Row],[Spalte36]]) -> 224802.13 | AP22: =IF(B22='Eingabe Immodaten'!$H$28,Ergebnistabelle!D22*'Eingabe Immodaten'!$H$22,0) -> 0 | AQ22: =IF(B22='Eingabe Immodaten'!$H$28,Ergebnistabelle!AM22,0) -> 0 | AR22: =IF(B22='Eingabe Immodaten'!$H$28,Ergebnistabelle!AO22,0) -> 0 | AS22: =IF(B22='Eingabe Immodaten'!$H$28,Ergebnistabelle!W22,0) -> 0 | AT22: =IF(B22='Eingabe Immodaten'!$H$28,Ergebnistabelle!G22,0) -> 0 | AU22: =IF(B22='Eingabe Immodaten'!$H$28,Ergebnistabelle!L22,0) -> 0
B23: =IF(B22=0,0,IF(B22+1>'Eingabe Immodaten'!$H$28,0,B22+1)) -> 17 | C23: =D23/12 -> 1524.4711 | D23: =IF(B23=0,0,D22*(1+'Eingabe Immodaten'!$C$15/100)) -> 18293.653 | E23: =IF(B23=0,0,E22+D23) -> 248082.1 | F23: =IF(B23=0,0,F22*(1+'Eingabe Immodaten'!$C$16/100)) -> 1562.0155 | G23: =D23-F23 -> 16731.638 | H23: =IF(B23=0,0,IF(B23<='Eingabe Immodaten'!$C$28,'Eingabe Immodaten'!$C$32,'Eingabe Immodaten'!$C$34)) -> 15907.759 | I23: =IF(B23=0,0,IF(B23<='Eingabe Immodaten'!$H$6,'Eingabe Immodaten'!$H$9,'Eingabe Immodaten'!$H$11)) -> 0 | J23: =IF(H23>U22,U22*(1+O23/100),H23) -> 15907.759 | K23: =IF(I23>V22,V22*(1+R23/100),I23) -> 0 | L23: =J23+K23 -> 15907.759 | M23: 0 | O23: =IF(B23=0,0,IF(B23<='Eingabe Immodaten'!$C$28,'Eingabe Immodaten'!$C$30,'Eingabe Immodaten'!$C$33)) -> 4.36 | P23: =IF(B23=0,0,U22*O23/100) -> 6015.2442 | Q23: =J23-P23 -> 9892.515 | R23: =IF(B23=0,0,IF(B23<='Eingabe Immodaten'!$H$6,'Eingabe Immodaten'!$H$7,'Eingabe Immodaten'!$H$10)) -> 2.53 | S23: =IF(B23=0,0,V22*R23/100) -> 4.9147273e-08 | T23: =K23-S23 -> -4.9147273e-08 | U23: =IF(B23=0,0,U22-Q23-M23+0.0000001) -> 128071.8 | V23: =IF(B23=0,0,V22-T23-N23+0.0000001) -> 2.0917272e-06 | W23: =IF(B23=0,0,U23+V23) -> 128071.8 | X23: =IF(B23=0,0,'Eingabe Immodaten'!$H$14) -> 215104.92 | Y23: =IF(B23=0,0,IF(Z22=0,0,('Eingabe Immodaten'!$H$15))) -> 3.5 | Z23: =IF(B23=0,0,IF(Z22+1>99,0,Z22+Tabelle12[[#This Row],[Spalte23]])) -> 59.5 | AA23: =X23*Y23/100 -> 7528.6722 | AB23: =IF(B23=0,0,IF(B23<13,'Eingabe Immodaten'!$H$16,0)) -> 0 | AC23: =IF(B23=0,0,IF(B23<9,9,IF(B23<13,7,0))) -> 0 | AD23: =AB23*AC23/100 -> 0 | AE23: =IF(B23=0,0,IF(B23<='Eingabe Immodaten'!$C$28,IF('Eingabe Immodaten'!$C$29>5,'Eingabe Immodaten'!$C$29/100*'Eingabe Immodaten'!$C$23/'Eingabe Immodaten'!$C$28,0),0)) -> 0 | AF23: =(G23-P23-S23-AA23-AD23)*'Eingabe Immodaten'!$H$19 -> 1243.2114 | AG23: =IF(B23=0,0,G23-AF23-L23+AH23) -> -419.33264 | AI23: =IF(B23='Eingabe Immodaten'!$H$28,U23,0) -> 0 | AJ23: =G23-AF23+AH23 -> 15488.427 | AK23: =IF(B23=0,0,AG23+AH23-AI23) -> -419.33264 | AL23: =AG23/12 -> -34.944387 | AM23: =IF(B23=0,0,AM22+AG23) -> -44137.868 | AN23: =IF(B23=0,0,D23*(1+'Eingabe Immodaten'!$C$15/100))*'Eingabe Immodaten'!H22 -> 418679.53 | AO23: =IF(D23=0,0,AN23-W23+Tabelle12[[#This Row],[Spalte36]]) -> 246469.86 | AP23: =IF(B23='Eingabe Immodaten'!$H$28,Ergebnistabelle!D23*'Eingabe Immodaten'!$H$22,0) -> 0 | AQ23: =IF(B23='Eingabe Immodaten'!$H$28,Ergebnistabelle!AM23,0) -> 0 | AR23: =IF(B23='Eingabe Immodaten'!$H$28,Ergebnistabelle!AO23,0) -> 0 | AS23: =IF(B23='Eingabe Immodaten'!$H$28,Ergebnistabelle!W23,0) -> 0 | AT23: =IF(B23='Eingabe Immodaten'!$H$28,Ergebnistabelle!G23,0) -> 0 | AU23: =IF(B23='Eingabe Immodaten'!$H$28,Ergebnistabelle!L23,0) -> 0
B24: =IF(B23=0,0,IF(B23+1>'Eingabe Immodaten'!$H$28,0,B23+1)) -> 18 | C24: =D24/12 -> 1570.2053 | D24: =IF(B24=0,0,D23*(1+'Eingabe Immodaten'!$C$15/100)) -> 18842.463 | E24: =IF(B24=0,0,E23+D24) -> 266924.56 | F24: =IF(B24=0,0,F23*(1+'Eingabe Immodaten'!$C$16/100)) -> 1577.6356 | G24: =D24-F24 -> 17264.827 | H24: =IF(B24=0,0,IF(B24<='Eingabe Immodaten'!$C$28,'Eingabe Immodaten'!$C$32,'Eingabe Immodaten'!$C$34)) -> 15907.759 | I24: =IF(B24=0,0,IF(B24<='Eingabe Immodaten'!$H$6,'Eingabe Immodaten'!$H$9,'Eingabe Immodaten'!$H$11)) -> 0 | J24: =IF(H24>U23,U23*(1+O24/100),H24) -> 15907.759 | K24: =IF(I24>V23,V23*(1+R24/100),I24) -> 0 | L24: =J24+K24 -> 15907.759 | O24: =IF(B24=0,0,IF(B24<='Eingabe Immodaten'!$C$28,'Eingabe Immodaten'!$C$30,'Eingabe Immodaten'!$C$33)) -> 4.36 | P24: =IF(B24=0,0,U23*O24/100) -> 5583.9306 | Q24: =J24-P24 -> 10323.829 | R24: =IF(B24=0,0,IF(B24<='Eingabe Immodaten'!$H$6,'Eingabe Immodaten'!$H$7,'Eingabe Immodaten'!$H$10)) -> 2.53 | S24: =IF(B24=0,0,V23*R24/100) -> 5.2920699e-08 | T24: =K24-S24 -> -5.2920699e-08 | U24: =IF(B24=0,0,U23-Q24-M24+0.0000001) -> 117747.97 | V24: =IF(B24=0,0,V23-T24-N24+0.0000001) -> 2.2446479e-06 | W24: =IF(B24=0,0,U24+V24) -> 117747.97 | X24: =IF(B24=0,0,'Eingabe Immodaten'!$H$14) -> 215104.92 | Y24: =IF(B24=0,0,IF(Z23=0,0,('Eingabe Immodaten'!$H$15))) -> 3.5 | Z24: =IF(B24=0,0,IF(Z23+1>99,0,Z23+Tabelle12[[#This Row],[Spalte23]])) -> 63 | AA24: =X24*Y24/100 -> 7528.6722 | AB24: =IF(B24=0,0,IF(B24<13,'Eingabe Immodaten'!$H$16,0)) -> 0 | AC24: =IF(B24=0,0,IF(B24<9,9,IF(B24<13,7,0))) -> 0 | AD24: =AB24*AC24/100 -> 0 | AE24: =IF(B24=0,0,IF(B24<='Eingabe Immodaten'!$C$28,IF('Eingabe Immodaten'!$C$29>5,'Eingabe Immodaten'!$C$29/100*'Eingabe Immodaten'!$C$23/'Eingabe Immodaten'!$C$28,0),0)) -> 0 | AF24: =(G24-P24-S24-AA24-AD24)*'Eingabe Immodaten'!$H$19 -> 1619.3676 | AG24: =IF(B24=0,0,G24-AF24-L24+AH24) -> -262.2994 | AI24: =IF(B24='Eingabe Immodaten'!$H$28,U24,0) -> 0 | AJ24: =G24-AF24+AH24 -> 15645.46 | AK24: =IF(B24=0,0,AG24+AH24-AI24) -> -262.2994 | AL24: =AG24/12 -> -21.858284 | AM24: =IF(B24=0,0,AM23+AG24) -> -44400.168 | AN24: =IF(B24=0,0,D24*(1+'Eingabe Immodaten'!$C$15/100))*'Eingabe Immodaten'!H22 -> 431239.91 | AO24: =IF(D24=0,0,AN24-W24+Tabelle12[[#This Row],[Spalte36]]) -> 269091.77 | AP24: =IF(B24='Eingabe Immodaten'!$H$28,Ergebnistabelle!D24*'Eingabe Immodaten'!$H$22,0) -> 0 | AQ24: =IF(B24='Eingabe Immodaten'!$H$28,Ergebnistabelle!AM24,0) -> 0 | AR24: =IF(B24='Eingabe Immodaten'!$H$28,Ergebnistabelle!AO24,0) -> 0 | AS24: =IF(B24='Eingabe Immodaten'!$H$28,Ergebnistabelle!W24,0) -> 0 | AT24: =IF(B24='Eingabe Immodaten'!$H$28,Ergebnistabelle!G24,0) -> 0 | AU24: =IF(B24='Eingabe Immodaten'!$H$28,Ergebnistabelle!L24,0) -> 0
B25: =IF(B24=0,0,IF(B24+1>'Eingabe Immodaten'!$H$28,0,B24+1)) -> 19 | C25: =D25/12 -> 1617.3114 | D25: =IF(B25=0,0,D24*(1+'Eingabe Immodaten'!$C$15/100)) -> 19407.737 | E25: =IF(B25=0,0,E24+D25) -> 286332.3 | F25: =IF(B25=0,0,F24*(1+'Eingabe Immodaten'!$C$16/100)) -> 1593.412 | G25: =D25-F25 -> 17814.325 | H25: =IF(B25=0,0,IF(B25<='Eingabe Immodaten'!$C$28,'Eingabe Immodaten'!$C$32,'Eingabe Immodaten'!$C$34)) -> 15907.759 | I25: =IF(B25=0,0,IF(B25<='Eingabe Immodaten'!$H$6,'Eingabe Immodaten'!$H$9,'Eingabe Immodaten'!$H$11)) -> 0 | J25: =IF(H25>U24,U24*(1+O25/100),H25) -> 15907.759 | K25: =IF(I25>V24,V24*(1+R25/100),I25) -> 0 | L25: =J25+K25 -> 15907.759 | M25: 0 | O25: =IF(B25=0,0,IF(B25<='Eingabe Immodaten'!$C$28,'Eingabe Immodaten'!$C$30,'Eingabe Immodaten'!$C$33)) -> 4.36 | P25: =IF(B25=0,0,U24*O25/100) -> 5133.8117 | Q25: =J25-P25 -> 10773.948 | R25: =IF(B25=0,0,IF(B25<='Eingabe Immodaten'!$H$6,'Eingabe Immodaten'!$H$7,'Eingabe Immodaten'!$H$10)) -> 2.53 | S25: =IF(B25=0,0,V24*R25/100) -> 5.6789593e-08 | T25: =K25-S25 -> -5.6789593e-08 | U25: =IF(B25=0,0,U24-Q25-M25+0.0000001) -> 106974.03 | V25: =IF(B25=0,0,V24-T25-N25+0.0000001) -> 2.4014375e-06 | W25: =IF(B25=0,0,U25+V25) -> 106974.03 | X25: =IF(B25=0,0,'Eingabe Immodaten'!$H$14) -> 215104.92 | Y25: =IF(B25=0,0,IF(Z24=0,0,('Eingabe Immodaten'!$H$15))) -> 3.5 | Z25: =IF(B25=0,0,IF(Z24+1>99,0,Z24+Tabelle12[[#This Row],[Spalte23]])) -> 66.5 | AA25: =X25*Y25/100 -> 7528.6722 | AB25: =IF(B25=0,0,IF(B25<13,'Eingabe Immodaten'!$H$16,0)) -> 0 | AC25: =IF(B25=0,0,IF(B25<9,9,IF(B25<13,7,0))) -> 0 | AD25: =AB25*AC25/100 -> 0 | AE25: =IF(B25=0,0,IF(B25<='Eingabe Immodaten'!$C$28,IF('Eingabe Immodaten'!$C$29>5,'Eingabe Immodaten'!$C$29/100*'Eingabe Immodaten'!$C$23/'Eingabe Immodaten'!$C$28,0),0)) -> 0 | AF25: =(G25-P25-S25-AA25-AD25)*'Eingabe Immodaten'!$H$19 -> 2009.218 | AG25: =IF(B25=0,0,G25-AF25-L25+AH25) -> -102.65229 | AI25: =IF(B25='Eingabe Immodaten'!$H$28,U25,0) -> 0 | AJ25: =G25-AF25+AH25 -> 15805.107 | AK25: =IF(B25=0,0,AG25+AH25-AI25) -> -102.65229 | AL25: =AG25/12 -> -8.5543574 | AM25: =IF(B25=0,0,AM24+AG25) -> -44502.82 | AN25: =IF(B25=0,0,D25*(1+'Eingabe Immodaten'!$C$15/100))*'Eingabe Immodaten'!H22 -> 444177.11 | AO25: =IF(D25=0,0,AN25-W25+Tabelle12[[#This Row],[Spalte36]]) -> 292700.26 | AP25: =IF(B25='Eingabe Immodaten'!$H$28,Ergebnistabelle!D25*'Eingabe Immodaten'!$H$22,0) -> 0 | AQ25: =IF(B25='Eingabe Immodaten'!$H$28,Ergebnistabelle!AM25,0) -> 0 | AR25: =IF(B25='Eingabe Immodaten'!$H$28,Ergebnistabelle!AO25,0) -> 0 | AS25: =IF(B25='Eingabe Immodaten'!$H$28,Ergebnistabelle!W25,0) -> 0 | AT25: =IF(B25='Eingabe Immodaten'!$H$28,Ergebnistabelle!G25,0) -> 0 | AU25: =IF(B25='Eingabe Immodaten'!$H$28,Ergebnistabelle!L25,0) -> 0
B26: =IF(B25=0,0,IF(B25+1>'Eingabe Immodaten'!$H$28,0,B25+1)) -> 20 | C26: =D26/12 -> 1665.8308 | D26: =IF(B26=0,0,D25*(1+'Eingabe Immodaten'!$C$15/100)) -> 19989.969 | E26: =IF(B26=0,0,E25+D26) -> 306322.27 | F26: =IF(B26=0,0,F25*(1+'Eingabe Immodaten'!$C$16/100)) -> 1609.3461 | G26: =D26-F26 -> 18380.623 | H26: =IF(B26=0,0,IF(B26<='Eingabe Immodaten'!$C$28,'Eingabe Immodaten'!$C$32,'Eingabe Immodaten'!$C$34)) -> 15907.759 | I26: =IF(B26=0,0,IF(B26<='Eingabe Immodaten'!$H$6,'Eingabe Immodaten'!$H$9,'Eingabe Immodaten'!$H$11)) -> 0 | J26: =IF(H26>U25,U25*(1+O26/100),H26) -> 15907.759 | K26: =IF(I26>V25,V25*(1+R26/100),I26) -> 0 | L26: =J26+K26 -> 15907.759 | M26: 0 | O26: =IF(B26=0,0,IF(B26<='Eingabe Immodaten'!$C$28,'Eingabe Immodaten'!$C$30,'Eingabe Immodaten'!$C$33)) -> 4.36 | P26: =IF(B26=0,0,U25*O26/100) -> 4664.0676 | Q26: =J26-P26 -> 11243.692 | R26: =IF(B26=0,0,IF(B26<='Eingabe Immodaten'!$H$6,'Eingabe Immodaten'!$H$7,'Eingabe Immodaten'!$H$10)) -> 2.53 | S26: =IF(B26=0,0,V25*R26/100) -> 6.075637e-08 | T26: =K26-S26 -> -6.075637e-08 | U26: =IF(B26=0,0,U25-Q26-M26+0.0000001) -> 95730.335 | V26: =IF(B26=0,0,V25-T26-N26+0.0000001) -> 2.5621939e-06 | W26: =IF(B26=0,0,U26+V26) -> 95730.335 | X26: =IF(B26=0,0,'Eingabe Immodaten'!$H$14) -> 215104.92 | Y26: =IF(B26=0,0,IF(Z25=0,0,('Eingabe Immodaten'!$H$15))) -> 3.5 | Z26: =IF(B26=0,0,IF(Z25+1>99,0,Z25+Tabelle12[[#This Row],[Spalte23]])) -> 70 | AA26: =X26*Y26/100 -> 7528.6722 | AB26: =IF(B26=0,0,IF(B26<13,'Eingabe Immodaten'!$H$16,0)) -> 0 | AC26: =IF(B26=0,0,IF(B26<9,9,IF(B26<13,7,0))) -> 0 | AD26: =AB26*AC26/100 -> 0 | AE26: =IF(B26=0,0,IF(B26<='Eingabe Immodaten'!$C$28,IF('Eingabe Immodaten'!$C$29>5,'Eingabe Immodaten'!$C$29/100*'Eingabe Immodaten'!$C$23/'Eingabe Immodaten'!$C$28,0),0)) -> 0 | AF26: =(G26-P26-S26-AA26-AD26)*'Eingabe Immodaten'!$H$19 -> 2413.2744 | AG26: =IF(B26=0,0,G26-AF26-L26+AH26) -> 59.589279 | AI26: =IF(B26='Eingabe Immodaten'!$H$28,U26,0) -> 0 | AJ26: =G26-AF26+AH26 -> 15967.348 | AK26: =IF(B26=0,0,AG26+AH26-AI26) -> 59.589279 | AL26: =AG26/12 -> 4.9657733 | AM26: =IF(B26=0,0,AM25+AG26) -> -44443.231 | AN26: =IF(B26=0,0,D26*(1+'Eingabe Immodaten'!$C$15/100))*'Eingabe Immodaten'!H22 -> 457502.42 | AO26: =IF(D26=0,0,AN26-W26+Tabelle12[[#This Row],[Spalte36]]) -> 317328.86 | AP26: =IF(B26='Eingabe Immodaten'!$H$28,Ergebnistabelle!D26*'Eingabe Immodaten'!$H$22,0) -> 0 | AQ26: =IF(B26='Eingabe Immodaten'!$H$28,Ergebnistabelle!AM26,0) -> 0 | AR26: =IF(B26='Eingabe Immodaten'!$H$28,Ergebnistabelle!AO26,0) -> 0 | AS26: =IF(B26='Eingabe Immodaten'!$H$28,Ergebnistabelle!W26,0) -> 0 | AT26: =IF(B26='Eingabe Immodaten'!$H$28,Ergebnistabelle!G26,0) -> 0 | AU26: =IF(B26='Eingabe Immodaten'!$H$28,Ergebnistabelle!L26,0) -> 0
B27: =IF(B26=0,0,IF(B26+1>'Eingabe Immodaten'!$H$28,0,B26+1)) -> 21 | C27: =D27/12 -> 1715.8057 | D27: =IF(B27=0,0,D26*(1+'Eingabe Immodaten'!$C$15/100)) -> 20589.668 | E27: =IF(B27=0,0,E26+D27) -> 326911.94 | F27: =IF(B27=0,0,F26*(1+'Eingabe Immodaten'!$C$16/100)) -> 1625.4396 | G27: =D27-F27 -> 18964.229 | H27: =IF(B27=0,0,IF(B27<='Eingabe Immodaten'!$C$28,'Eingabe Immodaten'!$C$32,'Eingabe Immodaten'!$C$34)) -> 15907.759 | I27: =IF(B27=0,0,IF(B27<='Eingabe Immodaten'!$H$6,'Eingabe Immodaten'!$H$9,'Eingabe Immodaten'!$H$11)) -> 0 | J27: =IF(H27>U26,U26*(1+O27/100),H27) -> 15907.759 | K27: =IF(I27>V26,V26*(1+R27/100),I27) -> 0 | L27: =J27+K27 -> 15907.759 | M27: 0 | N27: 0 | O27: =IF(B27=0,0,IF(B27<='Eingabe Immodaten'!$C$28,'Eingabe Immodaten'!$C$30,'Eingabe Immodaten'!$C$33)) -> 4.36 | P27: =IF(B27=0,0,U26*O27/100) -> 4173.8426 | Q27: =J27-P27 -> 11733.917 | R27: =IF(B27=0,0,IF(B27<='Eingabe Immodaten'!$H$6,'Eingabe Immodaten'!$H$7,'Eingabe Immodaten'!$H$10)) -> 2.53 | S27: =IF(B27=0,0,V26*R27/100) -> 6.4823506e-08 | T27: =K27-S27 -> -6.4823506e-08 | U27: =IF(B27=0,0,U26-Q27-M27+0.0000001) -> 83996.418 | V27: =IF(B27=0,0,V26-T27-N27+0.0000001) -> 2.7270174e-06 | W27: =IF(B27=0,0,U27+V27) -> 83996.418 | X27: =IF(B27=0,0,'Eingabe Immodaten'!$H$14) -> 215104.92 | Y27: =IF(B27=0,0,IF(Z26=0,0,('Eingabe Immodaten'!$H$15))) -> 3.5 | Z27: =IF(B27=0,0,IF(Z26+1>99,0,Z26+Tabelle12[[#This Row],[Spalte23]])) -> 73.5 | AA27: =X27*Y27/100 -> 7528.6722 | AE27: =IF(B27=0,0,IF(B27<='Eingabe Immodaten'!$C$28,IF('Eingabe Immodaten'!$C$29>5,'Eingabe Immodaten'!$C$29/100*'Eingabe Immodaten'!$C$23/'Eingabe Immodaten'!$C$28,0),0)) -> 0 | AF27: =(G27-P27-S27-AA27-AD27)*'Eingabe Immodaten'!$H$19 -> 2832.0684 | AG27: =IF(B27=0,0,G27-AF27-L27+AH27) -> 224.40097 | AI27: =IF(B27='Eingabe Immodaten'!$H$28,U27,0) -> 0 | AJ27: =G27-AF27+AH27 -> 16132.16 | AK27: =IF(B27=0,0,AG27+AH27-AI27) -> 224.40097 | AL27: =AG27/12 -> 18.700081 | AM27: =IF(B27=0,0,AM26+AG27) -> -44218.83 | AN27: =IF(B27=0,0,D27*(1+'Eingabe Immodaten'!$C$15/100))*'Eingabe Immodaten'!H22 -> 471227.5 | AO27: =IF(D27=0,0,AN27-W27+Tabelle12[[#This Row],[Spalte36]]) -> 343012.25 | AP27: =IF(B27='Eingabe Immodaten'!$H$28,Ergebnistabelle!D27*'Eingabe Immodaten'!$H$22,0) -> 0 | AQ27: =IF(B27='Eingabe Immodaten'!$H$28,Ergebnistabelle!AM27,0) -> 0 | AR27: =IF(B27='Eingabe Immodaten'!$H$28,Ergebnistabelle!AO27,0) -> 0 | AS27: =IF(B27='Eingabe Immodaten'!$H$28,Ergebnistabelle!W27,0) -> 0 | AT27: =IF(B27='Eingabe Immodaten'!$H$28,Ergebnistabelle!G27,0) -> 0 | AU27: =IF(B27='Eingabe Immodaten'!$H$28,Ergebnistabelle!L27,0) -> 0
B28: =IF(B27=0,0,IF(B27+1>'Eingabe Immodaten'!$H$28,0,B27+1)) -> 22 | C28: =D28/12 -> 1767.2798 | D28: =IF(B28=0,0,D27*(1+'Eingabe Immodaten'!$C$15/100)) -> 21207.358 | E28: =IF(B28=0,0,E27+D28) -> 348119.3 | F28: =IF(B28=0,0,F27*(1+'Eingabe Immodaten'!$C$16/100)) -> 1641.694 | G28: =D28-F28 -> 19565.664 | H28: =IF(B28=0,0,IF(B28<='Eingabe Immodaten'!$C$28,'Eingabe Immodaten'!$C$32,'Eingabe Immodaten'!$C$34)) -> 15907.759 | I28: =IF(B28=0,0,IF(B28<='Eingabe Immodaten'!$H$6,'Eingabe Immodaten'!$H$9,'Eingabe Immodaten'!$H$11)) -> 0 | J28: =IF(H28>U27,U27*(1+O28/100),H28) -> 15907.759 | K28: =IF(I28>V27,V27*(1+R28/100),I28) -> 0 | L28: =J28+K28 -> 15907.759 | O28: =IF(B28=0,0,IF(B28<='Eingabe Immodaten'!$C$28,'Eingabe Immodaten'!$C$30,'Eingabe Immodaten'!$C$33)) -> 4.36 | P28: =IF(B28=0,0,U27*O28/100) -> 3662.2438 | Q28: =J28-P28 -> 12245.515 | R28: =IF(B28=0,0,IF(B28<='Eingabe Immodaten'!$H$6,'Eingabe Immodaten'!$H$7,'Eingabe Immodaten'!$H$10)) -> 2.53 | S28: =IF(B28=0,0,V27*R28/100) -> 6.8993541e-08 | T28: =K28-S28 -> -6.8993541e-08 | U28: =IF(B28=0,0,U27-Q28-M28+0.0000001) -> 71750.903 | V28: =IF(B28=0,0,V27-T28-N28+0.0000001) -> 2.896011e-06 | W28: =IF(B28=0,0,U28+V28) -> 71750.903 | X28: =IF(B28=0,0,'Eingabe Immodaten'!$H$14) -> 215104.92 | Y28: =IF(B28=0,0,IF(Z27=0,0,('Eingabe Immodaten'!$H$15))) -> 3.5 | Z28: =IF(B28=0,0,IF(Z27+1>99,0,Z27+Tabelle12[[#This Row],[Spalte23]])) -> 77 | AA28: =X28*Y28/100 -> 7528.6722 | AE28: =IF(B28=0,0,IF(B28<='Eingabe Immodaten'!$C$28,IF('Eingabe Immodaten'!$C$29>5,'Eingabe Immodaten'!$C$29/100*'Eingabe Immodaten'!$C$23/'Eingabe Immodaten'!$C$28,0),0)) -> 0 | AF28: =(G28-P28-S28-AA28-AD28)*'Eingabe Immodaten'!$H$19 -> 3266.1518 | AG28: =IF(B28=0,0,G28-AF28-L28+AH28) -> 391.75319 | AI28: =IF(B28='Eingabe Immodaten'!$H$28,U28,0) -> 0 | AJ28: =G28-AF28+AH28 -> 16299.512 | AK28: =IF(B28=0,0,AG28+AH28-AI28) -> 391.75319 | AL28: =AG28/12 -> 32.6461 | AM28: =IF(B28=0,0,AM27+AG28) -> -43827.077 | AN28: =IF(B28=0,0,D28*(1+'Eingabe Immodaten'!$C$15/100))*'Eingabe Immodaten'!H22 -> 485364.32 | AO28: =IF(D28=0,0,AN28-W28+Tabelle12[[#This Row],[Spalte36]]) -> 369786.34 | AP28: =IF(B28='Eingabe Immodaten'!$H$28,Ergebnistabelle!D28*'Eingabe Immodaten'!$H$22,0) -> 0 | AQ28: =IF(B28='Eingabe Immodaten'!$H$28,Ergebnistabelle!AM28,0) -> 0 | AR28: =IF(B28='Eingabe Immodaten'!$H$28,Ergebnistabelle!AO28,0) -> 0 | AS28: =IF(B28='Eingabe Immodaten'!$H$28,Ergebnistabelle!W28,0) -> 0 | AT28: =IF(B28='Eingabe Immodaten'!$H$28,Ergebnistabelle!G28,0) -> 0 | AU28: =IF(B28='Eingabe Immodaten'!$H$28,Ergebnistabelle!L28,0) -> 0
B29: =IF(B28=0,0,IF(B28+1>'Eingabe Immodaten'!$H$28,0,B28+1)) -> 23 | C29: =D29/12 -> 1820.2982 | D29: =IF(B29=0,0,D28*(1+'Eingabe Immodaten'!$C$15/100)) -> 21843.579 | E29: =IF(B29=0,0,E28+D29) -> 369962.87 | F29: =IF(B29=0,0,F28*(1+'Eingabe Immodaten'!$C$16/100)) -> 1658.1109 | G29: =D29-F29 -> 20185.468 | H29: =IF(B29=0,0,IF(B29<='Eingabe Immodaten'!$C$28,'Eingabe Immodaten'!$C$32,'Eingabe Immodaten'!$C$34)) -> 15907.759 | I29: =IF(B29=0,0,IF(B29<='Eingabe Immodaten'!$H$6,'Eingabe Immodaten'!$H$9,'Eingabe Immodaten'!$H$11)) -> 0 | J29: =IF(H29>U28,U28*(1+O29/100),H29) -> 15907.759 | K29: =IF(I29>V28,V28*(1+R29/100),I29) -> 0 | L29: =J29+K29 -> 15907.759 | O29: =IF(B29=0,0,IF(B29<='Eingabe Immodaten'!$C$28,'Eingabe Immodaten'!$C$30,'Eingabe Immodaten'!$C$33)) -> 4.36 | P29: =IF(B29=0,0,U28*O29/100) -> 3128.3394 | Q29: =J29-P29 -> 12779.42 | R29: =IF(B29=0,0,IF(B29<='Eingabe Immodaten'!$H$6,'Eingabe Immodaten'!$H$7,'Eingabe Immodaten'!$H$10)) -> 2.53 | S29: =IF(B29=0,0,V28*R29/100) -> 7.3269077e-08 | T29: =K29-S29 -> -7.3269077e-08 | U29: =IF(B29=0,0,U28-Q29-M29+0.0000001) -> 58971.483 | V29: =IF(B29=0,0,V28-T29-N29+0.0000001) -> 3.06928e-06 | W29: =IF(B29=0,0,U29+V29) -> 58971.483 | X29: =IF(B29=0,0,'Eingabe Immodaten'!$H$14) -> 215104.92 | Y29: =IF(B29=0,0,IF(Z28=0,0,('Eingabe Immodaten'!$H$15))) -> 3.5 | Z29: =IF(B29=0,0,IF(Z28+1>99,0,Z28+Tabelle12[[#This Row],[Spalte23]])) -> 80.5 | AA29: =X29*Y29/100 -> 7528.6722 | AE29: =IF(B29=0,0,IF(B29<='Eingabe Immodaten'!$C$28,IF('Eingabe Immodaten'!$C$29>5,'Eingabe Immodaten'!$C$29/100*'Eingabe Immodaten'!$C$23/'Eingabe Immodaten'!$C$28,0),0)) -> 0 | AF29: =(G29-P29-S29-AA29-AD29)*'Eingabe Immodaten'!$H$19 -> 3716.098 | AG29: =IF(B29=0,0,G29-AF29-L29+AH29) -> 561.61077 | AI29: =IF(B29='Eingabe Immodaten'!$H$28,U29,0) -> 0 | AJ29: =G29-AF29+AH29 -> 16469.37 | AK29: =IF(B29=0,0,AG29+AH29-AI29) -> 561.61077 | AL29: =AG29/12 -> 46.800898 | AM29: =IF(B29=0,0,AM28+AG29) -> -43265.466 | AN29: =IF(B29=0,0,D29*(1+'Eingabe Immodaten'!$C$15/100))*'Eingabe Immodaten'!H22 -> 499925.25 | AO29: =IF(D29=0,0,AN29-W29+Tabelle12[[#This Row],[Spalte36]]) -> 397688.3 | AP29: =IF(B29='Eingabe Immodaten'!$H$28,Ergebnistabelle!D29*'Eingabe Immodaten'!$H$22,0) -> 0 | AQ29: =IF(B29='Eingabe Immodaten'!$H$28,Ergebnistabelle!AM29,0) -> 0 | AR29: =IF(B29='Eingabe Immodaten'!$H$28,Ergebnistabelle!AO29,0) -> 0 | AS29: =IF(B29='Eingabe Immodaten'!$H$28,Ergebnistabelle!W29,0) -> 0 | AT29: =IF(B29='Eingabe Immodaten'!$H$28,Ergebnistabelle!G29,0) -> 0 | AU29: =IF(B29='Eingabe Immodaten'!$H$28,Ergebnistabelle!L29,0) -> 0
B30: =IF(B29=0,0,IF(B29+1>'Eingabe Immodaten'!$H$28,0,B29+1)) -> 24 | C30: =D30/12 -> 1874.9072 | D30: =IF(B30=0,0,D29*(1+'Eingabe Immodaten'!$C$15/100)) -> 22498.886 | E30: =IF(B30=0,0,E29+D30) -> 392461.76 | F30: =IF(B30=0,0,F29*(1+'Eingabe Immodaten'!$C$16/100)) -> 1674.692 | G30: =D30-F30 -> 20824.194 | H30: =IF(B30=0,0,IF(B30<='Eingabe Immodaten'!$C$28,'Eingabe Immodaten'!$C$32,'Eingabe Immodaten'!$C$34)) -> 15907.759 | I30: =IF(B30=0,0,IF(B30<='Eingabe Immodaten'!$H$6,'Eingabe Immodaten'!$H$9,'Eingabe Immodaten'!$H$11)) -> 0 | J30: =IF(H30>U29,U29*(1+O30/100),H30) -> 15907.759 | K30: =IF(I30>V29,V29*(1+R30/100),I30) -> 0 | L30: =J30+K30 -> 15907.759 | O30: =IF(B30=0,0,IF(B30<='Eingabe Immodaten'!$C$28,'Eingabe Immodaten'!$C$30,'Eingabe Immodaten'!$C$33)) -> 4.36 | P30: =IF(B30=0,0,U29*O30/100) -> 2571.1567 | Q30: =J30-P30 -> 13336.603 | R30: =IF(B30=0,0,IF(B30<='Eingabe Immodaten'!$H$6,'Eingabe Immodaten'!$H$7,'Eingabe Immodaten'!$H$10)) -> 2.53 | S30: =IF(B30=0,0,V29*R30/100) -> 7.7652785e-08 | T30: =K30-S30 -> -7.7652785e-08 | U30: =IF(B30=0,0,U29-Q30-M30+0.0000001) -> 45634.88 | V30: =IF(B30=0,0,V29-T30-N30+0.0000001) -> 3.2469328e-06 | W30: =IF(B30=0,0,U30+V30) -> 45634.881 | X30: =IF(B30=0,0,'Eingabe Immodaten'!$H$14) -> 215104.92 | Y30: =IF(B30=0,0,IF(Z29=0,0,('Eingabe Immodaten'!$H$15))) -> 3.5 | Z30: =IF(B30=0,0,IF(Z29+1>99,0,Z29+Tabelle12[[#This Row],[Spalte23]])) -> 84 | AA30: =X30*Y30/100 -> 7528.6722 | AE30: =IF(B30=0,0,IF(B30<='Eingabe Immodaten'!$C$28,IF('Eingabe Immodaten'!$C$29>5,'Eingabe Immodaten'!$C$29/100*'Eingabe Immodaten'!$C$23/'Eingabe Immodaten'!$C$28,0),0)) -> 0 | AF30: =(G30-P30-S30-AA30-AD30)*'Eingabe Immodaten'!$H$19 -> 4182.5025 | AG30: =IF(B30=0,0,G30-AF30-L30+AH30) -> 733.93253 | AI30: =IF(B30='Eingabe Immodaten'!$H$28,U30,0) -> 0 | AJ30: =G30-AF30+AH30 -> 16641.692 | AK30: =IF(B30=0,0,AG30+AH30-AI30) -> 733.93253 | AL30: =AG30/12 -> 61.161044 | AM30: =IF(B30=0,0,AM29+AG30) -> -42531.533 | AN30: =IF(B30=0,0,D30*(1+'Eingabe Immodaten'!$C$15/100))*'Eingabe Immodaten'!H22 -> 514923.01 | AO30: =IF(D30=0,0,AN30-W30+Tabelle12[[#This Row],[Spalte36]]) -> 426756.6 | AP30: =IF(B30='Eingabe Immodaten'!$H$28,Ergebnistabelle!D30*'Eingabe Immodaten'!$H$22,0) -> 0 | AQ30: =IF(B30='Eingabe Immodaten'!$H$28,Ergebnistabelle!AM30,0) -> 0 | AR30: =IF(B30='Eingabe Immodaten'!$H$28,Ergebnistabelle!AO30,0) -> 0 | AS30: =IF(B30='Eingabe Immodaten'!$H$28,Ergebnistabelle!W30,0) -> 0 | AT30: =IF(B30='Eingabe Immodaten'!$H$28,Ergebnistabelle!G30,0) -> 0 | AU30: =IF(B30='Eingabe Immodaten'!$H$28,Ergebnistabelle!L30,0) -> 0
B31: =IF(B30=0,0,IF(B30+1>'Eingabe Immodaten'!$H$28,0,B30+1)) -> 25 | C31: =D31/12 -> 1931.1544 | D31: =IF(B31=0,0,D30*(1+'Eingabe Immodaten'!$C$15/100)) -> 23173.853 | E31: =IF(B31=0,0,E30+D31) -> 415635.61 | F31: =IF(B31=0,0,F30*(1+'Eingabe Immodaten'!$C$16/100)) -> 1691.4389 | G31: =D31-F31 -> 21482.414 | H31: =IF(B31=0,0,IF(B31<='Eingabe Immodaten'!$C$28,'Eingabe Immodaten'!$C$32,'Eingabe Immodaten'!$C$34)) -> 15907.759 | I31: =IF(B31=0,0,IF(B31<='Eingabe Immodaten'!$H$6,'Eingabe Immodaten'!$H$9,'Eingabe Immodaten'!$H$11)) -> 0 | J31: =IF(H31>U30,U30*(1+O31/100),H31) -> 15907.759 | K31: =IF(I31>V30,V30*(1+R31/100),I31) -> 0 | L31: =J31+K31 -> 15907.759 | O31: =IF(B31=0,0,IF(B31<='Eingabe Immodaten'!$C$28,'Eingabe Immodaten'!$C$30,'Eingabe Immodaten'!$C$33)) -> 4.36 | P31: =IF(B31=0,0,U30*O31/100) -> 1989.6808 | Q31: =J31-P31 -> 13918.078 | R31: =IF(B31=0,0,IF(B31<='Eingabe Immodaten'!$H$6,'Eingabe Immodaten'!$H$7,'Eingabe Immodaten'!$H$10)) -> 2.53 | S31: =IF(B31=0,0,V30*R31/100) -> 8.21474e-08 | T31: =K31-S31 -> -8.21474e-08 | U31: =IF(B31=0,0,U30-Q31-M31+0.0000001) -> 31716.802 | V31: =IF(B31=0,0,V30-T31-N31+0.0000001) -> 3.4290802e-06 | W31: =IF(B31=0,0,U31+V31) -> 31716.802 | X31: =IF(B31=0,0,'Eingabe Immodaten'!$H$14) -> 215104.92 | Y31: =IF(B31=0,0,IF(Z30=0,0,('Eingabe Immodaten'!$H$15))) -> 3.5 | Z31: =IF(B31=0,0,IF(Z30+1>99,0,Z30+Tabelle12[[#This Row],[Spalte23]])) -> 87.5 | AA31: =X31*Y31/100 -> 7528.6722 | AE31: =IF(B31=0,0,IF(B31<='Eingabe Immodaten'!$C$28,IF('Eingabe Immodaten'!$C$29>5,'Eingabe Immodaten'!$C$29/100*'Eingabe Immodaten'!$C$23/'Eingabe Immodaten'!$C$28,0),0)) -> 0 | AF31: =(G31-P31-S31-AA31-AD31)*'Eingabe Immodaten'!$H$19 -> 4665.9838 | AG31: =IF(B31=0,0,G31-AF31-L31+AH31) -> 908.67094 | AI31: =IF(B31='Eingabe Immodaten'!$H$28,U31,0) -> 0 | AJ31: =G31-AF31+AH31 -> 16816.43 | AK31: =IF(B31=0,0,AG31+AH31-AI31) -> 908.67094 | AL31: =AG31/12 -> 75.722578 | AM31: =IF(B31=0,0,AM30+AG31) -> -41622.862 | AN31: =IF(B31=0,0,D31*(1+'Eingabe Immodaten'!$C$15/100))*'Eingabe Immodaten'!H22 -> 530370.7 | AO31: =IF(D31=0,0,AN31-W31+Tabelle12[[#This Row],[Spalte36]]) -> 457031.04 | AP31: =IF(B31='Eingabe Immodaten'!$H$28,Ergebnistabelle!D31*'Eingabe Immodaten'!$H$22,0) -> 0 | AQ31: =IF(B31='Eingabe Immodaten'!$H$28,Ergebnistabelle!AM31,0) -> 0 | AR31: =IF(B31='Eingabe Immodaten'!$H$28,Ergebnistabelle!AO31,0) -> 0 | AS31: =IF(B31='Eingabe Immodaten'!$H$28,Ergebnistabelle!W31,0) -> 0 | AT31: =IF(B31='Eingabe Immodaten'!$H$28,Ergebnistabelle!G31,0) -> 0 | AU31: =IF(B31='Eingabe Immodaten'!$H$28,Ergebnistabelle!L31,0) -> 0
B32: =IF(B31=0,0,IF(B31+1>'Eingabe Immodaten'!$H$28,0,B31+1)) -> 26 | C32: =D32/12 -> 1989.089 | D32: =IF(B32=0,0,D31*(1+'Eingabe Immodaten'!$C$15/100)) -> 23869.068 | E32: =IF(B32=0,0,E31+D32) -> 439504.68 | F32: =IF(B32=0,0,F31*(1+'Eingabe Immodaten'!$C$16/100)) -> 1708.3533 | G32: =D32-F32 -> 22160.715 | H32: =IF(B32=0,0,IF(B32<='Eingabe Immodaten'!$C$28,'Eingabe Immodaten'!$C$32,'Eingabe Immodaten'!$C$34)) -> 15907.759 | I32: =IF(B32=0,0,IF(B32<='Eingabe Immodaten'!$H$6,'Eingabe Immodaten'!$H$9,'Eingabe Immodaten'!$H$11)) -> 0 | J32: =IF(H32>U31,U31*(1+O32/100),H32) -> 15907.759 | K32: =IF(I32>V31,V31*(1+R32/100),I32) -> 0 | L32: =J32+K32 -> 15907.759 | O32: =IF(B32=0,0,IF(B32<='Eingabe Immodaten'!$C$28,'Eingabe Immodaten'!$C$30,'Eingabe Immodaten'!$C$33)) -> 4.36 | P32: =IF(B32=0,0,U31*O32/100) -> 1382.8526 | Q32: =J32-P32 -> 14524.907 | R32: =IF(B32=0,0,IF(B32<='Eingabe Immodaten'!$H$6,'Eingabe Immodaten'!$H$7,'Eingabe Immodaten'!$H$10)) -> 2.53 | S32: =IF(B32=0,0,V31*R32/100) -> 8.6755729e-08 | T32: =K32-S32 -> -8.6755729e-08 | U32: =IF(B32=0,0,U31-Q32-M32+0.0000001) -> 17191.895 | V32: =IF(B32=0,0,V31-T32-N32+0.0000001) -> 3.6158359e-06 | W32: =IF(B32=0,0,U32+V32) -> 17191.895 | X32: =IF(B32=0,0,'Eingabe Immodaten'!$H$14) -> 215104.92 | Y32: =IF(B32=0,0,IF(Z31=0,0,('Eingabe Immodaten'!$H$15))) -> 3.5 | Z32: =IF(B32=0,0,IF(Z31+1>99,0,Z31+Tabelle12[[#This Row],[Spalte23]])) -> 91 | AA32: =X32*Y32/100 -> 7528.6722 | AE32: =IF(B32=0,0,IF(B32<='Eingabe Immodaten'!$C$28,IF('Eingabe Immodaten'!$C$29>5,'Eingabe Immodaten'!$C$29/100*'Eingabe Immodaten'!$C$23/'Eingabe Immodaten'!$C$28,0),0)) -> 0 | AF32: =(G32-P32-S32-AA32-AD32)*'Eingabe Immodaten'!$H$19 -> 5167.1842 | AG32: =IF(B32=0,0,G32-AF32-L32+AH32) -> 1085.7717 | AI32: =IF(B32='Eingabe Immodaten'!$H$28,U32,0) -> 0 | AJ32: =G32-AF32+AH32 -> 16993.531 | AK32: =IF(B32=0,0,AG32+AH32-AI32) -> 1085.7717 | AL32: =AG32/12 -> 90.480972 | AM32: =IF(B32=0,0,AM31+AG32) -> -40537.091 | AN32: =IF(B32=0,0,D32*(1+'Eingabe Immodaten'!$C$15/100))*'Eingabe Immodaten'!H22 -> 546281.82 | AO32: =IF(D32=0,0,AN32-W32+Tabelle12[[#This Row],[Spalte36]]) -> 488552.83 | AP32: =IF(B32='Eingabe Immodaten'!$H$28,Ergebnistabelle!D32*'Eingabe Immodaten'!$H$22,0) -> 0 | AQ32: =IF(B32='Eingabe Immodaten'!$H$28,Ergebnistabelle!AM32,0) -> 0 | AR32: =IF(B32='Eingabe Immodaten'!$H$28,Ergebnistabelle!AO32,0) -> 0 | AS32: =IF(B32='Eingabe Immodaten'!$H$28,Ergebnistabelle!W32,0) -> 0 | AT32: =IF(B32='Eingabe Immodaten'!$H$28,Ergebnistabelle!G32,0) -> 0 | AU32: =IF(B32='Eingabe Immodaten'!$H$28,Ergebnistabelle!L32,0) -> 0
B33: =IF(B32=0,0,IF(B32+1>'Eingabe Immodaten'!$H$28,0,B32+1)) -> 27 | C33: =D33/12 -> 2048.7617 | D33: =IF(B33=0,0,D32*(1+'Eingabe Immodaten'!$C$15/100)) -> 24585.14 | E33: =IF(B33=0,0,E32+D33) -> 464089.82 | F33: =IF(B33=0,0,F32*(1+'Eingabe Immodaten'!$C$16/100)) -> 1725.4368 | G33: =D33-F33 -> 22859.704 | H33: =IF(B33=0,0,IF(B33<='Eingabe Immodaten'!$C$28,'Eingabe Immodaten'!$C$32,'Eingabe Immodaten'!$C$34)) -> 15907.759 | I33: =IF(B33=0,0,IF(B33<='Eingabe Immodaten'!$H$6,'Eingabe Immodaten'!$H$9,'Eingabe Immodaten'!$H$11)) -> 0 | J33: =IF(H33>U32,U32*(1+O33/100),H33) -> 15907.759 | K33: =IF(I33>V32,V32*(1+R33/100),I33) -> 0 | L33: =J33+K33 -> 15907.759 | O33: =IF(B33=0,0,IF(B33<='Eingabe Immodaten'!$C$28,'Eingabe Immodaten'!$C$30,'Eingabe Immodaten'!$C$33)) -> 4.36 | P33: =IF(B33=0,0,U32*O33/100) -> 749.56664 | Q33: =J33-P33 -> 15158.193 | R33: =IF(B33=0,0,IF(B33<='Eingabe Immodaten'!$H$6,'Eingabe Immodaten'!$H$7,'Eingabe Immodaten'!$H$10)) -> 2.53 | S33: =IF(B33=0,0,V32*R33/100) -> 9.1480649e-08 | T33: =K33-S33 -> -9.1480649e-08 | U33: =IF(B33=0,0,U32-Q33-M33+0.0000001) -> 2033.7029 | V33: =IF(B33=0,0,V32-T33-N33+0.0000001) -> 3.8073166e-06 | W33: =IF(B33=0,0,U33+V33) -> 2033.7029 | X33: =IF(B33=0,0,'Eingabe Immodaten'!$H$14) -> 215104.92 | Y33: =IF(B33=0,0,IF(Z32=0,0,('Eingabe Immodaten'!$H$15))) -> 3.5 | Z33: =IF(B33=0,0,IF(Z32+1>99,0,Z32+Tabelle12[[#This Row],[Spalte23]])) -> 94.5 | AA33: =X33*Y33/100 -> 7528.6722 | AE33: =IF(B33=0,0,IF(B33<='Eingabe Immodaten'!$C$28,IF('Eingabe Immodaten'!$C$29>5,'Eingabe Immodaten'!$C$29/100*'Eingabe Immodaten'!$C$23/'Eingabe Immodaten'!$C$28,0),0)) -> 0 | AF33: =(G33-P33-S33-AA33-AD33)*'Eingabe Immodaten'!$H$19 -> 5686.7713 | AG33: =IF(B33=0,0,G33-AF33-L33+AH33) -> 1265.1731 | AI33: =IF(B33='Eingabe Immodaten'!$H$28,U33,0) -> 0 | AJ33: =G33-AF33+AH33 -> 17172.932 | AK33: =IF(B33=0,0,AG33+AH33-AI33) -> 1265.1731 | AL33: =AG33/12 -> 105.4311 | AM33: =IF(B33=0,0,AM32+AG33) -> -39271.917 | AN33: =IF(B33=0,0,D33*(1+'Eingabe Immodaten'!$C$15/100))*'Eingabe Immodaten'!H22 -> 562670.28 | AO33: =IF(D33=0,0,AN33-W33+Tabelle12[[#This Row],[Spalte36]]) -> 521364.66 | AP33: =IF(B33='Eingabe Immodaten'!$H$28,Ergebnistabelle!D33*'Eingabe Immodaten'!$H$22,0) -> 0 | AQ33: =IF(B33='Eingabe Immodaten'!$H$28,Ergebnistabelle!AM33,0) -> 0 | AR33: =IF(B33='Eingabe Immodaten'!$H$28,Ergebnistabelle!AO33,0) -> 0 | AS33: =IF(B33='Eingabe Immodaten'!$H$28,Ergebnistabelle!W33,0) -> 0 | AT33: =IF(B33='Eingabe Immodaten'!$H$28,Ergebnistabelle!G33,0) -> 0 | AU33: =IF(B33='Eingabe Immodaten'!$H$28,Ergebnistabelle!L33,0) -> 0
B34: =IF(B33=0,0,IF(B33+1>'Eingabe Immodaten'!$H$28,0,B33+1)) -> 28 | C34: =D34/12 -> 2110.2246 | D34: =IF(B34=0,0,D33*(1+'Eingabe Immodaten'!$C$15/100)) -> 25322.695 | E34: =IF(B34=0,0,E33+D34) -> 489412.52 | F34: =IF(B34=0,0,F33*(1+'Eingabe Immodaten'!$C$16/100)) -> 1742.6912 | G34: =D34-F34 -> 23580.003 | H34: =IF(B34=0,0,IF(B34<='Eingabe Immodaten'!$C$28,'Eingabe Immodaten'!$C$32,'Eingabe Immodaten'!$C$34)) -> 15907.759 | I34: =IF(B34=0,0,IF(B34<='Eingabe Immodaten'!$H$6,'Eingabe Immodaten'!$H$9,'Eingabe Immodaten'!$H$11)) -> 0 | J34: =IF(H34>U33,U33*(1+O34/100),H34) -> 2122.3723 | K34: =IF(I34>V33,V33*(1+R34/100),I34) -> 0 | L34: =J34+K34 -> 2122.3723 | O34: =IF(B34=0,0,IF(B34<='Eingabe Immodaten'!$C$28,'Eingabe Immodaten'!$C$30,'Eingabe Immodaten'!$C$33)) -> 4.36 | P34: =IF(B34=0,0,U33*O34/100) -> 88.669446 | Q34: =J34-P34 -> 2033.7029 | R34: =IF(B34=0,0,IF(B34<='Eingabe Immodaten'!$H$6,'Eingabe Immodaten'!$H$7,'Eingabe Immodaten'!$H$10)) -> 2.53 | S34: =IF(B34=0,0,V33*R34/100) -> 9.632511e-08 | T34: =K34-S34 -> -9.632511e-08 | U34: =IF(B34=0,0,U33-Q34-M34+0.0000001) -> 9.9999773e-08 | V34: =IF(B34=0,0,V33-T34-N34+0.0000001) -> 4.0036417e-06 | W34: =IF(B34=0,0,U34+V34) -> 4.1036415e-06 | X34: =IF(B34=0,0,'Eingabe Immodaten'!$H$14) -> 215104.92 | Y34: =IF(B34=0,0,IF(Z33=0,0,('Eingabe Immodaten'!$H$15))) -> 3.5 | Z34: =IF(B34=0,0,IF(Z33+1>99,0,Z33+Tabelle12[[#This Row],[Spalte23]])) -> 98 | AA34: =X34*Y34/100 -> 7528.6722 | AE34: =IF(B34=0,0,IF(B34<='Eingabe Immodaten'!$C$28,IF('Eingabe Immodaten'!$C$29>5,'Eingabe Immodaten'!$C$29/100*'Eingabe Immodaten'!$C$23/'Eingabe Immodaten'!$C$28,0),0)) -> 0 | AF34: =(G34-P34-S34-AA34-AD34)*'Eingabe Immodaten'!$H$19 -> 6225.4381 | AG34: =IF(B34=0,0,G34-AF34-L34+AH34) -> 15232.193 | AI34: =IF(B34='Eingabe Immodaten'!$H$28,U34,0) -> 0 | AJ34: =G34-AF34+AH34 -> 17354.565 | AK34: =IF(B34=0,0,AG34+AH34-AI34) -> 15232.193 | AL34: =AG34/12 -> 1269.3494 | AM34: =IF(B34=0,0,AM33+AG34) -> -24039.724 | AN34: =IF(B34=0,0,D34*(1+'Eingabe Immodaten'!$C$15/100))*'Eingabe Immodaten'!H22 -> 579550.38 | AO34: =IF(D34=0,0,AN34-W34+Tabelle12[[#This Row],[Spalte36]]) -> 555510.66 | AP34: =IF(B34='Eingabe Immodaten'!$H$28,Ergebnistabelle!D34*'Eingabe Immodaten'!$H$22,0) -> 0 | AQ34: =IF(B34='Eingabe Immodaten'!$H$28,Ergebnistabelle!AM34,0) -> 0 | AR34: =IF(B34='Eingabe Immodaten'!$H$28,Ergebnistabelle!AO34,0) -> 0 | AS34: =IF(B34='Eingabe Immodaten'!$H$28,Ergebnistabelle!W34,0) -> 0 | AT34: =IF(B34='Eingabe Immodaten'!$H$28,Ergebnistabelle!G34,0) -> 0 | AU34: =IF(B34='Eingabe Immodaten'!$H$28,Ergebnistabelle!L34,0) -> 0
B35: =IF(B34=0,0,IF(B34+1>'Eingabe Immodaten'!$H$28,0,B34+1)) -> 29 | C35: =D35/12 -> 2173.5313 | D35: =IF(B35=0,0,D34*(1+'Eingabe Immodaten'!$C$15/100)) -> 26082.376 | E35: =IF(B35=0,0,E34+D35) -> 515494.89 | F35: =IF(B35=0,0,F34*(1+'Eingabe Immodaten'!$C$16/100)) -> 1760.1181 | G35: =D35-F35 -> 24322.257 | H35: =IF(B35=0,0,IF(B35<='Eingabe Immodaten'!$C$28,'Eingabe Immodaten'!$C$32,'Eingabe Immodaten'!$C$34)) -> 15907.759 | I35: =IF(B35=0,0,IF(B35<='Eingabe Immodaten'!$H$6,'Eingabe Immodaten'!$H$9,'Eingabe Immodaten'!$H$11)) -> 0 | J35: =IF(H35>U34,U34*(1+O35/100),H35) -> 1.0435976e-07 | K35: =IF(I35>V34,V34*(1+R35/100),I35) -> 0 | L35: =J35+K35 -> 1.0435976e-07 | O35: =IF(B35=0,0,IF(B35<='Eingabe Immodaten'!$C$28,'Eingabe Immodaten'!$C$30,'Eingabe Immodaten'!$C$33)) -> 4.36 | P35: =IF(B35=0,0,U34*O35/100) -> 4.3599901e-09 | Q35: =J35-P35 -> 9.9999773e-08 | R35: =IF(B35=0,0,IF(B35<='Eingabe Immodaten'!$H$6,'Eingabe Immodaten'!$H$7,'Eingabe Immodaten'!$H$10)) -> 2.53 | S35: =IF(B35=0,0,V34*R35/100) -> 1.0129214e-07 | T35: =K35-S35 -> -1.0129214e-07 | U35: =IF(B35=0,0,U34-Q35-M35+0.0000001) -> 1e-07 | V35: =IF(B35=0,0,V34-T35-N35+0.0000001) -> 4.2049338e-06 | W35: =IF(B35=0,0,U35+V35) -> 4.3049338e-06 | X35: =IF(B35=0,0,'Eingabe Immodaten'!$H$14) -> 215104.92 | Y35: =IF(B35=0,0,IF(Z34=0,0,('Eingabe Immodaten'!$H$15))) -> 3.5 | Z35: =IF(B35=0,0,IF(Z34+1>99,0,Z34+Tabelle12[[#This Row],[Spalte23]])) -> 101.5 | AA35: =X35*Y35/100 -> 7528.6722 | AE35: =IF(B35=0,0,IF(B35<='Eingabe Immodaten'!$C$28,IF('Eingabe Immodaten'!$C$29>5,'Eingabe Immodaten'!$C$29/100*'Eingabe Immodaten'!$C$23/'Eingabe Immodaten'!$C$28,0),0)) -> 0 | AF35: =(G35-P35-S35-AA35-AD35)*'Eingabe Immodaten'!$H$19 -> 6549.4982 | AG35: =IF(B35=0,0,G35-AF35-L35+AH35) -> 17772.759 | AI35: =IF(B35='Eingabe Immodaten'!$H$28,U35,0) -> 0 | AJ35: =G35-AF35+AH35 -> 17772.759 | AK35: =IF(B35=0,0,AG35+AH35-AI35) -> 17772.759 | AL35: =AG35/12 -> 1481.0633 | AM35: =IF(B35=0,0,AM34+AG35) -> -6266.9653 | AN35: =IF(B35=0,0,D35*(1+'Eingabe Immodaten'!$C$15/100))*'Eingabe Immodaten'!H22 -> 596936.9 | AO35: =IF(D35=0,0,AN35-W35+Tabelle12[[#This Row],[Spalte36]]) -> 590669.93 | AP35: =IF(B35='Eingabe Immodaten'!$H$28,Ergebnistabelle!D35*'Eingabe Immodaten'!$H$22,0) -> 0 | AQ35: =IF(B35='Eingabe Immodaten'!$H$28,Ergebnistabelle!AM35,0) -> 0 | AR35: =IF(B35='Eingabe Immodaten'!$H$28,Ergebnistabelle!AO35,0) -> 0 | AS35: =IF(B35='Eingabe Immodaten'!$H$28,Ergebnistabelle!W35,0) -> 0 | AT35: =IF(B35='Eingabe Immodaten'!$H$28,Ergebnistabelle!G35,0) -> 0 | AU35: =IF(B35='Eingabe Immodaten'!$H$28,Ergebnistabelle!L35,0) -> 0
B36: =IF(B35=0,0,IF(B35+1>'Eingabe Immodaten'!$H$28,0,B35+1)) -> 30 | C36: =D36/12 -> 2238.7372 | D36: =IF(B36=0,0,D35*(1+'Eingabe Immodaten'!$C$15/100)) -> 26864.847 | E36: =IF(B36=0,0,E35+D36) -> 542359.74 | F36: =IF(B36=0,0,F35*(1+'Eingabe Immodaten'!$C$16/100)) -> 1777.7193 | G36: =D36-F36 -> 25087.127 | H36: =IF(B36=0,0,IF(B36<='Eingabe Immodaten'!$C$28,'Eingabe Immodaten'!$C$32,'Eingabe Immodaten'!$C$34)) -> 15907.759 | I36: =IF(B36=0,0,IF(B36<='Eingabe Immodaten'!$H$6,'Eingabe Immodaten'!$H$9,'Eingabe Immodaten'!$H$11)) -> 0 | J36: =IF(H36>U35,U35*(1+O36/100),H36) -> 1.0436e-07 | K36: =IF(I36>V35,V35*(1+R36/100),I36) -> 0 | L36: =J36+K36 -> 1.0436e-07 | O36: =IF(B36=0,0,IF(B36<='Eingabe Immodaten'!$C$28,'Eingabe Immodaten'!$C$30,'Eingabe Immodaten'!$C$33)) -> 4.36 | P36: =IF(B36=0,0,U35*O36/100) -> 4.36e-09 | Q36: =J36-P36 -> 1e-07 | R36: =IF(B36=0,0,IF(B36<='Eingabe Immodaten'!$H$6,'Eingabe Immodaten'!$H$7,'Eingabe Immodaten'!$H$10)) -> 2.53 | S36: =IF(B36=0,0,V35*R36/100) -> 1.0638483e-07 | T36: =K36-S36 -> -1.0638483e-07 | U36: =IF(B36=0,0,U35-Q36-M36+0.0000001) -> 1e-07 | V36: =IF(B36=0,0,V35-T36-N36+0.0000001) -> 4.4113187e-06 | W36: =IF(B36=0,0,U36+V36) -> 4.5113187e-06 | X36: =IF(B36=0,0,'Eingabe Immodaten'!$H$14) -> 215104.92 | Y36: =IF(B36=0,0,IF(Z35=0,0,('Eingabe Immodaten'!$H$15))) -> 3.5 | Z36: =IF(B36=0,0,IF(Z35+1>99,0,Z35+Tabelle12[[#This Row],[Spalte23]])) -> 0 | AA36: =X36*Y36/100 -> 7528.6722 | AE36: =IF(B36=0,0,IF(B36<='Eingabe Immodaten'!$C$28,IF('Eingabe Immodaten'!$C$29>5,'Eingabe Immodaten'!$C$29/100*'Eingabe Immodaten'!$C$23/'Eingabe Immodaten'!$C$28,0),0)) -> 0 | AF36: =(G36-P36-S36-AA36-AD36)*'Eingabe Immodaten'!$H$19 -> 6847.7976 | AG36: =IF(B36=0,0,G36-AF36-L36+AH36) -> 18239.33 | AI36: =IF(B36='Eingabe Immodaten'!$H$28,U36,0) -> 0 | AJ36: =G36-AF36+AH36 -> 18239.33 | AK36: =IF(B36=0,0,AG36+AH36-AI36) -> 18239.33 | AL36: =AG36/12 -> 1519.9442 | AM36: =IF(B36=0,0,AM35+AG36) -> 11972.365 | AN36: =IF(B36=0,0,D36*(1+'Eingabe Immodaten'!$C$15/100))*'Eingabe Immodaten'!H22 -> 614845 | AO36: =IF(D36=0,0,AN36-W36+Tabelle12[[#This Row],[Spalte36]]) -> 626817.37 | AP36: =IF(B36='Eingabe Immodaten'!$H$28,Ergebnistabelle!D36*'Eingabe Immodaten'!$H$22,0) -> 0 | AQ36: =IF(B36='Eingabe Immodaten'!$H$28,Ergebnistabelle!AM36,0) -> 0 | AR36: =IF(B36='Eingabe Immodaten'!$H$28,Ergebnistabelle!AO36,0) -> 0 | AS36: =IF(B36='Eingabe Immodaten'!$H$28,Ergebnistabelle!W36,0) -> 0 | AT36: =IF(B36='Eingabe Immodaten'!$H$28,Ergebnistabelle!G36,0) -> 0 | AU36: =IF(B36='Eingabe Immodaten'!$H$28,Ergebnistabelle!L36,0) -> 0
B37: =IF(B36=0,0,IF(B36+1>'Eingabe Immodaten'!$H$28,0,B36+1)) -> 31 | C37: =D37/12 -> 2305.8993 | D37: =IF(B37=0,0,D36*(1+'Eingabe Immodaten'!$C$15/100)) -> 27670.792 | E37: =IF(B37=0,0,E36+D37) -> 570030.53 | F37: =IF(B37=0,0,F36*(1+'Eingabe Immodaten'!$C$16/100)) -> 1795.4965 | G37: =D37-F37 -> 25875.296 | H37: =IF(B37=0,0,IF(B37<='Eingabe Immodaten'!$C$28,'Eingabe Immodaten'!$C$32,'Eingabe Immodaten'!$C$34)) -> 15907.759 | I37: =IF(B37=0,0,IF(B37<='Eingabe Immodaten'!$H$6,'Eingabe Immodaten'!$H$9,'Eingabe Immodaten'!$H$11)) -> 0 | J37: =IF(H37>U36,U36*(1+O37/100),H37) -> 1.0436e-07 | K37: =IF(I37>V36,V36*(1+R37/100),I37) -> 0 | L37: =J37+K37 -> 1.0436e-07 | O37: =IF(B37=0,0,IF(B37<='Eingabe Immodaten'!$C$28,'Eingabe Immodaten'!$C$30,'Eingabe Immodaten'!$C$33)) -> 4.36 | P37: =IF(B37=0,0,U36*O37/100) -> 4.36e-09 | Q37: =J37-P37 -> 1e-07 | R37: =IF(B37=0,0,IF(B37<='Eingabe Immodaten'!$H$6,'Eingabe Immodaten'!$H$7,'Eingabe Immodaten'!$H$10)) -> 2.53 | S37: =IF(B37=0,0,V36*R37/100) -> 1.1160636e-07 | T37: =K37-S37 -> -1.1160636e-07 | U37: =IF(B37=0,0,U36-Q37-M37+0.0000001) -> 1e-07 | V37: =IF(B37=0,0,V36-T37-N37+0.0000001) -> 4.622925e-06 | W37: =IF(B37=0,0,U37+V37) -> 4.722925e-06 | X37: =IF(B37=0,0,'Eingabe Immodaten'!$H$14) -> 215104.92 | Y37: =IF(B37=0,0,IF(Z36=0,0,('Eingabe Immodaten'!$H$15))) -> 0 | Z37: =IF(B37=0,0,IF(Z36+1>99,0,Z36+Tabelle12[[#This Row],[Spalte23]])) -> 0 | AA37: =X37*Y37/100 -> 0 | AE37: =IF(B37=0,0,IF(B37<='Eingabe Immodaten'!$C$28,IF('Eingabe Immodaten'!$C$29>5,'Eingabe Immodaten'!$C$29/100*'Eingabe Immodaten'!$C$23/'Eingabe Immodaten'!$C$28,0),0)) -> 0 | AF37: =(G37-P37-S37-AA37-AD37)*'Eingabe Immodaten'!$H$19 -> 10091.365 | AG37: =IF(B37=0,0,G37-AF37-L37+AH37) -> 15783.93 | AI37: =IF(B37='Eingabe Immodaten'!$H$28,U37,0) -> 0 | AJ37: =G37-AF37+AH37 -> 15783.93 | AK37: =IF(B37=0,0,AG37+AH37-AI37) -> 15783.93 | AL37: =AG37/12 -> 1315.3275 | AM37: =IF(B37=0,0,AM36+AG37) -> 27756.295 | AN37: =IF(B37=0,0,D37*(1+'Eingabe Immodaten'!$C$15/100))*'Eingabe Immodaten'!H22 -> 633290.35 | AO37: =IF(D37=0,0,AN37-W37+Tabelle12[[#This Row],[Spalte36]]) -> 661046.65 | AP37: =IF(B37='Eingabe Immodaten'!$H$28,Ergebnistabelle!D37*'Eingabe Immodaten'!$H$22,0) -> 0 | AQ37: =IF(B37='Eingabe Immodaten'!$H$28,Ergebnistabelle!AM37,0) -> 0 | AR37: =IF(B37='Eingabe Immodaten'!$H$28,Ergebnistabelle!AO37,0) -> 0 | AS37: =IF(B37='Eingabe Immodaten'!$H$28,Ergebnistabelle!W37,0) -> 0 | AT37: =IF(B37='Eingabe Immodaten'!$H$28,Ergebnistabelle!G37,0) -> 0 | AU37: =IF(B37='Eingabe Immodaten'!$H$28,Ergebnistabelle!L37,0) -> 0
B38: =IF(B37=0,0,IF(B37+1>'Eingabe Immodaten'!$H$28,0,B37+1)) -> 32 | C38: =D38/12 -> 2375.0763 | D38: =IF(B38=0,0,D37*(1+'Eingabe Immodaten'!$C$15/100)) -> 28500.916 | E38: =IF(B38=0,0,E37+D38) -> 598531.45 | F38: =IF(B38=0,0,F37*(1+'Eingabe Immodaten'!$C$16/100)) -> 1813.4515 | G38: =D38-F38 -> 26687.464 | H38: =IF(B38=0,0,IF(B38<='Eingabe Immodaten'!$C$28,'Eingabe Immodaten'!$C$32,'Eingabe Immodaten'!$C$34)) -> 15907.759 | I38: =IF(B38=0,0,IF(B38<='Eingabe Immodaten'!$H$6,'Eingabe Immodaten'!$H$9,'Eingabe Immodaten'!$H$11)) -> 0 | J38: =IF(H38>U37,U37*(1+O38/100),H38) -> 1.0436e-07 | K38: =IF(I38>V37,V37*(1+R38/100),I38) -> 0 | L38: =J38+K38 -> 1.0436e-07 | O38: =IF(B38=0,0,IF(B38<='Eingabe Immodaten'!$C$28,'Eingabe Immodaten'!$C$30,'Eingabe Immodaten'!$C$33)) -> 4.36 | P38: =IF(B38=0,0,U37*O38/100) -> 4.36e-09 | Q38: =J38-P38 -> 1e-07 | R38: =IF(B38=0,0,IF(B38<='Eingabe Immodaten'!$H$6,'Eingabe Immodaten'!$H$7,'Eingabe Immodaten'!$H$10)) -> 2.53 | S38: =IF(B38=0,0,V37*R38/100) -> 1.1696e-07 | T38: =K38-S38 -> -1.1696e-07 | U38: =IF(B38=0,0,U37-Q38-M38+0.0000001) -> 1e-07 | V38: =IF(B38=0,0,V37-T38-N38+0.0000001) -> 4.839885e-06 | W38: =IF(B38=0,0,U38+V38) -> 4.939885e-06 | X38: =IF(B38=0,0,'Eingabe Immodaten'!$H$14) -> 215104.92 | Y38: =IF(B38=0,0,IF(Z37=0,0,('Eingabe Immodaten'!$H$15))) -> 0 | Z38: =IF(B38=0,0,IF(Z37+1>99,0,Z37+Tabelle12[[#This Row],[Spalte23]])) -> 0 | AA38: =X38*Y38/100 -> 0 | AE38: =IF(B38=0,0,IF(B38<='Eingabe Immodaten'!$C$28,IF('Eingabe Immodaten'!$C$29>5,'Eingabe Immodaten'!$C$29/100*'Eingabe Immodaten'!$C$23/'Eingabe Immodaten'!$C$28,0),0)) -> 0 | AF38: =(G38-P38-S38-AA38-AD38)*'Eingabe Immodaten'!$H$19 -> 10408.111 | AG38: =IF(B38=0,0,G38-AF38-L38+AH38) -> 16279.353 | AI38: =IF(B38='Eingabe Immodaten'!$H$28,U38,0) -> 0 | AJ38: =G38-AF38+AH38 -> 16279.353 | AK38: =IF(B38=0,0,AG38+AH38-AI38) -> 16279.353 | AL38: =AG38/12 -> 1356.6128 | AM38: =IF(B38=0,0,AM37+AG38) -> 44035.648 | AN38: =IF(B38=0,0,D38*(1+'Eingabe Immodaten'!$C$15/100))*'Eingabe Immodaten'!H22 -> 652289.06 | AO38: =IF(D38=0,0,AN38-W38+Tabelle12[[#This Row],[Spalte36]]) -> 696324.71 | AP38: =IF(B38='Eingabe Immodaten'!$H$28,Ergebnistabelle!D38*'Eingabe Immodaten'!$H$22,0) -> 0 | AQ38: =IF(B38='Eingabe Immodaten'!$H$28,Ergebnistabelle!AM38,0) -> 0 | AR38: =IF(B38='Eingabe Immodaten'!$H$28,Ergebnistabelle!AO38,0) -> 0 | AS38: =IF(B38='Eingabe Immodaten'!$H$28,Ergebnistabelle!W38,0) -> 0 | AT38: =IF(B38='Eingabe Immodaten'!$H$28,Ergebnistabelle!G38,0) -> 0 | AU38: =IF(B38='Eingabe Immodaten'!$H$28,Ergebnistabelle!L38,0) -> 0
B39: =IF(B38=0,0,IF(B38+1>'Eingabe Immodaten'!$H$28,0,B38+1)) -> 33 | C39: =D39/12 -> 2446.3286 | D39: =IF(B39=0,0,D38*(1+'Eingabe Immodaten'!$C$15/100)) -> 29355.943 | E39: =IF(B39=0,0,E38+D39) -> 627887.39 | F39: =IF(B39=0,0,F38*(1+'Eingabe Immodaten'!$C$16/100)) -> 1831.586 | G39: =D39-F39 -> 27524.357 | H39: =IF(B39=0,0,IF(B39<='Eingabe Immodaten'!$C$28,'Eingabe Immodaten'!$C$32,'Eingabe Immodaten'!$C$34)) -> 15907.759 | I39: =IF(B39=0,0,IF(B39<='Eingabe Immodaten'!$H$6,'Eingabe Immodaten'!$H$9,'Eingabe Immodaten'!$H$11)) -> 0 | J39: =IF(H39>U38,U38*(1+O39/100),H39) -> 1.0436e-07 | K39: =IF(I39>V38,V38*(1+R39/100),I39) -> 0 | L39: =J39+K39 -> 1.0436e-07 | O39: =IF(B39=0,0,IF(B39<='Eingabe Immodaten'!$C$28,'Eingabe Immodaten'!$C$30,'Eingabe Immodaten'!$C$33)) -> 4.36 | P39: =IF(B39=0,0,U38*O39/100) -> 4.36e-09 | Q39: =J39-P39 -> 1e-07 | R39: =IF(B39=0,0,IF(B39<='Eingabe Immodaten'!$H$6,'Eingabe Immodaten'!$H$7,'Eingabe Immodaten'!$H$10)) -> 2.53 | S39: =IF(B39=0,0,V38*R39/100) -> 1.2244909e-07 | T39: =K39-S39 -> -1.2244909e-07 | U39: =IF(B39=0,0,U38-Q39-M39+0.0000001) -> 1e-07 | V39: =IF(B39=0,0,V38-T39-N39+0.0000001) -> 5.0623341e-06 | W39: =IF(B39=0,0,U39+V39) -> 5.1623341e-06 | X39: =IF(B39=0,0,'Eingabe Immodaten'!$H$14) -> 215104.92 | Y39: =IF(B39=0,0,IF(Z38=0,0,('Eingabe Immodaten'!$H$15))) -> 0 | Z39: =IF(B39=0,0,IF(Z38+1>99,0,Z38+Tabelle12[[#This Row],[Spalte23]])) -> 0 | AA39: =X39*Y39/100 -> 0 | AE39: =IF(B39=0,0,IF(B39<='Eingabe Immodaten'!$C$28,IF('Eingabe Immodaten'!$C$29>5,'Eingabe Immodaten'!$C$29/100*'Eingabe Immodaten'!$C$23/'Eingabe Immodaten'!$C$28,0),0)) -> 0 | AF39: =(G39-P39-S39-AA39-AD39)*'Eingabe Immodaten'!$H$19 -> 10734.499 | AG39: =IF(B39=0,0,G39-AF39-L39+AH39) -> 16789.858 | AI39: =IF(B39='Eingabe Immodaten'!$H$28,U39,0) -> 0 | AJ39: =G39-AF39+AH39 -> 16789.858 | AK39: =IF(B39=0,0,AG39+AH39-AI39) -> 16789.858 | AL39: =AG39/12 -> 1399.1548 | AM39: =IF(B39=0,0,AM38+AG39) -> 60825.506 | AN39: =IF(B39=0,0,D39*(1+'Eingabe Immodaten'!$C$15/100))*'Eingabe Immodaten'!H22 -> 671857.73 | AO39: =IF(D39=0,0,AN39-W39+Tabelle12[[#This Row],[Spalte36]]) -> 732683.24 | AP39: =IF(B39='Eingabe Immodaten'!$H$28,Ergebnistabelle!D39*'Eingabe Immodaten'!$H$22,0) -> 0 | AQ39: =IF(B39='Eingabe Immodaten'!$H$28,Ergebnistabelle!AM39,0) -> 0 | AR39: =IF(B39='Eingabe Immodaten'!$H$28,Ergebnistabelle!AO39,0) -> 0 | AS39: =IF(B39='Eingabe Immodaten'!$H$28,Ergebnistabelle!W39,0) -> 0 | AT39: =IF(B39='Eingabe Immodaten'!$H$28,Ergebnistabelle!G39,0) -> 0 | AU39: =IF(B39='Eingabe Immodaten'!$H$28,Ergebnistabelle!L39,0) -> 0
B40: =IF(B39=0,0,IF(B39+1>'Eingabe Immodaten'!$H$28,0,B39+1)) -> 34 | C40: =D40/12 -> 2519.7185 | D40: =IF(B40=0,0,D39*(1+'Eingabe Immodaten'!$C$15/100)) -> 30236.622 | E40: =IF(B40=0,0,E39+D40) -> 658124.01 | F40: =IF(B40=0,0,F39*(1+'Eingabe Immodaten'!$C$16/100)) -> 1849.9018 | G40: =D40-F40 -> 28386.72 | H40: =IF(B40=0,0,IF(B40<='Eingabe Immodaten'!$C$28,'Eingabe Immodaten'!$C$32,'Eingabe Immodaten'!$C$34)) -> 15907.759 | I40: =IF(B40=0,0,IF(B40<='Eingabe Immodaten'!$H$6,'Eingabe Immodaten'!$H$9,'Eingabe Immodaten'!$H$11)) -> 0 | J40: =IF(H40>U39,U39*(1+O40/100),H40) -> 1.0436e-07 | K40: =IF(I40>V39,V39*(1+R40/100),I40) -> 0 | L40: =J40+K40 -> 1.0436e-07 | O40: =IF(B40=0,0,IF(B40<='Eingabe Immodaten'!$C$28,'Eingabe Immodaten'!$C$30,'Eingabe Immodaten'!$C$33)) -> 4.36 | P40: =IF(B40=0,0,U39*O40/100) -> 4.36e-09 | Q40: =J40-P40 -> 1e-07 | R40: =IF(B40=0,0,IF(B40<='Eingabe Immodaten'!$H$6,'Eingabe Immodaten'!$H$7,'Eingabe Immodaten'!$H$10)) -> 2.53 | S40: =IF(B40=0,0,V39*R40/100) -> 1.2807705e-07 | T40: =K40-S40 -> -1.2807705e-07 | U40: =IF(B40=0,0,U39-Q40-M40+0.0000001) -> 1e-07 | V40: =IF(B40=0,0,V39-T40-N40+0.0000001) -> 5.2904112e-06 | W40: =IF(B40=0,0,U40+V40) -> 5.3904112e-06 | X40: =IF(B40=0,0,'Eingabe Immodaten'!$H$14) -> 215104.92 | Y40: =IF(B40=0,0,IF(Z39=0,0,('Eingabe Immodaten'!$H$15))) -> 0 | Z40: =IF(B40=0,0,IF(Z39+1>99,0,Z39+Tabelle12[[#This Row],[Spalte23]])) -> 0 | AA40: =X40*Y40/100 -> 0 | AE40: =IF(B40=0,0,IF(B40<='Eingabe Immodaten'!$C$28,IF('Eingabe Immodaten'!$C$29>5,'Eingabe Immodaten'!$C$29/100*'Eingabe Immodaten'!$C$23/'Eingabe Immodaten'!$C$28,0),0)) -> 0 | AF40: =(G40-P40-S40-AA40-AD40)*'Eingabe Immodaten'!$H$19 -> 11070.821 | AG40: =IF(B40=0,0,G40-AF40-L40+AH40) -> 17315.899 | AI40: =IF(B40='Eingabe Immodaten'!$H$28,U40,0) -> 0 | AJ40: =G40-AF40+AH40 -> 17315.899 | AK40: =IF(B40=0,0,AG40+AH40-AI40) -> 17315.899 | AL40: =AG40/12 -> 1442.9916 | AM40: =IF(B40=0,0,AM39+AG40) -> 78141.405 | AN40: =IF(B40=0,0,D40*(1+'Eingabe Immodaten'!$C$15/100))*'Eingabe Immodaten'!H22 -> 692013.47 | AO40: =IF(D40=0,0,AN40-W40+Tabelle12[[#This Row],[Spalte36]]) -> 770154.87 | AP40: =IF(B40='Eingabe Immodaten'!$H$28,Ergebnistabelle!D40*'Eingabe Immodaten'!$H$22,0) -> 0 | AQ40: =IF(B40='Eingabe Immodaten'!$H$28,Ergebnistabelle!AM40,0) -> 0 | AR40: =IF(B40='Eingabe Immodaten'!$H$28,Ergebnistabelle!AO40,0) -> 0 | AS40: =IF(B40='Eingabe Immodaten'!$H$28,Ergebnistabelle!W40,0) -> 0 | AT40: =IF(B40='Eingabe Immodaten'!$H$28,Ergebnistabelle!G40,0) -> 0 | AU40: =IF(B40='Eingabe Immodaten'!$H$28,Ergebnistabelle!L40,0) -> 0
B41: =IF(B40=0,0,IF(B40+1>'Eingabe Immodaten'!$H$28,0,B40+1)) -> 35 | C41: =D41/12 -> 2595.31 | D41: =IF(B41=0,0,D40*(1+'Eingabe Immodaten'!$C$15/100)) -> 31143.72 | E41: =IF(B41=0,0,E40+D41) -> 689267.73 | F41: =IF(B41=0,0,F40*(1+'Eingabe Immodaten'!$C$16/100)) -> 1868.4009 | G41: =D41-F41 -> 29275.32 | H41: =IF(B41=0,0,IF(B41<='Eingabe Immodaten'!$C$28,'Eingabe Immodaten'!$C$32,'Eingabe Immodaten'!$C$34)) -> 15907.759 | I41: =IF(B41=0,0,IF(B41<='Eingabe Immodaten'!$H$6,'Eingabe Immodaten'!$H$9,'Eingabe Immodaten'!$H$11)) -> 0 | J41: =IF(H41>U40,U40*(1+O41/100),H41) -> 1.0436e-07 | K41: =IF(I41>V40,V40*(1+R41/100),I41) -> 0 | L41: =J41+K41 -> 1.0436e-07 | O41: =IF(B41=0,0,IF(B41<='Eingabe Immodaten'!$C$28,'Eingabe Immodaten'!$C$30,'Eingabe Immodaten'!$C$33)) -> 4.36 | P41: =IF(B41=0,0,U40*O41/100) -> 4.36e-09 | Q41: =J41-P41 -> 1e-07 | R41: =IF(B41=0,0,IF(B41<='Eingabe Immodaten'!$H$6,'Eingabe Immodaten'!$H$7,'Eingabe Immodaten'!$H$10)) -> 2.53 | S41: =IF(B41=0,0,V40*R41/100) -> 1.338474e-07 | T41: =K41-S41 -> -1.338474e-07 | U41: =IF(B41=0,0,U40-Q41-M41+0.0000001) -> 1e-07 | V41: =IF(B41=0,0,V40-T41-N41+0.0000001) -> 5.5242586e-06 | W41: =IF(B41=0,0,U41+V41) -> 5.6242586e-06 | X41: =IF(B41=0,0,'Eingabe Immodaten'!$H$14) -> 215104.92 | Y41: =IF(B41=0,0,IF(Z40=0,0,('Eingabe Immodaten'!$H$15))) -> 0 | Z41: =IF(B41=0,0,IF(Z40+1>99,0,Z40+Tabelle12[[#This Row],[Spalte23]])) -> 0 | AA41: =X41*Y41/100 -> 0 | AE41: =IF(B41=0,0,IF(B41<='Eingabe Immodaten'!$C$28,IF('Eingabe Immodaten'!$C$29>5,'Eingabe Immodaten'!$C$29/100*'Eingabe Immodaten'!$C$23/'Eingabe Immodaten'!$C$28,0),0)) -> 0 | AF41: =(G41-P41-S41-AA41-AD41)*'Eingabe Immodaten'!$H$19 -> 11417.375 | AG41: =IF(B41=0,0,G41-AF41-L41+AH41) -> 17857.945 | AI41: =IF(B41='Eingabe Immodaten'!$H$28,U41,0) -> 0 | AJ41: =G41-AF41+AH41 -> 17857.945 | AK41: =IF(B41=0,0,AG41+AH41-AI41) -> 17857.945 | AL41: =AG41/12 -> 1488.1621 | AM41: =IF(B41=0,0,AM40+AG41) -> 95999.35 | AN41: =IF(B41=0,0,D41*(1+'Eingabe Immodaten'!$C$15/100))*'Eingabe Immodaten'!H22 -> 712773.87 | AO41: =IF(D41=0,0,AN41-W41+Tabelle12[[#This Row],[Spalte36]]) -> 808773.22 | AP41: =IF(B41='Eingabe Immodaten'!$H$28,Ergebnistabelle!D41*'Eingabe Immodaten'!$H$22,0) -> 0 | AQ41: =IF(B41='Eingabe Immodaten'!$H$28,Ergebnistabelle!AM41,0) -> 0 | AR41: =IF(B41='Eingabe Immodaten'!$H$28,Ergebnistabelle!AO41,0) -> 0 | AS41: =IF(B41='Eingabe Immodaten'!$H$28,Ergebnistabelle!W41,0) -> 0 | AT41: =IF(B41='Eingabe Immodaten'!$H$28,Ergebnistabelle!G41,0) -> 0 | AU41: =IF(B41='Eingabe Immodaten'!$H$28,Ergebnistabelle!L41,0) -> 0
B42: =IF(B41=0,0,IF(B41+1>'Eingabe Immodaten'!$H$28,0,B41+1)) -> 36 | C42: =D42/12 -> 2673.1693 | D42: =IF(B42=0,0,D41*(1+'Eingabe Immodaten'!$C$15/100)) -> 32078.032 | E42: =IF(B42=0,0,E41+D42) -> 721345.76 | F42: =IF(B42=0,0,F41*(1+'Eingabe Immodaten'!$C$16/100)) -> 1887.0849 | G42: =D42-F42 -> 30190.947 | H42: =IF(B42=0,0,IF(B42<='Eingabe Immodaten'!$C$28,'Eingabe Immodaten'!$C$32,'Eingabe Immodaten'!$C$34)) -> 15907.759 | I42: =IF(B42=0,0,IF(B42<='Eingabe Immodaten'!$H$6,'Eingabe Immodaten'!$H$9,'Eingabe Immodaten'!$H$11)) -> 0 | J42: =IF(H42>U41,U41*(1+O42/100),H42) -> 1.0436e-07 | K42: =IF(I42>V41,V41*(1+R42/100),I42) -> 0 | L42: =J42+K42 -> 1.0436e-07 | O42: =IF(B42=0,0,IF(B42<='Eingabe Immodaten'!$C$28,'Eingabe Immodaten'!$C$30,'Eingabe Immodaten'!$C$33)) -> 4.36 | P42: =IF(B42=0,0,U41*O42/100) -> 4.36e-09 | Q42: =J42-P42 -> 1e-07 | R42: =IF(B42=0,0,IF(B42<='Eingabe Immodaten'!$H$6,'Eingabe Immodaten'!$H$7,'Eingabe Immodaten'!$H$10)) -> 2.53 | S42: =IF(B42=0,0,V41*R42/100) -> 1.3976374e-07 | T42: =K42-S42 -> -1.3976374e-07 | U42: =IF(B42=0,0,U41-Q42-M42+0.0000001) -> 1e-07 | V42: =IF(B42=0,0,V41-T42-N42+0.0000001) -> 5.7640223e-06 | W42: =IF(B42=0,0,U42+V42) -> 5.8640223e-06 | X42: =IF(B42=0,0,'Eingabe Immodaten'!$H$14) -> 215104.92 | Y42: =IF(B42=0,0,IF(Z41=0,0,('Eingabe Immodaten'!$H$15))) -> 0 | Z42: =IF(B42=0,0,IF(Z41+1>99,0,Z41+Tabelle12[[#This Row],[Spalte23]])) -> 0 | AA42: =X42*Y42/100 -> 0 | AE42: =IF(B42=0,0,IF(B42<='Eingabe Immodaten'!$C$28,IF('Eingabe Immodaten'!$C$29>5,'Eingabe Immodaten'!$C$29/100*'Eingabe Immodaten'!$C$23/'Eingabe Immodaten'!$C$28,0),0)) -> 0 | AF42: =(G42-P42-S42-AA42-AD42)*'Eingabe Immodaten'!$H$19 -> 11774.469 | AG42: =IF(B42=0,0,G42-AF42-L42+AH42) -> 18416.478 | AI42: =IF(B42='Eingabe Immodaten'!$H$28,U42,0) -> 0 | AJ42: =G42-AF42+AH42 -> 18416.478 | AK42: =IF(B42=0,0,AG42+AH42-AI42) -> 18416.478 | AL42: =AG42/12 -> 1534.7065 | AM42: =IF(B42=0,0,AM41+AG42) -> 114415.83 | AN42: =IF(B42=0,0,D42*(1+'Eingabe Immodaten'!$C$15/100))*'Eingabe Immodaten'!H22 -> 734157.09 | AO42: =IF(D42=0,0,AN42-W42+Tabelle12[[#This Row],[Spalte36]]) -> 848572.91 | AP42: =IF(B42='Eingabe Immodaten'!$H$28,Ergebnistabelle!D42*'Eingabe Immodaten'!$H$22,0) -> 0 | AQ42: =IF(B42='Eingabe Immodaten'!$H$28,Ergebnistabelle!AM42,0) -> 0 | AR42: =IF(B42='Eingabe Immodaten'!$H$28,Ergebnistabelle!AO42,0) -> 0 | AS42: =IF(B42='Eingabe Immodaten'!$H$28,Ergebnistabelle!W42,0) -> 0 | AT42: =IF(B42='Eingabe Immodaten'!$H$28,Ergebnistabelle!G42,0) -> 0 | AU42: =IF(B42='Eingabe Immodaten'!$H$28,Ergebnistabelle!L42,0) -> 0
B43: =IF(B42=0,0,IF(B42+1>'Eingabe Immodaten'!$H$28,0,B42+1)) -> 37 | C43: =D43/12 -> 2753.3644 | D43: =IF(B43=0,0,D42*(1+'Eingabe Immodaten'!$C$15/100)) -> 33040.373 | E43: =IF(B43=0,0,E42+D43) -> 754386.14 | F43: =IF(B43=0,0,F42*(1+'Eingabe Immodaten'!$C$16/100)) -> 1905.9557 | G43: =D43-F43 -> 31134.417 | H43: =IF(B43=0,0,IF(B43<='Eingabe Immodaten'!$C$28,'Eingabe Immodaten'!$C$32,'Eingabe Immodaten'!$C$34)) -> 15907.759 | I43: =IF(B43=0,0,IF(B43<='Eingabe Immodaten'!$H$6,'Eingabe Immodaten'!$H$9,'Eingabe Immodaten'!$H$11)) -> 0 | J43: =IF(H43>U42,U42*(1+O43/100),H43) -> 1.0436e-07 | K43: =IF(I43>V42,V42*(1+R43/100),I43) -> 0 | L43: =J43+K43 -> 1.0436e-07 | O43: =IF(B43=0,0,IF(B43<='Eingabe Immodaten'!$C$28,'Eingabe Immodaten'!$C$30,'Eingabe Immodaten'!$C$33)) -> 4.36 | P43: =IF(B43=0,0,U42*O43/100) -> 4.36e-09 | Q43: =J43-P43 -> 1e-07 | R43: =IF(B43=0,0,IF(B43<='Eingabe Immodaten'!$H$6,'Eingabe Immodaten'!$H$7,'Eingabe Immodaten'!$H$10)) -> 2.53 | S43: =IF(B43=0,0,V42*R43/100) -> 1.4582976e-07 | T43: =K43-S43 -> -1.4582976e-07 | U43: =IF(B43=0,0,U42-Q43-M43+0.0000001) -> 1e-07 | V43: =IF(B43=0,0,V42-T43-N43+0.0000001) -> 6.0098521e-06 | W43: =IF(B43=0,0,U43+V43) -> 6.1098521e-06 | X43: =IF(B43=0,0,'Eingabe Immodaten'!$H$14) -> 215104.92 | Y43: =IF(B43=0,0,IF(Z42=0,0,('Eingabe Immodaten'!$H$15))) -> 0 | Z43: =IF(B43=0,0,IF(Z42+1>99,0,Z42+Tabelle12[[#This Row],[Spalte23]])) -> 0 | AA43: =X43*Y43/100 -> 0 | AE43: =IF(B43=0,0,IF(B43<='Eingabe Immodaten'!$C$28,IF('Eingabe Immodaten'!$C$29>5,'Eingabe Immodaten'!$C$29/100*'Eingabe Immodaten'!$C$23/'Eingabe Immodaten'!$C$28,0),0)) -> 0 | AF43: =(G43-P43-S43-AA43-AD43)*'Eingabe Immodaten'!$H$19 -> 12142.423 | AG43: =IF(B43=0,0,G43-AF43-L43+AH43) -> 18991.995 | AI43: =IF(B43='Eingabe Immodaten'!$H$28,U43,0) -> 0 | AJ43: =G43-AF43+AH43 -> 18991.995 | AK43: =IF(B43=0,0,AG43+AH43-AI43) -> 18991.995 | AL43: =AG43/12 -> 1582.6662 | AM43: =IF(B43=0,0,AM42+AG43) -> 133407.82 | AN43: =IF(B43=0,0,D43*(1+'Eingabe Immodaten'!$C$15/100))*'Eingabe Immodaten'!H22 -> 756181.8 | AO43: =IF(D43=0,0,AN43-W43+Tabelle12[[#This Row],[Spalte36]]) -> 889589.62 | AP43: =IF(B43='Eingabe Immodaten'!$H$28,Ergebnistabelle!D43*'Eingabe Immodaten'!$H$22,0) -> 0 | AQ43: =IF(B43='Eingabe Immodaten'!$H$28,Ergebnistabelle!AM43,0) -> 0 | AR43: =IF(B43='Eingabe Immodaten'!$H$28,Ergebnistabelle!AO43,0) -> 0 | AS43: =IF(B43='Eingabe Immodaten'!$H$28,Ergebnistabelle!W43,0) -> 0 | AT43: =IF(B43='Eingabe Immodaten'!$H$28,Ergebnistabelle!G43,0) -> 0 | AU43: =IF(B43='Eingabe Immodaten'!$H$28,Ergebnistabelle!L43,0) -> 0
B44: =IF(B43=0,0,IF(B43+1>'Eingabe Immodaten'!$H$28,0,B43+1)) -> 38 | C44: =D44/12 -> 2835.9653 | D44: =IF(B44=0,0,D43*(1+'Eingabe Immodaten'!$C$15/100)) -> 34031.584 | E44: =IF(B44=0,0,E43+D44) -> 788417.72 | F44: =IF(B44=0,0,F43*(1+'Eingabe Immodaten'!$C$16/100)) -> 1925.0153 | G44: =D44-F44 -> 32106.569 | H44: =IF(B44=0,0,IF(B44<='Eingabe Immodaten'!$C$28,'Eingabe Immodaten'!$C$32,'Eingabe Immodaten'!$C$34)) -> 15907.759 | I44: =IF(B44=0,0,IF(B44<='Eingabe Immodaten'!$H$6,'Eingabe Immodaten'!$H$9,'Eingabe Immodaten'!$H$11)) -> 0 | J44: =IF(H44>U43,U43*(1+O44/100),H44) -> 1.0436e-07 | K44: =IF(I44>V43,V43*(1+R44/100),I44) -> 0 | L44: =J44+K44 -> 1.0436e-07 | O44: =IF(B44=0,0,IF(B44<='Eingabe Immodaten'!$C$28,'Eingabe Immodaten'!$C$30,'Eingabe Immodaten'!$C$33)) -> 4.36 | P44: =IF(B44=0,0,U43*O44/100) -> 4.36e-09 | Q44: =J44-P44 -> 1e-07 | R44: =IF(B44=0,0,IF(B44<='Eingabe Immodaten'!$H$6,'Eingabe Immodaten'!$H$7,'Eingabe Immodaten'!$H$10)) -> 2.53 | S44: =IF(B44=0,0,V43*R44/100) -> 1.5204926e-07 | T44: =K44-S44 -> -1.5204926e-07 | U44: =IF(B44=0,0,U43-Q44-M44+0.0000001) -> 1e-07 | V44: =IF(B44=0,0,V43-T44-N44+0.0000001) -> 6.2619013e-06 | W44: =IF(B44=0,0,U44+V44) -> 6.3619013e-06 | X44: =IF(B44=0,0,'Eingabe Immodaten'!$H$14) -> 215104.92 | Y44: =IF(B44=0,0,IF(Z43=0,0,('Eingabe Immodaten'!$H$15))) -> 0 | Z44: =IF(B44=0,0,IF(Z43+1>99,0,Z43+Tabelle12[[#This Row],[Spalte23]])) -> 0 | AA44: =X44*Y44/100 -> 0 | AE44: =IF(B44=0,0,IF(B44<='Eingabe Immodaten'!$C$28,IF('Eingabe Immodaten'!$C$29>5,'Eingabe Immodaten'!$C$29/100*'Eingabe Immodaten'!$C$23/'Eingabe Immodaten'!$C$28,0),0)) -> 0 | AF44: =(G44-P44-S44-AA44-AD44)*'Eingabe Immodaten'!$H$19 -> 12521.562 | AG44: =IF(B44=0,0,G44-AF44-L44+AH44) -> 19585.007 | AI44: =IF(B44='Eingabe Immodaten'!$H$28,U44,0) -> 0 | AJ44: =G44-AF44+AH44 -> 19585.007 | AK44: =IF(B44=0,0,AG44+AH44-AI44) -> 19585.007 | AL44: =AG44/12 -> 1632.0839 | AM44: =IF(B44=0,0,AM43+AG44) -> 152992.83 | AN44: =IF(B44=0,0,D44*(1+'Eingabe Immodaten'!$C$15/100))*'Eingabe Immodaten'!H22 -> 778867.25 | AO44: =IF(D44=0,0,AN44-W44+Tabelle12[[#This Row],[Spalte36]]) -> 931860.08 | AP44: =IF(B44='Eingabe Immodaten'!$H$28,Ergebnistabelle!D44*'Eingabe Immodaten'!$H$22,0) -> 0 | AQ44: =IF(B44='Eingabe Immodaten'!$H$28,Ergebnistabelle!AM44,0) -> 0 | AR44: =IF(B44='Eingabe Immodaten'!$H$28,Ergebnistabelle!AO44,0) -> 0 | AS44: =IF(B44='Eingabe Immodaten'!$H$28,Ergebnistabelle!W44,0) -> 0 | AT44: =IF(B44='Eingabe Immodaten'!$H$28,Ergebnistabelle!G44,0) -> 0 | AU44: =IF(B44='Eingabe Immodaten'!$H$28,Ergebnistabelle!L44,0) -> 0
B45: =IF(B44=0,0,IF(B44+1>'Eingabe Immodaten'!$H$28,0,B44+1)) -> 39 | C45: =D45/12 -> 2921.0443 | D45: =IF(B45=0,0,D44*(1+'Eingabe Immodaten'!$C$15/100)) -> 35052.532 | E45: =IF(B45=0,0,E44+D45) -> 823470.25 | F45: =IF(B45=0,0,F44*(1+'Eingabe Immodaten'!$C$16/100)) -> 1944.2654 | G45: =D45-F45 -> 33108.266 | H45: =IF(B45=0,0,IF(B45<='Eingabe Immodaten'!$C$28,'Eingabe Immodaten'!$C$32,'Eingabe Immodaten'!$C$34)) -> 15907.759 | I45: =IF(B45=0,0,IF(B45<='Eingabe Immodaten'!$H$6,'Eingabe Immodaten'!$H$9,'Eingabe Immodaten'!$H$11)) -> 0 | J45: =IF(H45>U44,U44*(1+O45/100),H45) -> 1.0436e-07 | K45: =IF(I45>V44,V44*(1+R45/100),I45) -> 0 | L45: =J45+K45 -> 1.0436e-07 | O45: =IF(B45=0,0,IF(B45<='Eingabe Immodaten'!$C$28,'Eingabe Immodaten'!$C$30,'Eingabe Immodaten'!$C$33)) -> 4.36 | P45: =IF(B45=0,0,U44*O45/100) -> 4.36e-09 | Q45: =J45-P45 -> 1e-07 | R45: =IF(B45=0,0,IF(B45<='Eingabe Immodaten'!$H$6,'Eingabe Immodaten'!$H$7,'Eingabe Immodaten'!$H$10)) -> 2.53 | S45: =IF(B45=0,0,V44*R45/100) -> 1.584261e-07 | T45: =K45-S45 -> -1.584261e-07 | U45: =IF(B45=0,0,U44-Q45-M45+0.0000001) -> 1e-07 | V45: =IF(B45=0,0,V44-T45-N45+0.0000001) -> 6.5203274e-06 | W45: =IF(B45=0,0,U45+V45) -> 6.6203274e-06 | X45: =IF(B45=0,0,'Eingabe Immodaten'!$H$14) -> 215104.92 | Y45: =IF(B45=0,0,IF(Z44=0,0,('Eingabe Immodaten'!$H$15))) -> 0 | Z45: =IF(B45=0,0,IF(Z44+1>99,0,Z44+Tabelle12[[#This Row],[Spalte23]])) -> 0 | AA45: =X45*Y45/100 -> 0 | AE45: =IF(B45=0,0,IF(B45<='Eingabe Immodaten'!$C$28,IF('Eingabe Immodaten'!$C$29>5,'Eingabe Immodaten'!$C$29/100*'Eingabe Immodaten'!$C$23/'Eingabe Immodaten'!$C$28,0),0)) -> 0 | AF45: =(G45-P45-S45-AA45-AD45)*'Eingabe Immodaten'!$H$19 -> 12912.224 | AG45: =IF(B45=0,0,G45-AF45-L45+AH45) -> 20196.042 | AI45: =IF(B45='Eingabe Immodaten'!$H$28,U45,0) -> 0 | AJ45: =G45-AF45+AH45 -> 20196.042 | AK45: =IF(B45=0,0,AG45+AH45-AI45) -> 20196.042 | AL45: =AG45/12 -> 1683.0035 | AM45: =IF(B45=0,0,AM44+AG45) -> 173188.87 | AN45: =IF(B45=0,0,D45*(1+'Eingabe Immodaten'!$C$15/100))*'Eingabe Immodaten'!H22 -> 802233.27 | AO45: =IF(D45=0,0,AN45-W45+Tabelle12[[#This Row],[Spalte36]]) -> 975422.14 | AP45: =IF(B45='Eingabe Immodaten'!$H$28,Ergebnistabelle!D45*'Eingabe Immodaten'!$H$22,0) -> 0 | AQ45: =IF(B45='Eingabe Immodaten'!$H$28,Ergebnistabelle!AM45,0) -> 0 | AR45: =IF(B45='Eingabe Immodaten'!$H$28,Ergebnistabelle!AO45,0) -> 0 | AS45: =IF(B45='Eingabe Immodaten'!$H$28,Ergebnistabelle!W45,0) -> 0 | AT45: =IF(B45='Eingabe Immodaten'!$H$28,Ergebnistabelle!G45,0) -> 0 | AU45: =IF(B45='Eingabe Immodaten'!$H$28,Ergebnistabelle!L45,0) -> 0
B46: =IF(B45=0,0,IF(B45+1>'Eingabe Immodaten'!$H$28,0,B45+1)) -> 40 | C46: =D46/12 -> 3008.6756 | D46: =IF(B46=0,0,D45*(1+'Eingabe Immodaten'!$C$15/100)) -> 36104.108 | E46: =IF(B46=0,0,E45+D46) -> 859574.36 | F46: =IF(B46=0,0,F45*(1+'Eingabe Immodaten'!$C$16/100)) -> 1963.7081 | G46: =D46-F46 -> 34140.4 | H46: =IF(B46=0,0,IF(B46<='Eingabe Immodaten'!$C$28,'Eingabe Immodaten'!$C$32,'Eingabe Immodaten'!$C$34)) -> 15907.759 | I46: =IF(B46=0,0,IF(B46<='Eingabe Immodaten'!$H$6,'Eingabe Immodaten'!$H$9,'Eingabe Immodaten'!$H$11)) -> 0 | J46: =IF(H46>U45,U45*(1+O46/100),H46) -> 1.0436e-07 | K46: =IF(I46>V45,V45*(1+R46/100),I46) -> 0 | L46: =J46+K46 -> 1.0436e-07 | O46: =IF(B46=0,0,IF(B46<='Eingabe Immodaten'!$C$28,'Eingabe Immodaten'!$C$30,'Eingabe Immodaten'!$C$33)) -> 4.36 | P46: =IF(B46=0,0,U45*O46/100) -> 4.36e-09 | Q46: =J46-P46 -> 1e-07 | R46: =IF(B46=0,0,IF(B46<='Eingabe Immodaten'!$H$6,'Eingabe Immodaten'!$H$7,'Eingabe Immodaten'!$H$10)) -> 2.53 | S46: =IF(B46=0,0,V45*R46/100) -> 1.6496428e-07 | T46: =K46-S46 -> -1.6496428e-07 | U46: =IF(B46=0,0,U45-Q46-M46+0.0000001) -> 1e-07 | V46: =IF(B46=0,0,V45-T46-N46+0.0000001) -> 6.7852917e-06 | W46: =IF(B46=0,0,U46+V46) -> 6.8852917e-06 | X46: =IF(B46=0,0,'Eingabe Immodaten'!$H$14) -> 215104.92 | Y46: =IF(B46=0,0,IF(Z45=0,0,('Eingabe Immodaten'!$H$15))) -> 0 | Z46: =IF(B46=0,0,IF(Z45+1>99,0,Z45+Tabelle12[[#This Row],[Spalte23]])) -> 0 | AA46: =X46*Y46/100 -> 0 | AE46: =IF(B46=0,0,IF(B46<='Eingabe Immodaten'!$C$28,IF('Eingabe Immodaten'!$C$29>5,'Eingabe Immodaten'!$C$29/100*'Eingabe Immodaten'!$C$23/'Eingabe Immodaten'!$C$28,0),0)) -> 0 | AF46: =(G46-P46-S46-AA46-AD46)*'Eingabe Immodaten'!$H$19 -> 13314.756 | AG46: =IF(B46=0,0,G46-AF46-L46+AH46) -> 20825.644 | AI46: =IF(B46='Eingabe Immodaten'!$H$28,U46,0) -> 0 | AJ46: =G46-AF46+AH46 -> 20825.644 | AK46: =IF(B46=0,0,AG46+AH46-AI46) -> 20825.644 | AL46: =AG46/12 -> 1735.4703 | AM46: =IF(B46=0,0,AM45+AG46) -> 194014.52 | AN46: =IF(B46=0,0,D46*(1+'Eingabe Immodaten'!$C$15/100))*'Eingabe Immodaten'!H22 -> 826300.27 | AO46: =IF(D46=0,0,AN46-W46+Tabelle12[[#This Row],[Spalte36]]) -> 1020314.8 | AP46: =IF(B46='Eingabe Immodaten'!$H$28,Ergebnistabelle!D46*'Eingabe Immodaten'!$H$22,0) -> 0 | AQ46: =IF(B46='Eingabe Immodaten'!$H$28,Ergebnistabelle!AM46,0) -> 0 | AR46: =IF(B46='Eingabe Immodaten'!$H$28,Ergebnistabelle!AO46,0) -> 0 | AS46: =IF(B46='Eingabe Immodaten'!$H$28,Ergebnistabelle!W46,0) -> 0 | AT46: =IF(B46='Eingabe Immodaten'!$H$28,Ergebnistabelle!G46,0) -> 0 | AU46: =IF(B46='Eingabe Immodaten'!$H$28,Ergebnistabelle!L46,0) -> 0
B47: =IF(B46=0,0,IF(B46+1>'Eingabe Immodaten'!$H$28,0,B46+1)) -> 41 | C47: =D47/12 -> 3098.9359 | D47: =IF(B47=0,0,D46*(1+'Eingabe Immodaten'!$C$15/100)) -> 37187.231 | E47: =IF(B47=0,0,E46+D47) -> 896761.59 | F47: =IF(B47=0,0,F46*(1+'Eingabe Immodaten'!$C$16/100)) -> 1983.3452 | G47: =D47-F47 -> 35203.886 | H47: =IF(B47=0,0,IF(B47<='Eingabe Immodaten'!$C$28,'Eingabe Immodaten'!$C$32,'Eingabe Immodaten'!$C$34)) -> 15907.759 | I47: =IF(B47=0,0,IF(B47<='Eingabe Immodaten'!$H$6,'Eingabe Immodaten'!$H$9,'Eingabe Immodaten'!$H$11)) -> 0 | J47: =IF(H47>U46,U46*(1+O47/100),H47) -> 1.0436e-07 | K47: =IF(I47>V46,V46*(1+R47/100),I47) -> 0 | L47: =J47+K47 -> 1.0436e-07 | O47: =IF(B47=0,0,IF(B47<='Eingabe Immodaten'!$C$28,'Eingabe Immodaten'!$C$30,'Eingabe Immodaten'!$C$33)) -> 4.36 | P47: =IF(B47=0,0,U46*O47/100) -> 4.36e-09 | Q47: =J47-P47 -> 1e-07 | R47: =IF(B47=0,0,IF(B47<='Eingabe Immodaten'!$H$6,'Eingabe Immodaten'!$H$7,'Eingabe Immodaten'!$H$10)) -> 2.53 | S47: =IF(B47=0,0,V46*R47/100) -> 1.7166788e-07 | T47: =K47-S47 -> -1.7166788e-07 | U47: =IF(B47=0,0,U46-Q47-M47+0.0000001) -> 1e-07 | V47: =IF(B47=0,0,V46-T47-N47+0.0000001) -> 7.0569596e-06 | W47: =IF(B47=0,0,U47+V47) -> 7.1569596e-06 | X47: =IF(B47=0,0,'Eingabe Immodaten'!$H$14) -> 215104.92 | Y47: =IF(B47=0,0,IF(Z46=0,0,('Eingabe Immodaten'!$H$15))) -> 0 | Z47: =IF(B47=0,0,IF(Z46+1>99,0,Z46+Tabelle12[[#This Row],[Spalte23]])) -> 0 | AA47: =X47*Y47/100 -> 0 | AE47: =IF(B47=0,0,IF(B47<='Eingabe Immodaten'!$C$28,IF('Eingabe Immodaten'!$C$29>5,'Eingabe Immodaten'!$C$29/100*'Eingabe Immodaten'!$C$23/'Eingabe Immodaten'!$C$28,0),0)) -> 0 | AF47: =(G47-P47-S47-AA47-AD47)*'Eingabe Immodaten'!$H$19 -> 13729.515 | AG47: =IF(B47=0,0,G47-AF47-L47+AH47-AI47) -> 21474.37 | AI47: =IF(B47='Eingabe Immodaten'!$H$28,U47,0) -> 0 | AJ47: =G47-AF47+AH47 -> 21474.37 | AK47: =IF(B47=0,0,AG47+AH47-AI47) -> 21474.37 | AL47: =AG47/12 -> 1789.5309 | AM47: =IF(B47=0,0,AM46+AG47) -> 215488.89 | AN47: =IF(B47=0,0,D47*(1+'Eingabe Immodaten'!$C$15/100))*'Eingabe Immodaten'!H22 -> 851089.28 | AO47: =IF(D47=0,0,AN47-W47+Tabelle12[[#This Row],[Spalte36]]) -> 1066578.2 | AP47: =IF(B47='Eingabe Immodaten'!$H$28,Ergebnistabelle!D47*'Eingabe Immodaten'!$H$22,0) -> 0 | AQ47: =IF(B47='Eingabe Immodaten'!$H$28,Ergebnistabelle!AM47,0) -> 0 | AR47: =IF(B47='Eingabe Immodaten'!$H$28,Ergebnistabelle!AO47,0) -> 0 | AS47: =IF(B47='Eingabe Immodaten'!$H$28,Ergebnistabelle!W47,0) -> 0 | AT47: =IF(B47='Eingabe Immodaten'!$H$28,Ergebnistabelle!G47,0) -> 0 | AU47: =IF(B47='Eingabe Immodaten'!$H$28,Ergebnistabelle!L47,0) -> 0
B48: =IF(B47=0,0,IF(B47+1>'Eingabe Immodaten'!$H$28,0,B47+1)) -> 42 | C48: =D48/12 -> 3191.904 | D48: =IF(B48=0,0,D47*(1+'Eingabe Immodaten'!$C$15/100)) -> 38302.848 | E48: =IF(B48=0,0,E47+D48) -> 935064.44 | F48: =IF(B48=0,0,F47*(1+'Eingabe Immodaten'!$C$16/100)) -> 2003.1786 | G48: =D48-F48 -> 36299.669 | H48: =IF(B48=0,0,IF(B48<='Eingabe Immodaten'!$C$28,'Eingabe Immodaten'!$C$32,'Eingabe Immodaten'!$C$34)) -> 15907.759 | I48: =IF(B48=0,0,IF(B48<='Eingabe Immodaten'!$H$6,'Eingabe Immodaten'!$H$9,'Eingabe Immodaten'!$H$11)) -> 0 | J48: =IF(H48>U47,U47*(1+O48/100),H48) -> 1.0436e-07 | K48: =IF(I48>V47,V47*(1+R48/100),I48) -> 0 | L48: =J48+K48 -> 1.0436e-07 | O48: =IF(B48=0,0,IF(B48<='Eingabe Immodaten'!$C$28,'Eingabe Immodaten'!$C$30,'Eingabe Immodaten'!$C$33)) -> 4.36 | P48: =IF(B48=0,0,U47*O48/100) -> 4.36e-09 | Q48: =J48-P48 -> 1e-07 | R48: =IF(B48=0,0,IF(B48<='Eingabe Immodaten'!$H$6,'Eingabe Immodaten'!$H$7,'Eingabe Immodaten'!$H$10)) -> 2.53 | S48: =IF(B48=0,0,V47*R48/100) -> 1.7854108e-07 | T48: =K48-S48 -> -1.7854108e-07 | U48: =IF(B48=0,0,U47-Q48-M48+0.0000001) -> 1e-07 | V48: =IF(B48=0,0,V47-T48-N48+0.0000001) -> 7.3355007e-06 | W48: =IF(B48=0,0,U48+V48) -> 7.4355007e-06 | X48: =IF(B48=0,0,'Eingabe Immodaten'!$H$14) -> 215104.92 | Y48: =IF(B48=0,0,IF(Z47=0,0,('Eingabe Immodaten'!$H$15))) -> 0 | Z48: =IF(B48=0,0,IF(Z47+1>99,0,Z47+Tabelle12[[#This Row],[Spalte23]])) -> 0 | AA48: =X48*Y48/100 -> 0 | AE48: =IF(B48=0,0,IF(B48<='Eingabe Immodaten'!$C$28,IF('Eingabe Immodaten'!$C$29>5,'Eingabe Immodaten'!$C$29/100*'Eingabe Immodaten'!$C$23/'Eingabe Immodaten'!$C$28,0),0)) -> 0 | AF48: =(G48-P48-S48-AA48-AD48)*'Eingabe Immodaten'!$H$19 -> 14156.871 | AG48: =IF(B48=0,0,G48-AF48-L48+AH48-AI48) -> 22142.798 | AI48: =IF(B48='Eingabe Immodaten'!$H$28,U48,0) -> 0 | AJ48: =G48-AF48+AH48 -> 22142.798 | AK48: =IF(B48=0,0,AG48+AH48-AI48) -> 22142.798 | AL48: =AG48/12 -> 1845.2332 | AM48: =IF(B48=0,0,AM47+AG48) -> 237631.68 | AN48: =IF(B48=0,0,D48*(1+'Eingabe Immodaten'!$C$15/100))*'Eingabe Immodaten'!H22 -> 876621.96 | AO48: =IF(D48=0,0,AN48-W48+Tabelle12[[#This Row],[Spalte36]]) -> 1114253.6 | AP48: =IF(B48='Eingabe Immodaten'!$H$28,Ergebnistabelle!D48*'Eingabe Immodaten'!$H$22,0) -> 0 | AQ48: =IF(B48='Eingabe Immodaten'!$H$28,Ergebnistabelle!AM48,0) -> 0 | AR48: =IF(B48='Eingabe Immodaten'!$H$28,Ergebnistabelle!AO48,0) -> 0 | AS48: =IF(B48='Eingabe Immodaten'!$H$28,Ergebnistabelle!W48,0) -> 0 | AT48: =IF(B48='Eingabe Immodaten'!$H$28,Ergebnistabelle!G48,0) -> 0 | AU48: =IF(B48='Eingabe Immodaten'!$H$28,Ergebnistabelle!L48,0) -> 0
B49: =IF(B48=0,0,IF(B48+1>'Eingabe Immodaten'!$H$28,0,B48+1)) -> 43 | C49: =D49/12 -> 3287.6611 | D49: =IF(B49=0,0,D48*(1+'Eingabe Immodaten'!$C$15/100)) -> 39451.933 | E49: =IF(B49=0,0,E48+D49) -> 974516.37 | F49: =IF(B49=0,0,F48*(1+'Eingabe Immodaten'!$C$16/100)) -> 2023.2104 | G49: =D49-F49 -> 37428.723 | H49: =IF(B49=0,0,IF(B49<='Eingabe Immodaten'!$C$28,'Eingabe Immodaten'!$C$32,'Eingabe Immodaten'!$C$34)) -> 15907.759 | I49: =IF(B49=0,0,IF(B49<='Eingabe Immodaten'!$H$6,'Eingabe Immodaten'!$H$9,'Eingabe Immodaten'!$H$11)) -> 0 | J49: =IF(H49>U48,U48*(1+O49/100),H49) -> 1.0436e-07 | K49: =IF(I49>V48,V48*(1+R49/100),I49) -> 0 | L49: =J49+K49 -> 1.0436e-07 | O49: =IF(B49=0,0,IF(B49<='Eingabe Immodaten'!$C$28,'Eingabe Immodaten'!$C$30,'Eingabe Immodaten'!$C$33)) -> 4.36 | P49: =IF(B49=0,0,U48*O49/100) -> 4.36e-09 | Q49: =J49-P49 -> 1e-07 | R49: =IF(B49=0,0,IF(B49<='Eingabe Immodaten'!$H$6,'Eingabe Immodaten'!$H$7,'Eingabe Immodaten'!$H$10)) -> 2.53 | S49: =IF(B49=0,0,V48*R49/100) -> 1.8558817e-07 | T49: =K49-S49 -> -1.8558817e-07 | U49: =IF(B49=0,0,U48-Q49-M49+0.0000001) -> 1e-07 | V49: =IF(B49=0,0,V48-T49-N49+0.0000001) -> 7.6210889e-06 | W49: =IF(B49=0,0,U49+V49) -> 7.7210889e-06 | X49: =IF(B49=0,0,'Eingabe Immodaten'!$H$14) -> 215104.92 | Y49: =IF(B49=0,0,IF(Z48=0,0,('Eingabe Immodaten'!$H$15))) -> 0 | Z49: =IF(B49=0,0,IF(Z48+1>99,0,Z48+Tabelle12[[#This Row],[Spalte23]])) -> 0 | AA49: =X49*Y49/100 -> 0 | AE49: =IF(B49=0,0,IF(B49<='Eingabe Immodaten'!$C$28,IF('Eingabe Immodaten'!$C$29>5,'Eingabe Immodaten'!$C$29/100*'Eingabe Immodaten'!$C$23/'Eingabe Immodaten'!$C$28,0),0)) -> 0 | AF49: =(G49-P49-S49-AA49-AD49)*'Eingabe Immodaten'!$H$19 -> 14597.202 | AG49: =IF(B49=0,0,G49-AF49-L49+AH49-AI49) -> 22831.521 | AI49: =IF(B49='Eingabe Immodaten'!$H$28,U49,0) -> 0 | AJ49: =G49-AF49+AH49 -> 22831.521 | AK49: =IF(B49=0,0,AG49+AH49-AI49) -> 22831.521 | AL49: =AG49/12 -> 1902.6267 | AM49: =IF(B49=0,0,AM48+AG49) -> 260463.21 | AN49: =IF(B49=0,0,D49*(1+'Eingabe Immodaten'!$C$15/100))*'Eingabe Immodaten'!H22 -> 902920.61 | AO49: =IF(D49=0,0,AN49-W49+Tabelle12[[#This Row],[Spalte36]]) -> 1163383.8 | AP49: =IF(B49='Eingabe Immodaten'!$H$28,Ergebnistabelle!D49*'Eingabe Immodaten'!$H$22,0) -> 0 | AQ49: =IF(B49='Eingabe Immodaten'!$H$28,Ergebnistabelle!AM49,0) -> 0 | AR49: =IF(B49='Eingabe Immodaten'!$H$28,Ergebnistabelle!AO49,0) -> 0 | AS49: =IF(B49='Eingabe Immodaten'!$H$28,Ergebnistabelle!W49,0) -> 0 | AT49: =IF(B49='Eingabe Immodaten'!$H$28,Ergebnistabelle!G49,0) -> 0 | AU49: =IF(B49='Eingabe Immodaten'!$H$28,Ergebnistabelle!L49,0) -> 0
B50: =IF(B49=0,0,IF(B49+1>'Eingabe Immodaten'!$H$28,0,B49+1)) -> 44 | C50: =D50/12 -> 3386.2909 | D50: =IF(B50=0,0,D49*(1+'Eingabe Immodaten'!$C$15/100)) -> 40635.491 | E50: =IF(B50=0,0,E49+D50) -> 1015151.9 | F50: =IF(B50=0,0,F49*(1+'Eingabe Immodaten'!$C$16/100)) -> 2043.4425 | G50: =D50-F50 -> 38592.049 | H50: =IF(B50=0,0,IF(B50<='Eingabe Immodaten'!$C$28,'Eingabe Immodaten'!$C$32,'Eingabe Immodaten'!$C$34)) -> 15907.759 | I50: =IF(B50=0,0,IF(B50<='Eingabe Immodaten'!$H$6,'Eingabe Immodaten'!$H$9,'Eingabe Immodaten'!$H$11)) -> 0 | J50: =IF(H50>U49,U49*(1+O50/100),H50) -> 1.0436e-07 | K50: =IF(I50>V49,V49*(1+R50/100),I50) -> 0 | L50: =J50+K50 -> 1.0436e-07 | O50: =IF(B50=0,0,IF(B50<='Eingabe Immodaten'!$C$28,'Eingabe Immodaten'!$C$30,'Eingabe Immodaten'!$C$33)) -> 4.36 | P50: =IF(B50=0,0,U49*O50/100) -> 4.36e-09 | Q50: =J50-P50 -> 1e-07 | R50: =IF(B50=0,0,IF(B50<='Eingabe Immodaten'!$H$6,'Eingabe Immodaten'!$H$7,'Eingabe Immodaten'!$H$10)) -> 2.53 | S50: =IF(B50=0,0,V49*R50/100) -> 1.9281355e-07 | T50: =K50-S50 -> -1.9281355e-07 | U50: =IF(B50=0,0,U49-Q50-M50+0.0000001) -> 1e-07 | V50: =IF(B50=0,0,V49-T50-N50+0.0000001) -> 7.9139024e-06 | W50: =IF(B50=0,0,U50+V50) -> 8.0139024e-06 | X50: =IF(B50=0,0,'Eingabe Immodaten'!$H$14) -> 215104.92 | Y50: =IF(B50=0,0,IF(Z49=0,0,('Eingabe Immodaten'!$H$15))) -> 0 | Z50: =IF(B50=0,0,IF(Z49+1>99,0,Z49+Tabelle12[[#This Row],[Spalte23]])) -> 0 | AA50: =X50*Y50/100 -> 0 | AE50: =IF(B50=0,0,IF(B50<='Eingabe Immodaten'!$C$28,IF('Eingabe Immodaten'!$C$29>5,'Eingabe Immodaten'!$C$29/100*'Eingabe Immodaten'!$C$23/'Eingabe Immodaten'!$C$28,0),0)) -> 0 | AF50: =(G50-P50-S50-AA50-AD50)*'Eingabe Immodaten'!$H$19 -> 15050.899 | AG50: =IF(B50=0,0,G50-AF50-L50+AH50-AI50) -> 23541.15 | AI50: =IF(B50='Eingabe Immodaten'!$H$28,U50,0) -> 0 | AJ50: =G50-AF50+AH50 -> 23541.15 | AK50: =IF(B50=0,0,AG50+AH50-AI50) -> 23541.15 | AL50: =AG50/12 -> 1961.7625 | AM50: =IF(B50=0,0,AM49+AG50) -> 284004.35 | AN50: =IF(B50=0,0,D50*(1+'Eingabe Immodaten'!$C$15/100))*'Eingabe Immodaten'!H22 -> 930008.23 | AO50: =IF(D50=0,0,AN50-W50+Tabelle12[[#This Row],[Spalte36]]) -> 1214012.6 | AP50: =IF(B50='Eingabe Immodaten'!$H$28,Ergebnistabelle!D50*'Eingabe Immodaten'!$H$22,0) -> 0 | AQ50: =IF(B50='Eingabe Immodaten'!$H$28,Ergebnistabelle!AM50,0) -> 0 | AR50: =IF(B50='Eingabe Immodaten'!$H$28,Ergebnistabelle!AO50,0) -> 0 | AS50: =IF(B50='Eingabe Immodaten'!$H$28,Ergebnistabelle!W50,0) -> 0 | AT50: =IF(B50='Eingabe Immodaten'!$H$28,Ergebnistabelle!G50,0) -> 0 | AU50: =IF(B50='Eingabe Immodaten'!$H$28,Ergebnistabelle!L50,0) -> 0
B51: =IF(B50=0,0,IF(B50+1>'Eingabe Immodaten'!$H$28,0,B50+1)) -> 45 | C51: =D51/12 -> 3487.8797 | D51: =IF(B51=0,0,D50*(1+'Eingabe Immodaten'!$C$15/100)) -> 41854.556 | E51: =IF(B51=0,0,E50+D51) -> 1057006.4 | F51: =IF(B51=0,0,F50*(1+'Eingabe Immodaten'!$C$16/100)) -> 2063.8769 | G51: =D51-F51 -> 39790.679 | H51: =IF(B51=0,0,IF(B51<='Eingabe Immodaten'!$C$28,'Eingabe Immodaten'!$C$32,'Eingabe Immodaten'!$C$34)) -> 15907.759 | I51: =IF(B51=0,0,IF(B51<='Eingabe Immodaten'!$H$6,'Eingabe Immodaten'!$H$9,'Eingabe Immodaten'!$H$11)) -> 0 | J51: =IF(H51>U50,U50*(1+O51/100),H51) -> 1.0436e-07 | K51: =IF(I51>V50,V50*(1+R51/100),I51) -> 0 | L51: =J51+K51 -> 1.0436e-07 | O51: =IF(B51=0,0,IF(B51<='Eingabe Immodaten'!$C$28,'Eingabe Immodaten'!$C$30,'Eingabe Immodaten'!$C$33)) -> 4.36 | P51: =IF(B51=0,0,U50*O51/100) -> 4.36e-09 | Q51: =J51-P51 -> 1e-07 | R51: =IF(B51=0,0,IF(B51<='Eingabe Immodaten'!$H$6,'Eingabe Immodaten'!$H$7,'Eingabe Immodaten'!$H$10)) -> 2.53 | S51: =IF(B51=0,0,V50*R51/100) -> 2.0022173e-07 | T51: =K51-S51 -> -2.0022173e-07 | U51: =IF(B51=0,0,U50-Q51-M51+0.0000001) -> 1e-07 | V51: =IF(B51=0,0,V50-T51-N51+0.0000001) -> 8.2141241e-06 | W51: =IF(B51=0,0,U51+V51) -> 8.3141241e-06 | X51: =IF(B51=0,0,'Eingabe Immodaten'!$H$14) -> 215104.92 | Y51: =IF(B51=0,0,IF(Z50=0,0,('Eingabe Immodaten'!$H$15))) -> 0 | Z51: =IF(B51=0,0,IF(Z50+1>99,0,Z50+Tabelle12[[#This Row],[Spalte23]])) -> 0 | AA51: =X51*Y51/100 -> 0 | AE51: =IF(B51=0,0,IF(B51<='Eingabe Immodaten'!$C$28,IF('Eingabe Immodaten'!$C$29>5,'Eingabe Immodaten'!$C$29/100*'Eingabe Immodaten'!$C$23/'Eingabe Immodaten'!$C$28,0),0)) -> 0 | AF51: =(G51-P51-S51-AA51-AD51)*'Eingabe Immodaten'!$H$19 -> 15518.365 | AG51: =IF(B51=0,0,G51-AF51-L51+AH51-AI51) -> 24272.314 | AI51: =IF(B51='Eingabe Immodaten'!$H$28,U51,0) -> 0 | AJ51: =G51-AF51+AH51 -> 24272.314 | AK51: =IF(B51=0,0,AG51+AH51-AI51) -> 24272.314 | AL51: =AG51/12 -> 2022.6928 | AM51: =IF(B51=0,0,AM50+AG51) -> 308276.67 | AN51: =IF(B51=0,0,D51*(1+'Eingabe Immodaten'!$C$15/100))*'Eingabe Immodaten'!H22 -> 957908.48 | AO51: =IF(D51=0,0,AN51-W51+Tabelle12[[#This Row],[Spalte36]]) -> 1266185.1 | AP51: =IF(B51='Eingabe Immodaten'!$H$28,Ergebnistabelle!D51*'Eingabe Immodaten'!$H$22,0) -> 0 | AQ51: =IF(B51='Eingabe Immodaten'!$H$28,Ergebnistabelle!AM51,0) -> 0 | AR51: =IF(B51='Eingabe Immodaten'!$H$28,Ergebnistabelle!AO51,0) -> 0 | AS51: =IF(B51='Eingabe Immodaten'!$H$28,Ergebnistabelle!W51,0) -> 0 | AT51: =IF(B51='Eingabe Immodaten'!$H$28,Ergebnistabelle!G51,0) -> 0 | AU51: =IF(B51='Eingabe Immodaten'!$H$28,Ergebnistabelle!L51,0) -> 0
B52: =IF(B51=0,0,IF(B51+1>'Eingabe Immodaten'!$H$28,0,B51+1)) -> 46 | C52: =D52/12 -> 3592.516 | D52: =IF(B52=0,0,D51*(1+'Eingabe Immodaten'!$C$15/100)) -> 43110.193 | E52: =IF(B52=0,0,E51+D52) -> 1100116.6 | F52: =IF(B52=0,0,F51*(1+'Eingabe Immodaten'!$C$16/100)) -> 2084.5157 | G52: =D52-F52 -> 41025.677 | H52: =IF(B52=0,0,IF(B52<='Eingabe Immodaten'!$C$28,'Eingabe Immodaten'!$C$32,'Eingabe Immodaten'!$C$34)) -> 15907.759 | I52: =IF(B52=0,0,IF(B52<='Eingabe Immodaten'!$H$6,'Eingabe Immodaten'!$H$9,'Eingabe Immodaten'!$H$11)) -> 0 | J52: =IF(H52>U51,U51*(1+O52/100),H52) -> 1.0436e-07 | K52: =IF(I52>V51,V51*(1+R52/100),I52) -> 0 | L52: =J52+K52 -> 1.0436e-07 | O52: =IF(B52=0,0,IF(B52<='Eingabe Immodaten'!$C$28,'Eingabe Immodaten'!$C$30,'Eingabe Immodaten'!$C$33)) -> 4.36 | P52: =IF(B52=0,0,U51*O52/100) -> 4.36e-09 | Q52: =J52-P52 -> 1e-07 | R52: =IF(B52=0,0,IF(B52<='Eingabe Immodaten'!$H$6,'Eingabe Immodaten'!$H$7,'Eingabe Immodaten'!$H$10)) -> 2.53 | S52: =IF(B52=0,0,V51*R52/100) -> 2.0781734e-07 | T52: =K52-S52 -> -2.0781734e-07 | U52: =IF(B52=0,0,U51-Q52-M52+0.0000001) -> 1e-07 | V52: =IF(B52=0,0,V51-T52-N52+0.0000001) -> 8.5219415e-06 | W52: =IF(B52=0,0,U52+V52) -> 8.6219415e-06 | X52: =IF(B52=0,0,'Eingabe Immodaten'!$H$14) -> 215104.92 | Y52: =IF(B52=0,0,IF(Z51=0,0,('Eingabe Immodaten'!$H$15))) -> 0 | Z52: =IF(B52=0,0,IF(Z51+1>99,0,Z51+Tabelle12[[#This Row],[Spalte23]])) -> 0 | AA52: =X52*Y52/100 -> 0 | AE52: =IF(B52=0,0,IF(B52<='Eingabe Immodaten'!$C$28,IF('Eingabe Immodaten'!$C$29>5,'Eingabe Immodaten'!$C$29/100*'Eingabe Immodaten'!$C$23/'Eingabe Immodaten'!$C$28,0),0)) -> 0 | AF52: =(G52-P52-S52-AA52-AD52)*'Eingabe Immodaten'!$H$19 -> 16000.014 | AG52: =IF(B52=0,0,G52-AF52-L52+AH52-AI52) -> 25025.663 | AI52: =IF(B52='Eingabe Immodaten'!$H$28,U52,0) -> 0 | AJ52: =G52-AF52+AH52 -> 25025.663 | AK52: =IF(B52=0,0,AG52+AH52-AI52) -> 25025.663 | AL52: =AG52/12 -> 2085.4719 | AM52: =IF(B52=0,0,AM51+AG52) -> 333302.33 | AN52: =IF(B52=0,0,D52*(1+'Eingabe Immodaten'!$C$15/100))*'Eingabe Immodaten'!H22 -> 986645.73 | AO52: =IF(D52=0,0,AN52-W52+Tabelle12[[#This Row],[Spalte36]]) -> 1319948.1 | AP52: =IF(B52='Eingabe Immodaten'!$H$28,Ergebnistabelle!D52*'Eingabe Immodaten'!$H$22,0) -> 0 | AQ52: =IF(B52='Eingabe Immodaten'!$H$28,Ergebnistabelle!AM52,0) -> 0 | AR52: =IF(B52='Eingabe Immodaten'!$H$28,Ergebnistabelle!AO52,0) -> 0 | AS52: =IF(B52='Eingabe Immodaten'!$H$28,Ergebnistabelle!W52,0) -> 0 | AT52: =IF(B52='Eingabe Immodaten'!$H$28,Ergebnistabelle!G52,0) -> 0 | AU52: =IF(B52='Eingabe Immodaten'!$H$28,Ergebnistabelle!L52,0) -> 0
B53: =IF(B52=0,0,IF(B52+1>'Eingabe Immodaten'!$H$28,0,B52+1)) -> 47 | C53: =D53/12 -> 3700.2915 | D53: =IF(B53=0,0,D52*(1+'Eingabe Immodaten'!$C$15/100)) -> 44403.498 | E53: =IF(B53=0,0,E52+D53) -> 1144520.1 | F53: =IF(B53=0,0,F52*(1+'Eingabe Immodaten'!$C$16/100)) -> 2105.3608 | G53: =D53-F53 -> 42298.138 | H53: =IF(B53=0,0,IF(B53<='Eingabe Immodaten'!$C$28,'Eingabe Immodaten'!$C$32,'Eingabe Immodaten'!$C$34)) -> 15907.759 | I53: =IF(B53=0,0,IF(B53<='Eingabe Immodaten'!$H$6,'Eingabe Immodaten'!$H$9,'Eingabe Immodaten'!$H$11)) -> 0 | J53: =IF(H53>U52,U52*(1+O53/100),H53) -> 1.0436e-07 | K53: =IF(I53>V52,V52*(1+R53/100),I53) -> 0 | L53: =J53+K53 -> 1.0436e-07 | O53: =IF(B53=0,0,IF(B53<='Eingabe Immodaten'!$C$28,'Eingabe Immodaten'!$C$30,'Eingabe Immodaten'!$C$33)) -> 4.36 | P53: =IF(B53=0,0,U52*O53/100) -> 4.36e-09 | Q53: =J53-P53 -> 1e-07 | R53: =IF(B53=0,0,IF(B53<='Eingabe Immodaten'!$H$6,'Eingabe Immodaten'!$H$7,'Eingabe Immodaten'!$H$10)) -> 2.53 | S53: =IF(B53=0,0,V52*R53/100) -> 2.1560512e-07 | T53: =K53-S53 -> -2.1560512e-07 | U53: =IF(B53=0,0,U52-Q53-M53+0.0000001) -> 1e-07 | V53: =IF(B53=0,0,V52-T53-N53+0.0000001) -> 8.8375466e-06 | W53: =IF(B53=0,0,U53+V53) -> 8.9375466e-06 | X53: =IF(B53=0,0,'Eingabe Immodaten'!$H$14) -> 215104.92 | Y53: =IF(B53=0,0,IF(Z52=0,0,('Eingabe Immodaten'!$H$15))) -> 0 | Z53: =IF(B53=0,0,IF(Z52+1>99,0,Z52+Tabelle12[[#This Row],[Spalte23]])) -> 0 | AA53: =X53*Y53/100 -> 0 | AE53: =IF(B53=0,0,IF(B53<='Eingabe Immodaten'!$C$28,IF('Eingabe Immodaten'!$C$29>5,'Eingabe Immodaten'!$C$29/100*'Eingabe Immodaten'!$C$23/'Eingabe Immodaten'!$C$28,0),0)) -> 0 | AF53: =(G53-P53-S53-AA53-AD53)*'Eingabe Immodaten'!$H$19 -> 16496.274 | AG53: =IF(B53=0,0,G53-AF53-L53+AH53-AI53) -> 25801.864 | AI53: =IF(B53='Eingabe Immodaten'!$H$28,U53,0) -> 0 | AJ53: =G53-AF53+AH53 -> 25801.864 | AK53: =IF(B53=0,0,AG53+AH53-AI53) -> 25801.864 | AL53: =AG53/12 -> 2150.1553 | AM53: =IF(B53=0,0,AM52+AG53) -> 359104.2 | AN53: =IF(B53=0,0,D53*(1+'Eingabe Immodaten'!$C$15/100))*'Eingabe Immodaten'!H22 -> 1016245.1 | AO53: =IF(D53=0,0,AN53-W53+Tabelle12[[#This Row],[Spalte36]]) -> 1375349.3 | AP53: =IF(B53='Eingabe Immodaten'!$H$28,Ergebnistabelle!D53*'Eingabe Immodaten'!$H$22,0) -> 0 | AQ53: =IF(B53='Eingabe Immodaten'!$H$28,Ergebnistabelle!AM53,0) -> 0 | AR53: =IF(B53='Eingabe Immodaten'!$H$28,Ergebnistabelle!AO53,0) -> 0 | AS53: =IF(B53='Eingabe Immodaten'!$H$28,Ergebnistabelle!W53,0) -> 0 | AT53: =IF(B53='Eingabe Immodaten'!$H$28,Ergebnistabelle!G53,0) -> 0 | AU53: =IF(B53='Eingabe Immodaten'!$H$28,Ergebnistabelle!L53,0) -> 0
B54: =IF(B53=0,0,IF(B53+1>'Eingabe Immodaten'!$H$28,0,B53+1)) -> 48 | C54: =D54/12 -> 3811.3003 | D54: =IF(B54=0,0,D53*(1+'Eingabe Immodaten'!$C$15/100)) -> 45735.603 | E54: =IF(B54=0,0,E53+D54) -> 1190255.7 | F54: =IF(B54=0,0,F53*(1+'Eingabe Immodaten'!$C$16/100)) -> 2126.4145 | G54: =D54-F54 -> 43609.189 | H54: =IF(B54=0,0,IF(B54<='Eingabe Immodaten'!$C$28,'Eingabe Immodaten'!$C$32,'Eingabe Immodaten'!$C$34)) -> 15907.759 | I54: =IF(B54=0,0,IF(B54<='Eingabe Immodaten'!$H$6,'Eingabe Immodaten'!$H$9,'Eingabe Immodaten'!$H$11)) -> 0 | J54: =IF(H54>U53,U53*(1+O54/100),H54) -> 1.0436e-07 | K54: =IF(I54>V53,V53*(1+R54/100),I54) -> 0 | L54: =J54+K54 -> 1.0436e-07 | O54: =IF(B54=0,0,IF(B54<='Eingabe Immodaten'!$C$28,'Eingabe Immodaten'!$C$30,'Eingabe Immodaten'!$C$33)) -> 4.36 | P54: =IF(B54=0,0,U53*O54/100) -> 4.36e-09 | Q54: =J54-P54 -> 1e-07 | R54: =IF(B54=0,0,IF(B54<='Eingabe Immodaten'!$H$6,'Eingabe Immodaten'!$H$7,'Eingabe Immodaten'!$H$10)) -> 2.53 | S54: =IF(B54=0,0,V53*R54/100) -> 2.2358993e-07 | T54: =K54-S54 -> -2.2358993e-07 | U54: =IF(B54=0,0,U53-Q54-M54+0.0000001) -> 1e-07 | V54: =IF(B54=0,0,V53-T54-N54+0.0000001) -> 9.1611365e-06 | W54: =IF(B54=0,0,U54+V54) -> 9.2611365e-06 | X54: =IF(B54=0,0,'Eingabe Immodaten'!$H$14) -> 215104.92 | Y54: =IF(B54=0,0,IF(Z53=0,0,('Eingabe Immodaten'!$H$15))) -> 0 | Z54: =IF(B54=0,0,IF(Z53+1>99,0,Z53+Tabelle12[[#This Row],[Spalte23]])) -> 0 | AA54: =X54*Y54/100 -> 0 | AE54: =IF(B54=0,0,IF(B54<='Eingabe Immodaten'!$C$28,IF('Eingabe Immodaten'!$C$29>5,'Eingabe Immodaten'!$C$29/100*'Eingabe Immodaten'!$C$23/'Eingabe Immodaten'!$C$28,0),0)) -> 0 | AF54: =(G54-P54-S54-AA54-AD54)*'Eingabe Immodaten'!$H$19 -> 17007.584 | AG54: =IF(B54=0,0,G54-AF54-L54+AH54-AI54) -> 26601.605 | AI54: =IF(B54='Eingabe Immodaten'!$H$28,U54,0) -> 0 | AJ54: =G54-AF54+AH54 -> 26601.605 | AK54: =IF(B54=0,0,AG54+AH54-AI54) -> 26601.605 | AL54: =AG54/12 -> 2216.8004 | AM54: =IF(B54=0,0,AM53+AG54) -> 385705.8 | AN54: =IF(B54=0,0,D54*(1+'Eingabe Immodaten'!$C$15/100))*'Eingabe Immodaten'!H22 -> 1046732.5 | AO54: =IF(D54=0,0,AN54-W54+Tabelle12[[#This Row],[Spalte36]]) -> 1432438.3 | AP54: =IF(B54='Eingabe Immodaten'!$H$28,Ergebnistabelle!D54*'Eingabe Immodaten'!$H$22,0) -> 0 | AQ54: =IF(B54='Eingabe Immodaten'!$H$28,Ergebnistabelle!AM54,0) -> 0 | AR54: =IF(B54='Eingabe Immodaten'!$H$28,Ergebnistabelle!AO54,0) -> 0 | AS54: =IF(B54='Eingabe Immodaten'!$H$28,Ergebnistabelle!W54,0) -> 0 | AT54: =IF(B54='Eingabe Immodaten'!$H$28,Ergebnistabelle!G54,0) -> 0 | AU54: =IF(B54='Eingabe Immodaten'!$H$28,Ergebnistabelle!L54,0) -> 0
B55: =IF(B54=0,0,IF(B54+1>'Eingabe Immodaten'!$H$28,0,B54+1)) -> 49 | C55: =D55/12 -> 3925.6393 | D55: =IF(B55=0,0,D54*(1+'Eingabe Immodaten'!$C$15/100)) -> 47107.671 | E55: =IF(B55=0,0,E54+D55) -> 1237363.4 | F55: =IF(B55=0,0,F54*(1+'Eingabe Immodaten'!$C$16/100)) -> 2147.6786 | G55: =D55-F55 -> 44959.993 | H55: =IF(B55=0,0,IF(B55<='Eingabe Immodaten'!$C$28,'Eingabe Immodaten'!$C$32,'Eingabe Immodaten'!$C$34)) -> 15907.759 | I55: =IF(B55=0,0,IF(B55<='Eingabe Immodaten'!$H$6,'Eingabe Immodaten'!$H$9,'Eingabe Immodaten'!$H$11)) -> 0 | J55: =IF(H55>U54,U54*(1+O55/100),H55) -> 1.0436e-07 | K55: =IF(I55>V54,V54*(1+R55/100),I55) -> 0 | L55: =J55+K55 -> 1.0436e-07 | O55: =IF(B55=0,0,IF(B55<='Eingabe Immodaten'!$C$28,'Eingabe Immodaten'!$C$30,'Eingabe Immodaten'!$C$33)) -> 4.36 | P55: =IF(B55=0,0,U54*O55/100) -> 4.36e-09 | Q55: =J55-P55 -> 1e-07 | R55: =IF(B55=0,0,IF(B55<='Eingabe Immodaten'!$H$6,'Eingabe Immodaten'!$H$7,'Eingabe Immodaten'!$H$10)) -> 2.53 | S55: =IF(B55=0,0,V54*R55/100) -> 2.3177675e-07 | T55: =K55-S55 -> -2.3177675e-07 | U55: =IF(B55=0,0,U54-Q55-M55+0.0000001) -> 1e-07 | V55: =IF(B55=0,0,V54-T55-N55+0.0000001) -> 9.4929133e-06 | W55: =IF(B55=0,0,U55+V55) -> 9.5929133e-06 | X55: =IF(B55=0,0,'Eingabe Immodaten'!$H$14) -> 215104.92 | Y55: =IF(B55=0,0,IF(Z54=0,0,('Eingabe Immodaten'!$H$15))) -> 0 | Z55: =IF(B55=0,0,IF(Z54+1>99,0,Z54+Tabelle12[[#This Row],[Spalte23]])) -> 0 | AA55: =X55*Y55/100 -> 0 | AE55: =IF(B55=0,0,IF(B55<='Eingabe Immodaten'!$C$28,IF('Eingabe Immodaten'!$C$29>5,'Eingabe Immodaten'!$C$29/100*'Eingabe Immodaten'!$C$23/'Eingabe Immodaten'!$C$28,0),0)) -> 0 | AF55: =(G55-P55-S55-AA55-AD55)*'Eingabe Immodaten'!$H$19 -> 17534.397 | AG55: =IF(B55=0,0,G55-AF55-L55+AH55-AI55) -> 27425.596 | AI55: =IF(B55='Eingabe Immodaten'!$H$28,U55,0) -> 0 | AJ55: =G55-AF55+AH55 -> 27425.596 | AK55: =IF(B55=0,0,AG55+AH55-AI55) -> 27425.596 | AL55: =AG55/12 -> 2285.4663 | AM55: =IF(B55=0,0,AM54+AG55) -> 413131.4 | AN55: =IF(B55=0,0,D55*(1+'Eingabe Immodaten'!$C$15/100))*'Eingabe Immodaten'!H22 -> 1078134.4 | AO55: =IF(D55=0,0,AN55-W55+Tabelle12[[#This Row],[Spalte36]]) -> 1491265.8 | AP55: =IF(B55='Eingabe Immodaten'!$H$28,Ergebnistabelle!D55*'Eingabe Immodaten'!$H$22,0) -> 0 | AQ55: =IF(B55='Eingabe Immodaten'!$H$28,Ergebnistabelle!AM55,0) -> 0 | AR55: =IF(B55='Eingabe Immodaten'!$H$28,Ergebnistabelle!AO55,0) -> 0 | AS55: =IF(B55='Eingabe Immodaten'!$H$28,Ergebnistabelle!W55,0) -> 0 | AT55: =IF(B55='Eingabe Immodaten'!$H$28,Ergebnistabelle!G55,0) -> 0 | AU55: =IF(B55='Eingabe Immodaten'!$H$28,Ergebnistabelle!L55,0) -> 0
B56: =IF(B55=0,0,IF(B55+1>'Eingabe Immodaten'!$H$28,0,B55+1)) -> 50 | C56: =D56/12 -> 4043.4085 | D56: =IF(B56=0,0,D55*(1+'Eingabe Immodaten'!$C$15/100)) -> 48520.902 | E56: =IF(B56=0,0,E55+D56) -> 1285884.3 | F56: =IF(B56=0,0,F55*(1+'Eingabe Immodaten'!$C$16/100)) -> 2169.1554 | G56: =D56-F56 -> 46351.746 | H56: =IF(B56=0,0,IF(B56<='Eingabe Immodaten'!$C$28,'Eingabe Immodaten'!$C$32,'Eingabe Immodaten'!$C$34)) -> 15907.759 | I56: =IF(B56=0,0,IF(B56<='Eingabe Immodaten'!$H$6,'Eingabe Immodaten'!$H$9,'Eingabe Immodaten'!$H$11)) -> 0 | J56: =IF(H56>U55,U55*(1+O56/100),H56) -> 1.0436e-07 | K56: =IF(I56>V55,V55*(1+R56/100),I56) -> 0 | L56: =J56+K56 -> 1.0436e-07 | O56: =IF(B56=0,0,IF(B56<='Eingabe Immodaten'!$C$28,'Eingabe Immodaten'!$C$30,'Eingabe Immodaten'!$C$33)) -> 4.36 | P56: =IF(B56=0,0,U55*O56/100) -> 4.36e-09 | Q56: =J56-P56 -> 1e-07 | R56: =IF(B56=0,0,IF(B56<='Eingabe Immodaten'!$H$6,'Eingabe Immodaten'!$H$7,'Eingabe Immodaten'!$H$10)) -> 2.53 | S56: =IF(B56=0,0,V55*R56/100) -> 2.4017071e-07 | T56: =K56-S56 -> -2.4017071e-07 | U56: =IF(B56=0,0,U55-Q56-M56+0.0000001) -> 1e-07 | V56: =IF(B56=0,0,V55-T56-N56+0.0000001) -> 9.833084e-06 | W56: =IF(B56=0,0,U56+V56) -> 9.933084e-06 | X56: =IF(B56=0,0,'Eingabe Immodaten'!$H$14) -> 215104.92 | Y56: =IF(B56=0,0,IF(Z55=0,0,('Eingabe Immodaten'!$H$15))) -> 0 | Z56: =IF(B56=0,0,IF(Z55+1>99,0,Z55+Tabelle12[[#This Row],[Spalte23]])) -> 0 | AA56: =X56*Y56/100 -> 0 | AE56: =IF(B56=0,0,IF(B56<='Eingabe Immodaten'!$C$28,IF('Eingabe Immodaten'!$C$29>5,'Eingabe Immodaten'!$C$29/100*'Eingabe Immodaten'!$C$23/'Eingabe Immodaten'!$C$28,0),0)) -> 0 | AF56: =(G56-P56-S56-AA56-AD56)*'Eingabe Immodaten'!$H$19 -> 18077.181 | AG56: =IF(B56=0,0,G56-AF56-L56+AH56-AI56) -> 28274.565 | AI56: =IF(B56='Eingabe Immodaten'!$H$28,U56,0) -> 1e-07 | AJ56: =G56-AF56+AH56 -> 28274.565 | AK56: =IF(B56=0,0,AG56+AH56-AI56) -> 28274.565 | AL56: =AG56/12 -> 2356.2138 | AM56: =IF(B56=0,0,AM55+AG56) -> 441405.96 | AN56: =IF(B56=0,0,D56*(1+'Eingabe Immodaten'!$C$15/100))*'Eingabe Immodaten'!H22 -> 1110478.5 | AO56: =IF(D56=0,0,AN56-W56+Tabelle12[[#This Row],[Spalte36]]) -> 1551884.4 | AP56: =IF(B56='Eingabe Immodaten'!$H$28,Ergebnistabelle!D56*'Eingabe Immodaten'!$H$22,0) -> 1078134.4 | AQ56: =IF(B56='Eingabe Immodaten'!$H$28,Ergebnistabelle!AM56,0) -> 441405.96 | AR56: =IF(B56='Eingabe Immodaten'!$H$28,Ergebnistabelle!AO56,0) -> 1551884.4 | AS56: =IF(B56='Eingabe Immodaten'!$H$28,Ergebnistabelle!W56,0) -> 9.933084e-06 | AT56: =IF(B56='Eingabe Immodaten'!$H$28,Ergebnistabelle!G56,0) -> 46351.746 | AU56: =IF(B56='Eingabe Immodaten'!$H$28,Ergebnistabelle!L56,0) -> 1.0436e-07
W58: Menü

Sheet Kurzberechnung Jahr 1
B2: Kurzberechnung Ihrer vermieteten Eigentumswohnung
B4: Anschaffungskosten
B6: Kaufpreis | C6: ='Eingabe Immodaten'!C5 -> 250122
B7: Kaufnebenkosten (Grunderwerbsteuer, Notar, etc.) | C7: ='Eingabe Immodaten'!C8 -> 18759.15
B9: Gesamtkosten | C9: ='Eingabe Immodaten'!C10 -> 268881.15
B11: Eigenmitteleinsatz
B13: Eigenkapital (kann auch finanziert werden) | C13: ='Eingabe Immodaten'!C22 -> 18759
B15: Finanzierungsbedarf
B17: Darlehenssumme | C17: =C9-C13 -> 250122.15
B19: Finanzierungskosten
B21: Finanzierungsrate Darlehen 1 mtl. | C21: ='Eingabe Immodaten'!C32/12 -> 1313.1405
B22: Finanzierungsrate Darlehen 2 mtl. | C22: ='Eingabe Immodaten'!H9/12 -> 0
B24: Finanzierungskosten gesamt | C24: =C22+C21 -> 1313.1405
B26: Nichtumlagefähige Kosten
B28: Instandhaltungsrücklage mtl. | C28: ='Eingabe Immodaten'!D12 -> 51.01
B29: Hausverwaltungskosten mtl. | C29: ='Eingabe Immodaten'!D13 -> 60
B31: Nichtumlagefähige Kosten gesamt | C31: =SUM(C28:C30) -> 111.01
B33: Ausgaben gesamt mtl. | C33: =C31+C24 -> 1424.1505
B35: Mieteinnahme kalt mtl. | C35: ='Eingabe Immodaten'!D11 -> 950
B37: =IF(C37<0,"Ihre anfängliche Zuzahlung vor Steuer mtl.","Ihr anfänglicher Überschuss vor Steuer mtl.") -> Ihre anfängliche Zuzahlung vor Steuer mtl. | C37: =C35-C33 -> -474.1505
B39: Menü

Sheet Steuerbetrachtung
B2: Steuerliche Betrachtung Ihrer vermieteten Eigentumswohnung
B4: Einnahmen | D4: Monatlich | E4: Jährlich
B6: Miete kalt | D6: ='Eingabe Immodaten'!D11 -> 950 | E6: =D6*12 -> 11400
B8: Einnahmen gesamt | D8: =D6 -> 950 | E8: =E6 -> 11400
B10: Ausgaben
B12: Zinsen | D12: =E12/12 -> 896.2705 | E12: =Ergebnistabelle!P7+Ergebnistabelle!S7 -> 10755.246
B13: Verwaltung | D13: ='Eingabe Immodaten'!D13 -> 60 | E13: =D13*12 -> 720
B14: Instandhaltungsrücklage (sofern diese ausgegeben wurde) | D14: ='Eingabe Immodaten'!D12 -> 51.01 | E14: =D14*12 -> 612.12
B15: Renovierungskosten (sofort absetzbar) | D15: =E15/12 -> 0 | E15: ='Eingabe Immodaten'!C9 -> 0
B17: Ausgaben gesamt | D17: =SUM(D12:D15) -> 1007.2805 | E17: =SUM(E12:E15) -> 12087.366
B19: Basis der Absetzung für Abnutzung (Afa)
B21: Absetzung für Abnutzung Gebäudeanteil | E21: ='Eingabe Immodaten'!C5-'Eingabe Immodaten'!C6-'Eingabe Immodaten'!C7 -> 200097.6
B22: Absetzung für Abnutzung Nebenkosten | E22: ='Eingabe Immodaten'!H14-E21 -> 15007.32
B23: Basis Absetzung für Abnutzung Bestand gesamt | E23: ='Eingabe Immodaten'!H14 -> 215104.92
B24: Basis Absetzung für Abnutzung Sanierung | E24: ='Eingabe Immodaten'!H16 -> 0
B26: Gesamtsumme der Basis für Absetzung für Abnutzung | E26: =E23+E24 -> 215104.92
B28: Berechnung der Absetzung für Abnutzung (Afa)
B30: Afa Bestand | C30: ='Eingabe Immodaten'!H15/100 -> 0.035 | D30: =E30/12 -> 627.38935 | E30: =E23*'Eingabe Immodaten'!H15/100 -> 7528.6722
B31: Afa Sanierung | C31: 0.09 | D31: =E31/12 -> 0 | E31: =E24*C31 -> 0
B33: Absetzung für Abnutzung gesamt | D33: =E33/12 -> 627.38935 | E33: =SUM(E30:E32) -> 7528.6722
B35: =IF(E37<0,"Berechnung steuerlicher Verlust laut Grenzsteuersatz","Berechnung steuerlicher Gewinn laut Grenzsteuersatz") -> Berechnung steuerlicher Verlust laut Grenzsteuersatz
B37: =IF(E37<0,"Anzusetzender Verlust","Anzusetzender Gewinn") -> Anzusetzender Verlust | D37: =E37/12 -> -684.66985 | E37: =E8-E17-E33 -> -8216.0382
B39: =IF(E37<0,"Steuererstattung","Steuerzahlung") -> Steuererstattung | D39: =E39/12 -> -267.02124 | E39: =E37*'Eingabe Immodaten'!H19 -> -3204.2549
B41: Menü
B43: Diese Berechnung ersetzt in keinem Fall eine Steuerliche Beratung durch einen Steuerberater. Der Ersteller dieser Berechnung ist kein Steuerberater und darf in keinem Fall steuerlich beraten.

Sheet Steuertabelle
A2: Zu versteuerndes Einkommen | B2: Grenzsteuersatz ledig | C2: Grenzsteuersatz verheiratet
A3: 0-12.000 € | B3: 0 | C3: 0
A4: 15000 | B4: 0.19 | C4: 0
A5: 20000 | B5: 0.25 | C5: 0
A6: 25000 | B6: 0.27 | C6: 0.15
A7: 30000 | B7: 0.28 | C7: 0.19
A8: 35000 | B8: 0.3 | C8: 0.24
A9: 40000 | B9: 0.32 | C9: 0.25
A10: 45000 | B10: 0.34 | C10: 0.26
A11: 50000 | B11: 0.35 | C11: 0.27
A12: 55000 | B12: 0.37 | C12: 0.28
A13: 60000 | B13: 0.39 | C13: 0.28
A14: 65000 | B14: 0.41 | C14: 0.29
A15: 70000 | B15: 0.42 | C15: 0.3
... A31: 280000 | B31: 0.45 | C31: 0.42
B33: Menü

Sheet Inflationstabelle
B2: Inflationstabelle
B4: 100.000 € sind nach 25 Jahren bei 3% Inflation
B5: nur noch 46.700 € wert! (100.000 x 0,467 = 46.700 €)
C7: Inflation in %
B8: Jahre | C8: 1 | D8: 1.5 | E8: 2 | F8: 2.5 | G8: 3 | H8: 3.5 | I8: 4 | J8: 5 | K8: 6 | L8: 7 | M8: 8 | N8: 9 | O8: 10
B9: 1 | C9: 0.99 | D9: 0.985 | E9: 0.98 | F9: 0.975 | G9: 0.97 | H9: 0.965 | I9: 0.96 | J9: 0.95 | K9: 0.94 | L9: 0.93 | M9: 0.92 | N9: 0.91 | O9: 0.9
B10: 2 | C10: 0.98 | D10: 0.97 | E10: 0.96 | F10: 0.951 | G10: 0.941 | H10: 0.931 | I10: 0.922 | J10: 0.903 | K10: 0.844 | L10: 0.865 | M10: 0.846 | N10: 0.828 | O10: 0.81
B11: 3 | C11: 0.97 | D11: 0.956 | E11: 0.941 | F11: 0.927 | G11: 0.913 | H11: 0.899 | I11: 0.885 | J11: 0.857 | K11: 0.831 | L11: 0.804 | M11: 0.779 | N11: 0.754 | O11: 0.729
B12: 4 | C12: 0.961 | D12: 0.941 | E12: 0.922 | F12: 0.904 | G12: 0.885 | H12: 0.867 | I12: 0.849 | J12: 0.815 | K12: 0.781 | L12: 0.748 | M12: 0.716 | N12: 0.686 | O12: 0.656
B13: 5 | C13: 0.951 | D13: 0.927 | E13: 0.904 | F13: 0.881 | G13: 0.859 | H13: 0.837 | I13: 0.815 | J13: 0.774 | K13: 0.734 | L13: 0.696 | M13: 0.659 | N13: 0.624 | O13: 0.59
B14: 6 | C14: 0.941 | D14: 0.913 | E14: 0.886 | F14: 0.859 | G14: 0.833 | H14: 0.808 | I14: 0.783 | J14: 0.735 | K14: 0.69 | L14: 0.647 | M14: 0.606 | N14: 0.568 | O14: 0.531
B15: 7 | C15: 0.932 | D15: 0.9 | E15: 0.868 | F15: 0.838 | G15: 0.808 | H15: 0.779 | I15: 0.751 | J15: 0.698 | K15: 0.648 | L15: 0.602 | M15: 0.558 | N15: 0.517 | O15: 0.478
B16: 8 | C16: 0.923 | D16: 0.886 | E16: 0.851 | F16: 0.817 | G16: 0.784 | H16: 0.752 | I16: 0.721 | J16: 0.663 | K16: 0.61 | L16: 0.56 | M16: 0.513 | N16: 0.47 | O16: 0.43
B17: 9 | C17: 0.914 | D17: 0.873 | E17: 0.834 | F17: 0.796 | G17: 0.76 | H17: 0.726 | I17: 0.693 | J17: 0.63 | K17: 0.573 | L17: 0.52 | M17: 0.472 | N17: 0.428 | O17: 0.387
B18: 10 | C18: 0.904 | D18: 0.86 | E18: 0.817 | F18: 0.776 | G18: 0.737 | H18: 0.7 | I18: 0.665 | J18: 0.599 | K18: 0.539 | L18: 0.484 | M18: 0.434 | N18: 0.389 | O18: 0.349
B19: 11 | C19: 0.895 | D19: 0.847 | E19: 0.801 | F19: 0.757 | G19: 0.715 | H19: 0.676 | I19: 0.638 | J19: 0.569 | K19: 0.506 | L19: 0.45 | M19: 0.4 | N19: 0.354 | O19: 0.314
B20: 12 | C20: 0.886 | D20: 0.834 | E20: 0.785 | F20: 0.738 | G20: 0.694 | H20: 0.652 | I20: 0.613 | J20: 0.54 | K20: 0.476 | L20: 0.419 | M20: 0.368 | N20: 0.322 | O20: 0.282
... B48: 40 | C48: 0.669 | D48: 0.546 | E48: 0.446 | F48: 0.363 | G48: 0.296 | H48: 0.24 | I48: 0.195 | J48: 0.129 | K48: 0.084 | L48: 0.055 | M48: 0.036 | N48: 0.023 | O48: 0.015
B49: 41 | C49: =C48*0.99 -> 0.66231 | D49: =D48*0.985 -> 0.53781 | E49: =E48*0.98 -> 0.43708 | F49: =F48*0.975 -> 0.353925 | G49: =G48*0.97 -> 0.28712 | H49: =H48*0.965 -> 0.2316 | I49: =I48*0.96 -> 0.1872 | J49: =J48*0.95 -> 0.12255 | K49: =K48*0.94 -> 0.07896 | L49: =L48*0.93 -> 0.05115 | M49: =M48*0.92 -> 0.03312 | N49: =N48*0.91 -> 0.02093 | O49: =O48*0.9 -> 0.0135
B50: 42 | C50: =C49*0.99 -> 0.6556869 | D50: =D49*0.985 -> 0.52974285 | E50: =E49*0.98 -> 0.4283384 | F50: =F49*0.975 -> 0.34507688 | G50: =G49*0.97 -> 0.2785064 | H50: =H49*0.965 -> 0.223494 | I50: =I49*0.96 -> 0.179712 | J50: =J49*0.95 -> 0.1164225 | K50: =K49*0.94 -> 0.0742224 | L50: =L49*0.93 -> 0.0475695 | M50: =M49*0.92 -> 0.0304704 | N50: =N49*0.91 -> 0.0190463 | O50: =O49*0.9 -> 0.01215
B51: 43 | C51: =C50*0.99 -> 0.64913003 | D51: =D50*0.985 -> 0.52179671 | E51: =E50*0.98 -> 0.41977163 | F51: =F50*0.975 -> 0.33644995 | G51: =G50*0.97 -> 0.27015121 | H51: =H50*0.965 -> 0.21567171 | I51: =I50*0.96 -> 0.17252352 | J51: =J50*0.95 -> 0.11060137 | K51: =K50*0.94 -> 0.069769056 | L51: =L50*0.93 -> 0.044239635 | M51: =M50*0.92 -> 0.028032768 | N51: =N50*0.91 -> 0.017332133 | O51: =O50*0.9 -> 0.010935
B52: 44 | C52: =C51*0.99 -> 0.64263873 | D52: =D51*0.985 -> 0.51396976 | E52: =E51*0.98 -> 0.4113762 | F52: =F51*0.975 -> 0.3280387 | G52: =G51*0.97 -> 0.26204667 | H52: =H51*0.965 -> 0.2081232 | I52: =I51*0.96 -> 0.16562258 | J52: =J51*0.95 -> 0.10507131 | K52: =K51*0.94 -> 0.065582913 | L52: =L51*0.93 -> 0.041142861 | M52: =M51*0.92 -> 0.025790147 | N52: =N51*0.91 -> 0.015772241 | O52: =O51*0.9 -> 0.0098415
B53: 45 | C53: =C52*0.99 -> 0.63621234 | D53: =D52*0.985 -> 0.50626021 | E53: =E52*0.98 -> 0.40314868 | F53: =F52*0.975 -> 0.31983774 | G53: =G52*0.97 -> 0.25418527 | H53: =H52*0.965 -> 0.20083889 | I53: =I52*0.96 -> 0.15899768 | J53: =J52*0.95 -> 0.099817741 | K53: =K52*0.94 -> 0.061647938 | L53: =L52*0.93 -> 0.03826286 | M53: =M52*0.92 -> 0.023726935 | N53: =N52*0.91 -> 0.014352739 | O53: =O52*0.9 -> 0.00885735
B54: 46 | C54: =C53*0.99 -> 0.62985022 | D54: =D53*0.985 -> 0.49866631 | E54: =E53*0.98 -> 0.3950857 | F54: =F53*0.975 -> 0.31184179 | G54: =G53*0.97 -> 0.24655971 | H54: =H53*0.965 -> 0.19380953 | I54: =I53*0.96 -> 0.15263777 | J54: =J53*0.95 -> 0.094826854 | K54: =K53*0.94 -> 0.057949062 | L54: =L53*0.93 -> 0.03558446 | M54: =M53*0.92 -> 0.02182878 | N54: =N53*0.91 -> 0.013060993 | O54: =O53*0.9 -> 0.007971615
B55: 47 | C55: =C54*0.99 -> 0.62355172 | D55: =D54*0.985 -> 0.49118631 | E55: =E54*0.98 -> 0.38718399 | F55: =F54*0.975 -> 0.30404575 | G55: =G54*0.97 -> 0.23916292 | H55: =H54*0.965 -> 0.18702619 | I55: =I54*0.96 -> 0.14653226 | J55: =J54*0.95 -> 0.090085511 | K55: =K54*0.94 -> 0.054472118 | L55: =L54*0.93 -> 0.033093548 | M55: =M54*0.92 -> 0.020082478 | N55: =N54*0.91 -> 0.011885503 | O55: =O54*0.9 -> 0.0071744535
B56: 48 | C56: =C55*0.99 -> 0.6173162 | D56: =D55*0.985 -> 0.48381852 | E56: =E55*0.98 -> 0.37944031 | F56: =F55*0.975 -> 0.2964446 | G56: =G55*0.97 -> 0.23198803 | H56: =H55*0.965 -> 0.18048028 | I56: =I55*0.96 -> 0.14067097 | J56: =J55*0.95 -> 0.085581236 | K56: =K55*0.94 -> 0.051203791 | L56: =L55*0.93 -> 0.030777 | M56: =M55*0.92 -> 0.018475879 | N56: =N55*0.91 -> 0.010815808 | O56: =O55*0.9 -> 0.0064570082
B57: 49 | C57: =C56*0.99 -> 0.61114304 | D57: =D56*0.985 -> 0.47656124 | E57: =E56*0.98 -> 0.3718515 | F57: =F56*0.975 -> 0.28903349 | G57: =G56*0.97 -> 0.22502839 | H57: =H56*0.965 -> 0.17416347 | I57: =I56*0.96 -> 0.13504413 | J57: =J56*0.95 -> 0.081302174 | K57: =K56*0.94 -> 0.048131563 | L57: =L56*0.93 -> 0.02862261 | M57: =M56*0.92 -> 0.016997809 | N57: =N56*0.91 -> 0.0098423854 | O57: =O56*0.9 -> 0.0058113073
B58: 50 | C58: =C57*0.99 -> 0.60503161 | D58: =D57*0.985 -> 0.46941282 | E58: =E57*0.98 -> 0.36441447 | F58: =F57*0.975 -> 0.28180765 | G58: =G57*0.97 -> 0.21827754 | H58: =H57*0.965 -> 0.16806775 | I58: =I57*0.96 -> 0.12964236 | J58: =J57*0.95 -> 0.077237065 | K58: =K57*0.94 -> 0.04524367 | L58: =L57*0.93 -> 0.026619027 | M58: =M57*0.92 -> 0.015637984 | N58: =N57*0.91 -> 0.0089565707 | O58: =O57*0.9 -> 0.0052301766
H61: Menü

Sheet Einstellungen
A1: Personen | B1: LHK Pauschalen | D1: Kinder | E1: LHK Pauschalen | G1: Autos | H1: Auto Pauschalen | J1: Alter des Kunden | K1: Tilgung bis 67 | M1: Aktueller Zins | O1: Beitrag KV auf Rente (50%) | Q1: Beitrag PV auf Rente | S1: Steuersatz Kapitalerträge | U1: Freibetrag Kapitalerträge ledig pro Jahr | W1: Freibetrag Kapitalerträge verheiratet pro Jahr
A2: 1 | B2: 1450 | D2: 0 | E2: 0 | G2: 0 | H2: 0 | J2: 20-30 | K2: 2 | M2: 0.5 | O2: 0.073 | Q2: 0.0305 | S2: 0.26375 | U2: 1000 | W2: 2000
A3: 2 | B3: 1800 | D3: 1 | E3: 80 | G3: 1 | H3: 0 | J3: 31-35 | K3: 2.5 | M3: 1
D4: 2 | E4: 160 | G4: 2 | H4: 0 | J4: 36-40 | K4: 3 | M4: 1.5
D5: 3 | E5: 240 | J5: 41-45 | K5: 3.5 | M5: 2
D6: 4 | E6: 320 | J6: 46-50 | K6: 4.5 | M6: 2.5
D7: 5 | E7: 400 | J7: 51-55 | K7: 5.5 | M7: 3
J8: 56-60 | K8: 8 | M8: 3.5
M9: 4
M10: 4.5
M11: 5
M12: 5.5
M13: 6
M14: 6.5
M15: 7
M16: 7.5
H19: Menü
